Workbook
Name _1: '0100'!$A$11
Name _1: '0571'!$A$11
Name _1: '1461'!$A$11
Name _1: '1571'!$A$11
Name _1: '2521'!$A$11
Name _1: '2531'!$A$11
Name _1: '2791'!$A$11
Name _1: '2801'!$A$11
Name _1: '2911'!$A$11
Name _1: '2941'!$A$11
Name _1: '3083'!$A$11
Name _1: '3345'!$A$11
Name _1: '3362'!$A$11
Name _1: '3381'!$A$11
Name _1: '3382'!$A$11
Name _1: '3391'!$A$11
Name _1: '3394'!$A$11
Name _1: '3395'!$A$11
Name _1: '3396'!$A$11
Name _1: '3398'!$A$11
Name _1: '3400'!$A$11
Name _1: '3401'!$A$11
Name _1: '3413'!$A$11
Name _1: '3421'!$A$11
Name _1: '3431'!$A$11
Name _1: '3441'!$A$11
Name _1: '3924'!$A$11
Name _1: '3941'!$A$11
Name _1: '3961'!$A$11
Name _1: '3971'!$A$11
Name _1: '4001'!$A$11
Name _1: '4002'!$A$11
Name _1: '4012'!$A$11
Name _1: '4013'!$A$11
Name _1: '4020'!$A$11
Name _1: '4030'!$A$11
Name _1: '4031'!$A$11
Name _1: '4041'!$A$11
Name _1: '4050'!$A$11
Name _1: '4051'!$A$11
Name _1: '4061'!$A$11
Name _1: '4080'!$A$11
Name _1: '4081'!$A$11
Name _1: '4090'!$A$11
Name _1: '4091'!$A$11
Name _1: '4100'!$A$11
Name _1: '4102'!$A$11
Name _1: '4103'!$A$11
Name _1: '4111'!$A$11
Name _1: '4131'!$A$11
Name _1: '4141'!$A$11
Name _1: '0040'!$A$11
Name _1.__2009_10_FEFP_State_and_Local_Funding: '0100'!$A$5
Name _1.__2009_10_FEFP_State_and_Local_Funding: '0571'!$A$5
Name _1.__2009_10_FEFP_State_and_Local_Funding: '1461'!$A$5
Name _1.__2009_10_FEFP_State_and_Local_Funding: '1571'!$A$5
Name _1.__2009_10_FEFP_State_and_Local_Funding: '2521'!$A$5
Name _1.__2009_10_FEFP_State_and_Local_Funding: '2531'!$A$5
Name _1.__2009_10_FEFP_State_and_Local_Funding: '2791'!$A$5
Name _1.__2009_10_FEFP_State_and_Local_Funding: '2801'!$A$5

Sheet Surveys
C3: Survey 2 | G3: Survey 3 | K3: Final
C4: FLDOE Report | D4: ESE Guar | E4: Transp | G4: FLDOE Report | H4: ESE Guar | I4: Transp | K4: Final Calculation
A7: FY 2016
A8: Release date | C8: 42342 | G8: 42459 | K8: 42629
A9: 1st month used | C9: 42339 | G9: 42491 | K9: 42675
A12: FY 2017
A13: Release date | C13: 42702 | G13: 42817 | K13: 42997
A14: 1st month used | C14: 42705 | G14: 42826 | K14: 43040
A17: FY 2018
A18: Release date | C18: 43046 | G18: 43218 | K18: 43343
A19: Received | K19: 43647
A20: 1st month used | C20: 43070 | G20: 43221 | K20: 43708
C21: Preliminary
A23: Release date | C23: 43102 | G23: --- | K23: ---
A24: 1st month used | C24: 43132 | G24: --- | K24: ---
C25: Final | G25: --- | K25: ---
A28: FY 2019
A29: Release date | C29: 43468 | D29: --- | G29: 43538 | H29: --- | K29: 43713
A30: Received | C30: 43476 | G30: 43595 | H30: 43726 | I30: 43648 | K30: 43773
A31: 1st month used | C31: 43497 | D31: 43525 | G31: 43617 | H31: 43770 | I31: 43656 | K31: 43770
H32: SR-0067373 | I32: SR-0067374
A34: FY 2020
A35: Release/Requested date | C35: 43775
A36: Received | C36: 43788
A37: 1st month used | C37: 43830
C38: Preliminary
A40: Release/Requested date | C40: 43833 | D40: 43853 | E40: 43853 | G40: 43895 | H40: 43906 | I40: 43906 | K40: 44028
A41: Received | C41: 43859 | D41: 43858 | E41: 43858 | G41: 43906 | H41: 43950 | I41: 43950 | K41: 44075
A42: 1st month used | C42: 43889 | D42: 43889 | E42: 43889 | G42: 43951 | H42: 43982 | I42: 43982 | K42: 44166
A43: Service Request # | C43: Final | D43: SR-0085635 | E43: SR0085639 | H43: SR-0089096 | I43: SR-0089100
A46: FY 2021
A48: Release/Requested date | C48: 44147 | D48: 44314 | E48: 44314 | G48: 44307 | H48: 44314 | I48: 44314 | K48: 44875
A49: Received | C49: 44151 | D49: 44316 | E49: 44316 | G49: 44314 | H49: 44319 | I49: 44319 | K49: 44565
A50: 1st month used | C50: 44317 | D50: 44347 | E50: 44347 | G50: 44347 | H50: 44347 | I50: 44347 | K50: 44613
A51: Service Request # | D51: SR-0125077 | E51: SR-0125081 | H51: SR-0125054 | I51: SR-0125055
A54: FY 2022
A56: Release/Requested date | C56: 44518 | D56: 01/07/2022, 08:49:15 | E56: 01/07/2022, 09:18:46 | G56: 44630 | H56: 05/03/2022, 12:14:36 | I56: 05/03/2022, 12:16:24 | K56: 44834
A57: Received | C57: 44565 | D57: 44580 | E57: 44580 | G57: 44684 | H57: 44691 | I57: 44691 | K57: 44893
A58: 1st month used | C58: 44562 | D58: 44620 | E58: 44620 | G58: 44712 | H58: 44742 | I58: 44742 | K58: 44926
A59: Service Request # | C59: --- | D59: SR-0156328 | E59: SR-0125081 | G59: --- | H59: SR-0171396 | I59: SR-0171397 | K59: ---
C60: Preliminary
A62: Release date | C62: 44574
A63: Received | C63: 44579
A64: 1st month used | C64: 44620
C65: Final
A67: FY 2023
A69: Release/Requested date | C69: 44874 | D69: 12/20/22, 09:31:04 | E69: 12/20/22, 09:37:14 | G69: 45008 | H69: 04/06/23, 07:25:38 | I69: 04/06/23, 07:27:58 | K69: 45199
A70: Received | C70: 44896 | D70: 44938 | E70: 44938 | G70: 45020 | H70: 45027 | I70: 45027 | K70: 45258
A71: 1st month used | C71: 44957 | D71: 44980 | E71: 44980 | G71: 45039 | H71: 45077 | I71: 45077 | K71: 45261
A72: Service Request # | C72: --- | D72: SR-0199712 | E72: SR-0199714 | G72: --- | H72: SR-0210986 | I72: SR-0210987
A75: FY 2024
A77: Release/Requested date | C77: 45239 | D77: 45295 | E77: 45295 | G77: Monday, 03/11/24 | H77: 45384 | I77: 45384 | K77: 45586
A78: Received | C78: 45261 | D78: 45302 | E78: 45302 | G78: Tue, 04/02/24 | H78: 45435 | I78: 45435 | K78: 45589
A79: 1st month used | C79: 45292 | D79: Feb 2026 | E79: Feb 2026 | G79: Apr 2024 | H79: June 2024 | I79: June 2024 | K79: 45597
A80: Service Request # | C80: --- | D80: SR-0243113 | E80: SR-0243112 | G80: --- | H80: SR-0251464 | I80: SR-0251467
A83: FY 2025
A85: Release/Requested date | C85: 45602 | D85: Friday, 01/04/25 | E85: Friday, 01/04/25 | G85: Not Received | H85: Not Received | I85: Thursday, 07/31/25 | K85: Tues, 09/30/2025
A86: Received | C86: 45614 | D86: 45674 | E86: 45674 | I86: 45866 | K86: 45932
A87: 1st month used | C87: December | D87: February | E87: February | I87: 45870 | K87: 46001
A88: Service Request # | C88: --- | D88: SR-0283904 | E88: SR-0284903 | I88: NA | K88: NA
A91: FY 2026
A93: Release/Requested date | C93: 46019 | D93: 46019 | E93: 46019 | G93: 46141
A94: Received | C94: 46019 | D94: 46019 | E94: 46019 | G94: 46142
A95: 1st month used | C95: 46063 | D95: 46063 | E95: 46063 | G95: 46152
A96: Service Request #

Sheet Net Payment
B1: May 2026 - FY 2026 Charter School FTE Payment
B2: =Based_on_the_Second_Calculation_of_the_FEFP_2010_11 -> Based on the 2025-26 Third Calculation Worksheet
B4: School # | C4: School Name | D4: Description | E4: FTE | F4: Adjustments | G4: Net | I4: NOTES TO ALL CHARTER SCHOOLS
A5: 1 | B5: 0040 | C5: Palm Beach Preparatory Middle School | D5: FTE Jul 2026 | E5: ='0040'!$J$124 -> 17938 | G5: =SUBTOTAL(109,E5:F7) -> 17938
D6: PY Final FEFP
I7: Please go to the bottom of the page.
A8: 2 | B8: 0571 | C8: Palmetto Park | D8: =D5 -> FTE Jul 2026 | E8: ='0571'!$J$124 -> 97114.58 | G8: =SUBTOTAL(109,E8:F8) -> 97114.58
A10: 3 | B10: 0100 | C10: The Learning Center High School | D10: =D5 -> FTE Jul 2026 | E10: ='0100'!$J$124 -> 74347.16 | G10: =SUBTOTAL(109,E10:F12) -> 74347.16
D11: PY Final FEFP
A14: 4 | B14: 1461 | C14: Inlet Grove Community High School | D14: =D5 -> FTE Jul 2026 | E14: ='1461'!$J$124 -> 659118.96 | G14: =SUBTOTAL(109,E14:F55) -> 544693.51
D15: PY Final FEFP | I15: Please go to the bottom of the page.
D16: Sep Teacher Supplies Retract
D17: PY Digital C/R
D18: PY Dig C/R A/R
D19: PY Class Size Cat.
D20: Class Size Cat.
D21: Transportation | F21: -97617.78
D22: School Police | F22: -14222.22
D23: AT&T | F23: -264.72
D24: Avaya Maintenance | F24: -94.48
D25: LAN & Internet | F25: -90
C26: Ends June 2022 | D26: SWA Fees
D27: FY21 TSIA
D30: WPB-248085
D31: WPB-248086
D32: WPB-248087
D33: WPB-249234
D36: WPB-297918
D37: WPB-303998
D39: WPB-303276
D40: WPB-310033
D41: WPB-310034
D42: WPB-310035
D43: WPB-310036
... D50: WPB-310490
D51: WPB-318690 | F51: -2098.75
D52: WPB-319721 | F52: -37.5
D55: WPB-3
A56: =1+A14 -> 5 | B56: 1571 | C56: South Tech Charter Academy | D56: =$D$14 -> FTE Jul 2026 | E56: ='1571'!$J$124 -> 999703.09 | G56: =SUBTOTAL(109,E56:F73) -> 985014.31
D57: PY Final FEFP
D58: Sep Teacher Supplies Retract
D59: FY21 CSTAG Training
D60: PY Digital C/R | L60: 44630
D61: PY Dig C/R A/R | L61: =L60-60 -> 44570
D62: PY Class Size Cat.
D63: Class Size Cat.
D64: School Police | F64: -14222.22
D65: AT&T | F65: -282.08
D66: Avaya Maintenance | F66: -94.48
D67: LAN & Internet | F67: -90
D68: FEFP Adj
D69: WPB-317121
D70: WPB-317122
D71: WPB-
D72: WPB-
D73: WPB-
A74: =1+A56 -> 6 | B74: 2521 | C74: Ed Venture | D74: =$D$14 -> FTE Jul 2026 | E74: ='2521'!$J$124 -> 111205.53 | G74: =SUBTOTAL(109,E74:F80) -> 111205.53
D75: PY Final FEFP
D76: PY Digital C/R
D77: PY Dig C/R A/R
D78: PY Class Size Cat.
D79: Class Size Cat.
D80: WPB-
A81: =1+A74 -> 7 | B81: 2531 | C81: Bodwell Academy | D81: =$D$14 -> FTE Jul 2026 | E81: ='2531'!$J$124 -> 121397.44 | G81: =SUBTOTAL(109,E81:F92) -> 121397.44
D82: PY Final FEFP
D83: PY Final FEFP
D84: Unused FY21 TSIA Funds
D85: FY21 CSTAG Training
D86: PY Digital C/R
D87: PY Dig C/R A/R
D88: PY Class Size Cat.
D89: Class Size Cat.
D90: FL AG - FY18
D91: FY21 TSIA
D92: WPB-
A93: =1+A81 -> 8 | B93: 2791 | C93: The Learning Center at The Els Center of Excellence | D93: =$D$14 -> FTE Jul 2026 | E93: ='2791'!$J$124 -> 491302.44 | G93: =SUBTOTAL(109,E93:F100) -> 491302.44
D94: PY Final FEFP
D95: Sep Teacher Supplies Retract
D96: PY Digital C/R
D97: PY Dig C/R A/R
D99: Class Size Cat.
D100: WPB-
A101: =A93+1 -> 9 | B101: 2801 | C101: Palm Beach Maritime Academy Elementary | D101: =$D$14 -> FTE Jul 2026 | E101: ='2801'!$J$124 -> 425374.59 | G101: =SUBTOTAL(109,E101:F110) -> 425374.59
D102: PY Final FEFP
D103: Sep Teacher Supplies Retract
D104: PY Digital C/R
D105: PY Safe Schl Alloc
D106: PY Class Size Cat.
D107: Class Size Cat.
D108: MS Course Recovery
D109: FL AG - FY18
D110: WPB-255421
A111: =A101+1 -> 10 | B111: 2911 | C111: Western Academy Charter School | D111: =$D$14 -> FTE Jul 2026 | E111: ='2911'!$J$124 -> 585021.03 | G111: =SUBTOTAL(109,E111:F121) -> 585021.03
D112: PY Final FEFP
D113: FY21 CSTAG Training
D114: PY Digital C/R
D115: PY Dig C/R A/R
D116: PY Class Size Cat.
D117: Class Size Cat.
D118: MS Course Recovery
...

Sheet Annual Rev & Fees
E4: 0.75 | F4: Admin | G4: Fee % | I4: Annual | M4: Current | Q4: Sec 1 Rev/Fee per FTE | U4: Net Rev Per Sec 1 FTE
D5: H/P | E5: ESE | F5: Fee % | G5: W/O TSIA | I5: Revenue | J5: Rev - TSIA | K5: Admin Fee | L5: Net Revenue | M5: Mth's Pmt | O5: Sec 1 FTE | Q5: Rev | R5: Fee | S5: Net Rev | U5: H/P | V5: 75% ESE | W5: Other
A6: 1 | B6: 0040 | C6: Palm Beach Preparatory Middle School | D6: 0 | F6: =-K6/I6 -> 0.046729286 | G6: =-K6/J6 -> 0.050000009 | I6: ='0040'!$J$107 -> 225807.86 | J6: ='0040'!$J$109 -> 211036.76 | K6: ='0040'!$J$114 -> -10551.84 | L6: ='0040'!$J$116 -> 215256.02 | M6: ='0040'!$J$124 -> 17938 | O6: {='0040'!E28:F28} -> 23.81 | P6: 0 | Q6: =I6/O6 -> 9483.7404 | R6: =K6/O6 -> -443.16842 | S6: =L6/O6 -> 9040.572 | U6: =IF(D6="H",S6,0) -> 0 | V6: =ROUND(IF(E6=1,S6,0),2) -> 0 | W6: =IF(AND(U6=0,V6=0),S6,) -> 9040.572
A7: 2 | B7: 0571 | C7: Palmetto Park | F7: =-K7/I7 -> 0.049170628 | G7: =-K7/J7 -> 0.049999997 | I7: ='0571'!$J$107 -> 1225640.4 | J7: ='0571'!$J$109 -> 1205310.3 | K7: ='0571'!$J$114 -> -60265.51 | L7: ='0571'!$J$116 -> 1165374.9 | M7: ='0571'!$J$124 -> 97114.58 | O7: {='0571'!E28:F28} -> 125.54 | P7: 0 | Q7: =I7/O7 -> 9762.9475 | R7: =K7/O7 -> -480.05026 | S7: =L7/O7 -> 9282.8972 | U7: =IF(D7="H",S7,0) -> 0 | V7: =ROUND(IF(E7=1,S7,0),2) -> 0 | W7: =IF(AND(U7=0,V7=0),S7,) -> 9282.8972
A8: 3 | B8: 0100 | C8: The Learning Center Highschool | D8: 0 | E8: 1 | F8: =-K8/I8 -> 0.011377198 | G8: =-K8/J8 -> 0.011553989 | I8: ='0100'!$J$107 -> 902433.13 | J8: ='0100'!$J$109 -> 888624.72 | K8: ='0100'!$J$114 -> -10267.16 | L8: ='0100'!$J$116 -> 892165.97 | M8: ='0100'!$J$124 -> 74347.16 | O8: {='0100'!E28:F28} -> 27 | P8: 0 | Q8: =I8/O8 -> 33423.449 | R8: =K8/O8 -> -380.26519 | S8: =L8/O8 -> 33043.184 | U8: =IF(D8="H",S8,0) -> 0 | V8: =ROUND(IF(E8=1,S8,0),2) -> 33043.18 | W8: =IF(AND(U8=0,V8=0),S8,) -> 0
A9: 4 | B9: 1461 | C9: Inlet Grove Community High School | D9: H | F9: =-K9/I9 -> 0.0058237379 | G9: =-K9/J9 -> 0.0060362417 | I9: ='1461'!$J$107 -> 7955759.8 | J9: ='1461'!$J$109 -> 7675680.1 | K9: ='1461'!$J$114 -> -46332.26 | L9: ='1461'!$J$116 -> 7909427.5 | M9: ='1461'!$J$124 -> 659118.96 | O9: {='1461'!E28:F28} -> 828.33 | P9: 0 | Q9: =I9/O9 -> 9604.5776 | R9: =K9/O9 -> -55.934543 | S9: =L9/O9 -> 9548.6431 | U9: =IF(D9="H",S9,0) -> 9548.6431 | V9: =ROUND(IF(E9=1,S9,0),2) -> 0 | W9: =IF(AND(U9=0,V9=0),S9,) -> 0
A10: 5 | B10: 1571 | C10: South Tech Charter Academy | D10: H | F10: =-K10/I10 -> 0.0043842346 | G10: =-K10/J10 -> 0.0045525731 | I10: ='1571'!$J$107 -> 12049264 | J10: ='1571'!$J$109 -> 11603724 | K10: ='1571'!$J$114 -> -52826.8 | L10: ='1571'!$J$116 -> 11996437 | M10: ='1571'!$J$124 -> 999703.09 | O10: {='1571'!E28:F28} -> 1098.28 | P10: 0 | Q10: =I10/O10 -> 10971.031 | R10: =K10/O10 -> -48.099574 | S10: =L10/O10 -> 10922.931 | U10: =IF(D10="H",S10,0) -> 10922.931 | V10: =ROUND(IF(E10=1,S10,0),2) -> 0 | W10: =IF(AND(U10=0,V10=0),S10,) -> 0
A11: 6 | B11: 2521 | C11: Ed Venture | D11: 0 | E11: 1 | F11: =-K11/I11 -> 0.021250763 | G11: =-K11/J11 -> 0.02207618 | I11: ='2521'!$J$107 -> 1363440.4 | J11: ='2521'!$J$109 -> 1312462.1 | K11: ='2521'!$J$114 -> -28974.15 | L11: ='2521'!$J$116 -> 1334466.3 | M11: ='2521'!$J$124 -> 111205.53 | O11: {='2521'!E28:F28} -> 73.69 | P11: 0 | Q11: =I11/O11 -> 18502.381 | R11: =K11/O11 -> -393.18971 | S11: =L11/O11 -> 18109.191 | U11: =IF(D11="H",S11,0) -> 0 | V11: =ROUND(IF(E11=1,S11,0),2) -> 18109.19 | W11: =IF(AND(U11=0,V11=0),S11,) -> 0
A12: 7 | B12: 2531 | C12: Bodwell Academy | D12: 0 | E12: 1 | F12: =-K12/I12 -> 0.011356381 | G12: =-K12/J12 -> 0.011969305 | I12: ='2531'!$J$107 -> 1473502.9 | J12: ='2531'!$J$109 -> 1398047.8 | K12: ='2531'!$J$114 -> -16733.66 | L12: ='2531'!$J$116 -> 1456769.2 | M12: ='2531'!$J$124 -> 121397.44 | O12: {='2531'!E28:F28} -> 48.54 | P12: 0 | Q12: =I12/O12 -> 30356.467 | R12: =K12/O12 -> -344.7396 | S12: =L12/O12 -> 30011.727 | U12: =IF(D12="H",S12,0) -> 0 | V12: =ROUND(IF(E12=1,S12,0),2) -> 30011.73 | W12: =IF(AND(U12=0,V12=0),S12,) -> 0
A13: 8 | B13: 2791 | C13: The Learning Center @ The Els Center of Excl | D13: 0 | E13: 1 | F13: =-K13/I13 -> 0.0095067542 | G13: =-K13/J13 -> 0.0099720054 | I13: ='2791'!$J$107 -> 5952215.5 | J13: ='2791'!$J$109 -> 5674510.6 | K13: ='2791'!$J$114 -> -56586.25 | L13: ='2791'!$J$116 -> 5895629.3 | M13: ='2791'!$J$124 -> 491302.44 | O13: {='2791'!E28:F28} -> 173.06 | P13: 0 | Q13: =I13/O13 -> 34393.942 | R13: =K13/O13 -> -326.97475 | S13: =L13/O13 -> 34066.967 | U13: =IF(D13="H",S13,0) -> 0 | V13: =ROUND(IF(E13=1,S13,0),2) -> 34066.97 | W13: =IF(AND(U13=0,V13=0),S13,) -> 0
A14: 9 | B14: 2801 | C14: Palm Beach Maritime Academy Elementary | D14: 0 | F14: =-K14/I14 -> 0.02140984 | G14: =-K14/J14 -> 0.022507518 | I14: ='2801'!$J$107 -> 5216172.5 | J14: ='2801'!$J$109 -> 4961783 | K14: ='2801'!$J$114 -> -111677.42 | L14: ='2801'!$J$116 -> 5104495.1 | M14: ='2801'!$J$124 -> 425374.59 | O14: {='2801'!E28:F28} -> 555.37 | P14: 0 | Q14: =I14/O14 -> 9392.2475 | R14: =K14/O14 -> -201.08652 | S14: =L14/O14 -> 9191.161 | U14: =IF(D14="H",S14,0) -> 0 | V14: =ROUND(IF(E14=1,S14,0),2) -> 0 | W14: =IF(AND(U14=0,V14=0),S14,) -> 9191.161
A15: 10 | B15: 2911 | C15: Western Academy Charter School | D15: H | F15: =-K15/I15 -> 0.00614694 | G15: =-K15/J15 -> 0.0064174966 | I15: ='2911'!$J$107 -> 7063672.4 | J15: ='2911'!$J$109 -> 6765873.5 | K15: ='2911'!$J$114 -> -43419.97 | L15: ='2911'!$J$116 -> 7020252.4 | M15: ='2911'!$J$124 -> 585021.03 | O15: {='2911'!E28:F28} -> 779.12 | P15: 0 | Q15: =I15/O15 -> 9066.2188 | R15: =K15/O15 -> -55.729503 | S15: =L15/O15 -> 9010.4893 | U15: =IF(D15="H",S15,0) -> 9010.4893 | V15: =ROUND(IF(E15=1,S15,0),2) -> 0 | W15: =IF(AND(U15=0,V15=0),S15,) -> 0
A16: 11 | B16: 2941 | C16: Palm Beach School for Autism | D16: 0 | E16: 1 | F16: =-K16/I16 -> 0.0075729122 | G16: =-K16/J16 -> 0.0079262509 | I16: ='2941'!$J$107 -> 11245703 | J16: ='2941'!$J$109 -> 10744389 | K16: ='2941'!$J$114 -> -85162.72 | L16: ='2941'!$J$116 -> 11160540 | M16: ='2941'!$J$124 -> 930045.01 | O16: {='2941'!E28:F28} -> 380.07 | P16: 0 | Q16: =I16/O16 -> 29588.504 | R16: =K16/O16 -> -224.07114 | S16: =L16/O16 -> 29364.433 | U16: =IF(D16="H",S16,0) -> 0 | V16: =ROUND(IF(E16=1,S16,0),2) -> 29364.43 | W16: =IF(AND(U16=0,V16=0),S16,) -> 0
A17: 12 | B17: 3083 | C17: The Learning Academy @ The Els Center of Excl | D17: 0 | E17: 1 | F17: =-K17/I17 -> 0.0085397228 | G17: =-K17/J17 -> 0.0089476086 | I17: ='3083'!$J$107 -> 6740032.6 | J17: ='3083'!$J$109 -> 6432781.4 | K17: ='3083'!$J$114 -> -57558.01 | L17: ='3083'!$J$116 -> 6682474.5 | M17: ='3083'!$J$124 -> 556872.88 | O17: {='3083'!E28:F28} -> 179.4 | P17: 0 | Q17: =I17/O17 -> 37569.858 | R17: =K17/O17 -> -320.83618 | S17: =L17/O17 -> 37249.022 | U17: =IF(D17="H",S17,0) -> 0 | V17: =ROUND(IF(E17=1,S17,0),2) -> 37249.02 | W17: =IF(AND(U17=0,V17=0),S17,) -> 0
A18: 13 | B18: 3345 | C18: Career Academy of the Palm Beaches | D18: 0 | E18: 1 | F18: =-K18/I18 -> 0.026866998 | G18: =-K18/J18 -> 0.027561877 | I18: ='3345'!$J$107 -> 1274674.2 | J18: ='3345'!$J$109 -> 1242537.6 | K18: ='3345'!$J$114 -> -34246.67 | L18: ='3345'!$J$116 -> 1240427.6 | M18: ='3345'!$J$124 -> 103368.96 | O18: {='3345'!E28:F28} -> 83 | P18: 0 | Q18: =I18/O18 -> 15357.521 | R18: =K18/O18 -> -412.61048 | S18: =L18/O18 -> 14944.91 | U18: =IF(D18="H",S18,0) -> 0 | V18: =ROUND(IF(E18=1,S18,0),2) -> 14944.91 | W18: =IF(AND(U18=0,V18=0),S18,) -> 0
A19: 14 | B19: 3362 | C19: Somerset Avenir | F19: =-K19/I19 -> 0.049529715 | G19: =-K19/J19 -> 0.049999998 | I19: ='3362'!$J$107 -> 1468095.3 | J19: ='3362'!$J$109 -> 1454286.9 | K19: ='3362'!$J$114 -> -72714.34 | L19: ='3362'!$J$116 -> 1395380.9 | M19: ='3362'!$J$124 -> 116281.74 | O19: {='3362'!E28:F28} -> 161.11 | P19: 0 | Q19: =I19/O19 -> 9112.3783 | R19: =K19/O19 -> -451.3335 | S19: =L19/O19 -> 8661.0448 | U19: =IF(D19="H",S19,0) -> 0 | V19: =ROUND(IF(E19=1,S19,0),2) -> 0 | W19: =IF(AND(U19=0,V19=0),S19,) -> 8661.0448
A20: 15 | B20: 3381 | C20: Imagine Schools - Chancellor Campus | D20: H | F20: =-K20/I20 -> 0.0045440036 | G20: =-K20/J20 -> 0.0047650357 | I20: ='3381'!$J$107 -> 9527103 | J20: ='3381'!$J$109 -> 9085176.5 | K20: ='3381'!$J$114 -> -43291.19 | L20: ='3381'!$J$116 -> 9483811.8 | M20: ='3381'!$J$124 -> 790317.65 | O20: {='3381'!E28:F28} -> 1049.31 | P20: 0 | Q20: =I20/O20 -> 9079.3979 | R20: =K20/O20 -> -41.256816 | S20: =L20/O20 -> 9038.1411 | U20: =IF(D20="H",S20,0) -> 9038.1411 | V20: =ROUND(IF(E20=1,S20,0),2) -> 0 | W20: =IF(AND(U20=0,V20=0),S20,) -> 0
A21: 16 | B21: 3382 | C21: Glades Academy | D21: 0 | F21: =-K21/I21 -> 0.045558378 | G21: =-K21/J21 -> 0.047748196 | I21: ='3382'!$J$107 -> 2498787.6 | J21: ='3382'!$J$109 -> 2384188.7 | K21: ='3382'!$J$114 -> -113840.71 | L21: ='3382'!$J$116 -> 2384946.9 | M21: ='3382'!$J$124 -> 198745.57 | O21: {='3382'!E28:F28} -> 261.79 | P21: 0 | Q21: =I21/O21 -> 9545.0078 | R21: =K21/O21 -> -434.85507 | S21: =L21/O21 -> 9110.1527 | U21: =IF(D21="H",S21,0) -> 0 | V21: =ROUND(IF(E21=1,S21,0),2) -> 0 | W21: =IF(AND(U21=0,V21=0),S21,) -> 9110.1527
A22: 17 | B22: 3391 | C22: Seagull Academy for Independent Living | D22: 0
A23: 18 | B23: 3394 | C23: Montessori Academy of Early Enrichment | D23: 0 | F23: =-K23/I23 -> 0.047605394 | G23: =-K23/J23 -> 0.050000001 | I23: ='3394'!$J$107 -> 1776433.4 | J23: ='3394'!$J$109 -> 1691356.2 | K23: ='3394'!$J$114 -> -84567.81 | L23: ='3394'!$J$116 -> 1691865.6 | M23: ='3394'!$J$124 -> 140988.8 | O23: {='3394'!E28:F28} -> 192.98 | P23: 0 | Q23: =I23/O23 -> 9205.2718 | R23: =K23/O23 -> -438.22059 | S23: =L23/O23 -> 8767.0512 | U23: =IF(D23="H",S23,0) -> 0 | V23: =ROUND(IF(E23=1,S23,0),2) -> 0 | W23: =IF(AND(U23=0,V23=0),S23,) -> 8767.0512
A24: 19 | B24: 3395 | C24: Somerset Academy Charter School | D24: 0 | F24: =-K24/I24 -> 0.022200569 | G24: =-K24/J24 -> 0.023267501 | I24: ='3395'!$J$107 -> 4821613.3 | J24: ='3395'!$J$109 -> 4600518.1 | K24: ='3395'!$J$114 -> -107042.56 | L24: ='3395'!$J$116 -> 4714570.8 | M24: ='3395'!$J$124 -> 392880.9 | O24: {='3395'!E28:F28} -> 537.23 | P24: 0 | Q24: =I24/O24 -> 8974.9518 | R24: =K24/O24 -> -199.24904 | S24: =L24/O24 -> 8775.7028 | U24: =IF(D24="H",S24,0) -> 0 | V24: =ROUND(IF(E24=1,S24,0),2) -> 0 | W24: =IF(AND(U24=0,V24=0),S24,) -> 8775.7028
A25: 20 | B25: 3396 | C25: G-Star School of the Arts | D25: H | F25: =-K25/I25 -> 0.0068222044 | G25: =-K25/J25 -> 0.0071231153 | I25: ='3396'!$J$107 -> 6659120.3 | J25: ='3396'!$J$109 -> 6377810.6 | K25: ='3396'!$J$114 -> -45429.88 | L25: ='3396'!$J$116 -> 6613690.4 | M25: ='3396'!$J$124 -> 551140.87 | O25: {='3396'!E28:F28} -> 701.94 | P25: 0 | Q25: =I25/O25 -> 9486.7372 | R25: =K25/O25 -> -64.72046 | S25: =L25/O25 -> 9422.0168 | U25: =IF(D25="H",S25,0) -> 9422.0168 | V25: =ROUND(IF(E25=1,S25,0),2) -> 0 | W25: =IF(AND(U25=0,V25=0),S25,) -> 0
A26: 21 | B26: 3398 | C26: Everglades Preparatory Academy | D26: 0 | F26: =-K26/I26 -> 0.047854702 | G26: =-K26/J26 -> 0.050000002 | I26: ='3398'!$J$107 -> 1038144 | J26: ='3398'!$J$109 -> 993601.36 | K26: ='3398'!$J$114 -> -49680.07 | L26: ='3398'!$J$116 -> 988463.89 | M26: ='3398'!$J$124 -> 82371.99 | O26: {='3398'!E28:F28} -> 101.9 | P26: 0 | Q26: =I26/O26 -> 10187.87 | R26: =K26/O26 -> -487.53749 | S26: =L26/O26 -> 9700.3326 | U26: =IF(D26="H",S26,0) -> 0 | V26: =ROUND(IF(E26=1,S26,0),2) -> 0 | W26: =IF(AND(U26=0,V26=0),S26,) -> 9700.3326
A27: 22 | B27: 3400 | C27: Believers Academy | D27: 0 | E27: 1 | F27: =-K27/I27 -> 0.026900066 | G27: =-K27/J27 -> 0.027673021 | I27: ='3400'!$J$107 -> 1340071.5 | J27: ='3400'!$J$109 -> 1302641 | K27: ='3400'!$J$114 -> -36048.01 | L27: ='3400'!$J$116 -> 1304023.4 | M27: ='3400'!$J$124 -> 108668.62 | O27: {='3400'!E28:F28} -> 91.06 | P27: 0 | Q27: =I27/O27 -> 14716.357 | R27: =K27/O27 -> -395.87096 | S27: =L27/O27 -> 14320.486 | U27: =IF(D27="H",S27,0) -> 0 | V27: =ROUND(IF(E27=1,S27,0),2) -> 14320.49 | W27: =IF(AND(U27=0,V27=0),S27,) -> 0
A28: 23 | B28: 3401 | C28: Quantum High School | D28: 0 | E28: 0 | F28: =-K28/I28 -> 0.030256375 | G28: =-K28/J28 -> 0.031651178 | I28: ='3401'!$J$107 -> 3809583 | J28: ='3401'!$J$109 -> 3641702.4 | K28: ='3401'!$J$114 -> -115264.17 | L28: ='3401'!$J$116 -> 3694318.8 | M28: ='3401'!$J$124 -> 307859.9 | O28: {='3401'!E28:F28} -> 394.93 | P28: 0 | Q28: =I28/O28 -> 9646.2233 | R28: =K28/O28 -> -291.85975 | S28: =L28/O28 -> 9354.3636 | U28: =IF(D28="H",S28,0) -> 0 | V28: =ROUND(IF(E28=1,S28,0),2) -> 0 | W28: =IF(AND(U28=0,V28=0),S28,) -> 9354.3636
A29: 24 | B29: 3413 | C29: Somerset Academy Boca | D29: H | F29: =-K29/I29 -> 0.012166167 | G29: =-K29/J29 -> 0.012762915 | I29: ='3413'!$J$107 -> 3605331.2 | J29: ='3413'!$J$109 -> 3436758.7 | K29: ='3413'!$J$114 -> -43863.06 | L29: ='3413'!$J$116 -> 3561468.1 | M29: ='3413'!$J$124 -> 296789.01 | O29: {='3413'!E28:F28} -> 391.76 | P29: 0 | Q29: =I29/O29 -> 9202.9078 | R29: =K29/O29 -> -111.96411 | S29: =L29/O29 -> 9090.9437 | U29: =IF(D29="H",S29,0) -> 9090.9437 | V29: =ROUND(IF(E29=1,S29,0),2) -> 0 | W29: =IF(AND(U29=0,V29=0),S29,) -> 0
A30: 25 | B30: 3421 | C30: Worthington High School | D30: 0 | F30: =-K30/I30 -> 0.020202373 | G30: =-K30/J30 -> 0.020907904 | I30: ='3421'!$J$107 -> 5564352.8 | J30: ='3421'!$J$109 -> 5376585.3 | K30: ='3421'!$J$114 -> -112413.13 | L30: ='3421'!$J$116 -> 5451939.7 | M30: ='3421'!$J$124 -> 454328.31 | O30: {='3421'!E28:F28} -> 597.86 | P30: 0 | Q30: =I30/O30 -> 9307.1167 | R30: =K30/O30 -> -188.02584 | S30: =L30/O30 -> 9119.0909 | U30: =IF(D30="H",S30,0) -> 0 | V30: =ROUND(IF(E30=1,S30,0),2) -> 0 | W30: =IF(AND(U30=0,V30=0),S30,) -> 9119.0909
A31: 26 | B31: 3431 | C31: Renaissance Charter School at WPB | D31: H | F31: =-K31/I31 -> 0.0047708213 | G31: =-K31/J31 -> 0.0050119782 | I31: ='3431'!$J$107 -> 8953125.1 | J31: ='3431'!$J$109 -> 8522335.5 | K31: ='3431'!$J$114 -> -42713.76 | L31: ='3431'!$J$116 -> 8910411.3 | M31: ='3431'!$J$124 -> 742534.27 | O31: {='3431'!E28:F28} -> 997.61 | P31: 0 | Q31: =I31/O31 -> 8974.5743 | R31: =K31/O31 -> -42.81609 | S31: =L31/O31 -> 8931.7582 | U31: =IF(D31="H",S31,0) -> 8931.7582 | V31: =ROUND(IF(E31=1,S31,0),2) -> 0 | W31: =IF(AND(U31=0,V31=0),S31,) -> 0
A32: 27 | B32: 3441 | C32: South Tech Preparatory Academy (MS) | D32: H | F32: =-K32/I32 -> 0.0091393491 | G32: =-K32/J32 -> 0.009564435 | I32: ='3441'!$J$107 -> 4786069.5 | J32: ='3441'!$J$109 -> 4573355.3 | K32: ='3441'!$J$114 -> -43741.56 | L32: ='3441'!$J$116 -> 4742328 | M32: ='3441'!$J$124 -> 395194 | O32: {='3441'!E28:F28} -> 522.77 | P32: 0 | Q32: =I32/O32 -> 9155.2107 | R32: =K32/O32 -> -83.672667 | S32: =L32/O32 -> 9071.5381 | U32: =IF(D32="H",S32,0) -> 9071.5381 | V32: =ROUND(IF(E32=1,S32,0),2) -> 0 | W32: =IF(AND(U32=0,V32=0),S32,) -> 0
A33: 28 | B33: 3924 | C33: Palm Beach Maritime Academy Secondary | D33: 0 | F33: =-K33/I33 -> 0.029281614 | G33: =-K33/J33 -> 0.030717813 | I33: ='3924'!$J$107 -> 3793190.5 | J33: ='3924'!$J$109 -> 3615841.4 | K33: ='3924'!$J$114 -> -111070.74 | L33: ='3924'!$J$116 -> 3682119.7 | M33: ='3924'!$J$124 -> 306843.31 | O33: {='3924'!E28:F28} -> 406.93 | P33: 0 | Q33: =I33/O33 -> 9321.4815 | R33: =K33/O33 -> -272.94803 | S33: =L33/O33 -> 9048.5335 | U33: =IF(D33="H",S33,0) -> 0 | V33: =ROUND(IF(E33=1,S33,0),2) -> 0 | W33: =IF(AND(U33=0,V33=0),S33,) -> 9048.5335
A34: 29 | B34: 3941 | C34: Ben Gamla Charter School | D34: H | F34: =-K34/I34 -> 0.01901896 | G34: =-K34/J34 -> 0.019999999 | I34: ='3941'!$J$107 -> 2029915.5 | J34: ='3941'!$J$109 -> 1930344.1 | K34: ='3941'!$J$114 -> -38606.88 | L34: ='3941'!$J$116 -> 1991308.6 | M34: ='3941'!$J$124 -> 165942.38 | O34: {='3941'!E28:F28} -> 224.3 | P34: 0 | Q34: =I34/O34 -> 9050.0021 | R34: =K34/O34 -> -172.12162 | S34: =L34/O34 -> 8877.8804 | U34: =IF(D34="H",S34,0) -> 8877.8804 | V34: =ROUND(IF(E34=1,S34,0),2) -> 0 | W34: =IF(AND(U34=0,V34=0),S34,) -> 0
A35: 30 | B35: 3961 | C35: Gardens School of Technology Arts | D35: 0
A36: 31 | B36: 3971 | C36: Palm Beach Preparatory Charter Academy | D36: 0 | F36: =-K36/I36 -> 0.019083017 | G36: =-K36/J36 -> 0.019919366 | I36: ='3971'!$J$107 -> 5980730.6 | J36: ='3971'!$J$109 -> 5729619.2 | K36: ='3971'!$J$114 -> -114130.38 | L36: ='3971'!$J$116 -> 5866600.2 | M36: ='3971'!$J$124 -> 488883.35 | O36: {='3971'!E28:F28} -> 627.53 | P36: 0 | Q36: =I36/O36 -> 9530.5891 | R36: =K36/O36 -> -181.87239 | S36: =L36/O36 -> 9348.7167 | U36: =IF(D36="H",S36,0) -> 0 | V36: =ROUND(IF(E36=1,S36,0),2) -> 0 | W36: =IF(AND(U36=0,V36=0),S36,) -> 9348.7167
A37: 32 | B37: 4001 | C37: Renaissance Charter School at Wellington | D37: 0 | F37: =-K37/I37 -> 0.018576335 | G37: =-K37/J37 -> 0.019568553 | I37: ='4001'!$J$107 -> 5728109 | J37: ='4001'!$J$109 -> 5437666.6 | K37: ='4001'!$J$114 -> -106407.27 | L37: ='4001'!$J$116 -> 5621701.7 | M37: ='4001'!$J$124 -> 468475.14 | O37: {='4001'!E28:F28} -> 638.78 | P37: 0 | Q37: =I37/O37 -> 8967.2641 | R37: =K37/O37 -> -166.5789 | S37: =L37/O37 -> 8800.6852 | U37: =IF(D37="H",S37,0) -> 0 | V37: =ROUND(IF(E37=1,S37,0),2) -> 0 | W37: =IF(AND(U37=0,V37=0),S37,) -> 8800.6852
A38: 33 | B38: 4002 | C38: Renaissance Charter School at Summit | D38: 0 | F38: =-K38/I38 -> 0.013518025 | G38: =-K38/J38 -> 0.014294372 | I38: ='4002'!$J$107 -> 7827925.1 | J38: ='4002'!$J$109 -> 7402779.8 | K38: ='4002'!$J$114 -> -105818.09 | L38: ='4002'!$J$116 -> 7722107 | M38: ='4002'!$J$124 -> 643508.92 | O38: {='4002'!E28:F28} -> 874.47 | P38: 0 | Q38: =I38/O38 -> 8951.6222 | R38: =K38/O38 -> -121.00826 | S38: =L38/O38 -> 8830.614 | U38: =IF(D38="H",S38,0) -> 0 | V38: =ROUND(IF(E38=1,S38,0),2) -> 0 | W38: =IF(AND(U38=0,V38=0),S38,) -> 8830.614
A39: 34 | B39: 4012 | C39: Somerset Academy Canyons Middle School | D39: H | F39: =-K39/I39 -> #DIV/0! | G39: =-K39/J39 -> #DIV/0! | I39: ='4012'!$J$107 -> 0 | J39: ='4012'!$J$109 -> 0 | K39: ='4012'!$J$114 -> 0 | L39: ='4012'!$J$116 -> 0 | M39: ='4012'!$J$124 -> 0 | O39: {='4012'!E28:F28} -> 0 | P39: 0 | Q39: =I39/O39 -> #DIV/0! | R39: =K39/O39 -> #DIV/0! | S39: =L39/O39 -> #DIV/0! | U39: =IF(D39="H",S39,0) -> #DIV/0! | V39: =ROUND(IF(E39=1,S39,0),2) -> 0 | W39: =IF(AND(U39=0,V39=0),S39,) -> #DIV/0!
A40: 35 | B40: 4013 | C40: Somerset Academy Canyons High School | D40: H | F40: =-K40/I40 -> 0.0031367098 | G40: =-K40/J40 -> 0.003285302 | I40: ='4013'!$J$107 -> 14167878 | J40: ='4013'!$J$109 -> 13527073 | K40: ='4013'!$J$114 -> -44440.52 | L40: ='4013'!$J$116 -> 14123437 | M40: ='4013'!$J$124 -> 1176953.1 | O40: {='4013'!E28:F28} -> 1521.93 | P40: 0 | Q40: =I40/O40 -> 9309.1519 | R40: =K40/O40 -> -29.200108 | S40: =L40/O40 -> 9279.9518 | U40: =IF(D40="H",S40,0) -> 9279.9518 | V40: =ROUND(IF(E40=1,S40,0),2) -> 0 | W40: =IF(AND(U40=0,V40=0),S40,) -> 0
A41: 36 | B41: 4020 | C41: Franklin Academy - Boynton Beach | D41: 0 | F41: =-K41/I41 -> 0.0096435592 | G41: =-K41/J41 -> 0.010123015 | I41: ='4020'!$J$107 -> 11127250 | J41: ='4020'!$J$109 -> 10600230 | K41: ='4020'!$J$114 -> -107306.29 | L41: ='4020'!$J$116 -> 11019943 | M41: ='4020'!$J$124 -> 918328.6 | O41: {='4020'!E28:F28} -> 1234.81 | P41: 0 | Q41: =I41/O41 -> 9011.305 | R41: =K41/O41 -> -86.901054 | S41: =L41/O41 -> 8924.4039 | U41: =IF(D41="H",S41,0) -> 0 | V41: =ROUND(IF(E41=1,S41,0),2) -> 0 | W41: =IF(AND(U41=0,V41=0),S41,) -> 8924.4039
A42: 37 | B42: 4030 | C42: Olympus International Academy | D42: 0 | F42: =IFERROR(-K42/I42,"") | G42: =IFERROR(-K42/J42,"") | I42: ='4030'!$J$107 -> 0 | J42: ='4030'!$J$109 -> 0 | K42: ='4030'!$J$114 -> 0 | L42: ='4030'!$J$116 -> 0 | M42: ='4030'!$J$124 -> 0 | O42: {='4030'!E28:F28} -> 0 | P42: 0 | Q42: =IFERROR(I42/O42,0) -> 0 | R42: =IFERROR(K42/O42,0) -> 0 | S42: =IFERROR(L42/O42,0) -> 0 | U42: =IF(D42="H",S42,0) -> 0 | V42: =ROUND(IF(E42=1,S42,0),2) -> 0 | W42: =IF(AND(U42=0,V42=0),S42,) -> 0
A43: 38 | B43: 4031 | C43: Somerset Academy Wellington | D43: 0 | F43: =-K43/I43 -> 0.029682858 | G43: =-K43/J43 -> 0.031410982 | I43: ='4031'!$J$107 -> 3560632.2 | J43: ='4031'!$J$109 -> 3364738.5 | K43: ='4031'!$J$114 -> -105689.74 | L43: ='4031'!$J$116 -> 3454942.5 | M43: ='4031'!$J$124 -> 287911.87 | O43: {='4031'!E28:F28} -> 397.95 | P43: 0 | Q43: =I43/O43 -> 8947.4361 | R43: =K43/O43 -> -265.58548 | S43: =L43/O43 -> 8681.8507 | U43: =IF(D43="H",S43,0) -> 0 | V43: =ROUND(IF(E43=1,S43,0),2) -> 0 | W43: =IF(AND(U43=0,V43=0),S43,) -> 8681.8507
A44: 39 | B44: 4041 | C44: Somerset Academy Boca Middle School | D44: H | F44: =-K44/I44 -> 0.019094641 | G44: =-K44/J44 -> 0.02 | I44: ='4041'!$J$107 -> 842053.55 | J44: ='4041'!$J$109 -> 803935.5 | K44: ='4041'!$J$114 -> -16078.71 | L44: ='4041'!$J$116 -> 825974.84 | M44: ='4041'!$J$124 -> 68831.24 | O44: {='4041'!E28:F28} -> 94.8 | P44: 0 | Q44: =I44/O44 -> 8882.4214 | R44: =K44/O44 -> -169.60665 | S44: =L44/O44 -> 8712.8148 | U44: =IF(D44="H",S44,0) -> 8712.8148 | V44: =ROUND(IF(E44=1,S44,0),2) -> 0 | W44: =IF(AND(U44=0,V44=0),S44,) -> 0
A45: 40 | B45: 4050 | C45: Renaissance Charter School at Cypress | D45: 0 | F45: =-K45/I45 -> 0.0186427 | G45: =-K45/J45 -> 0.019727914 | I45: ='4050'!$J$107 -> 5632880.4 | J45: ='4050'!$J$109 -> 5323021.1 | K45: ='4050'!$J$114 -> -105012.1 | L45: ='4050'!$J$116 -> 5527868.3 | M45: ='4050'!$J$124 -> 460655.69 | O45: {='4050'!E28:F28} -> 633.62 | P45: 0 | Q45: =I45/O45 -> 8889.9978 | R45: =K45/O45 -> -165.73356 | S45: =L45/O45 -> 8724.2642 | U45: =IF(D45="H",S45,0) -> 0 | V45: =ROUND(IF(E45=1,S45,0),2) -> 0 | W45: =IF(AND(U45=0,V45=0),S45,) -> 8724.2642
A46: 41 | B46: 4051 | C46: Renaissance Charter School at Central Palm | D46: 0 | F46: =-K46/I46 -> 0.018914862 | G46: =-K46/J46 -> 0.020096786 | I46: ='4051'!$J$107 -> 5553424.7 | J46: ='4051'!$J$109 -> 5226818.9 | K46: ='4051'!$J$114 -> -105042.26 | L46: ='4051'!$J$116 -> 5448382.5 | M46: ='4051'!$J$124 -> 454031.87 | O46: {='4051'!E28:F28} -> 621.99 | P46: 0 | Q46: =I46/O46 -> 8928.4791 | R46: =K46/O46 -> -168.88095 | S46: =L46/O46 -> 8759.5982 | U46: =IF(D46="H",S46,0) -> 0 | V46: =ROUND(IF(E46=1,S46,0),2) -> 0 | W46: =IF(AND(U46=0,V46=0),S46,) -> 8759.5982
A47: 42 | B47: 4061 | C47: Franklin Academy - Palm Beach Gardens | D47: 0 | F47: =-K47/I47 -> 0.012832249 | G47: =-K47/J47 -> 0.013505775 | I47: ='4061'!$J$107 -> 8150812.2 | J47: ='4061'!$J$109 -> 7744335.2 | K47: ='4061'!$J$114 -> -104593.25 | L47: ='4061'!$J$116 -> 8046218.9 | M47: ='4061'!$J$124 -> 670518.24 | O47: {='4061'!E28:F28} -> 925.53 | P47: 0 | Q47: =I47/O47 -> 8806.6429 | R47: =K47/O47 -> -113.00903 | S47: =L47/O47 -> 8693.6338 | U47: =IF(D47="H",S47,0) -> 0 | V47: =ROUND(IF(E47=1,S47,0),2) -> 0 | W47: =IF(AND(U47=0,V47=0),S47,) -> 8693.6338
A48: 43 | B48: 4080 | C48: University Preparatory Academy | D48: 0
A49: 44 | B49: 4081 | C49: Florida Futures Academy - North Campus | D49: 0 | F49: =-K49/I49 -> 0.047799915 | G49: =-K49/J49 -> 0.049999998 | I49: ='4081'!$J$107 -> 1150793.5 | J49: ='4081'!$J$109 -> 1100156.6 | K49: ='4081'!$J$114 -> -55007.83 | L49: ='4081'!$J$116 -> 1095785.6 | M49: ='4081'!$J$124 -> 91315.47 | O49: {='4081'!E28:F28} -> 123.15 | P49: 0 | Q49: =I49/O49 -> 9344.6486 | R49: =K49/O49 -> -446.67341 | S49: =L49/O49 -> 8897.9752 | U49: =IF(D49="H",S49,0) -> 0 | V49: =ROUND(IF(E49=1,S49,0),2) -> 0 | W49: =IF(AND(U49=0,V49=0),S49,) -> 8897.9752
A50: 45 | B50: 4090 | C50: Sports Leadership Academy (SLAM) | D50: 0 | F50: =-K50/I50 -> 0.037073972 | G50: =-K50/J50 -> 0.038631518 | I50: ='4090'!$J$107 -> 2810517.3 | J50: ='4090'!$J$109 -> 2697202.8 | K50: ='4090'!$J$114 -> -104197.04 | L50: ='4090'!$J$116 -> 2706320.3 | M50: ='4090'!$J$124 -> 225526.69 | O50: {='4090'!E28:F28} -> 323.57 | P50: 0 | Q50: =I50/O50 -> 8685.9638 | R50: =K50/O50 -> -322.02318 | S50: =L50/O50 -> 8363.9406 | U50: =IF(D50="H",S50,0) -> 0 | V50: =ROUND(IF(E50=1,S50,0),2) -> 0 | W50: =IF(AND(U50=0,V50=0),S50,) -> 8363.9406
A51: 46 | B51: 4091 | C51: Somerset Academy Lakes | D51: 0 | F51: =-K51/I51 -> 0.030163776 | G51: =-K51/J51 -> 0.031708988 | I51: ='4091'!$J$107 -> 3592434.1 | J51: ='4091'!$J$109 -> 3417371.2 | K51: ='4091'!$J$114 -> -108361.38 | L51: ='4091'!$J$116 -> 3484072.8 | M51: ='4091'!$J$124 -> 290339.4 | O51: {='4091'!E28:F28} -> 394.21 | P51: 0 | Q51: =I51/O51 -> 9112.996 | R51: =K51/O51 -> -274.88237 | S51: =L51/O51 -> 8838.1136 | U51: =IF(D51="H",S51,0) -> 0 | V51: =ROUND(IF(E51=1,S51,0),2) -> 0 | W51: =IF(AND(U51=0,V51=0),S51,) -> 8838.1136
A52: 47 | B52: 4100 | C52: Connections Education Center of the PBs | D52: 0 | E52: 1 | F52: =-K52/I52 -> 0.0081002136 | G52: =-K52/J52 -> 0.0084848925 | I52: ='4100'!$J$107 -> 4372211.9 | J52: ='4100'!$J$109 -> 4173989.2 | K52: ='4100'!$J$114 -> -35415.85 | L52: ='4100'!$J$116 -> 4336796 | M52: ='4100'!$J$124 -> 361399.67 | O52: {='4100'!E28:F28} -> 111 | P52: 0 | Q52: =I52/O52 -> 39389.296 | R52: =K52/O52 -> -319.06171 | S52: =L52/O52 -> 39070.235 | U52: =IF(D52="H",S52,0) -> 0 | V52: =ROUND(IF(E52=1,S52,0),2) -> 39070.23 | W52: =IF(AND(U52=0,V52=0),S52,) -> 0
A53: 48 | B53: 4102 | C53: BridgePrep Academy of Palm Beach | D53: 0 | F53: =-K53/I53 -> 0.048107472 | G53: =-K53/J53 -> 0.050000002 | I53: ='4102'!$J$107 -> 1610711.9 | J53: ='4102'!$J$109 -> 1549745.5 | K53: ='4102'!$J$114 -> -77487.28 | L53: ='4102'!$J$116 -> 1533224.7 | M53: ='4102'!$J$124 -> 127768.72 | O53: {='4102'!E28:F28} -> 178.89 | P53: 0 | Q53: 0 | R53: 0 | S53: 0 | U53: =IF(D53="H",S53,0) -> 0 | V53: =ROUND(IF(E53=1,S53,0),2) -> 0 | W53: =IF(AND(U53=0,V53=0),S53,) -> 0
A54: 49 | B54: 4103 | C54: SLAM Boca | D54: 0 | F54: =IF(I54=0,0,-K54/I54) -> 0.012408054 | G54: =-K54/J54 -> 0.012997546 | I54: ='4103'!$J$107 -> 8758648.3 | J54: ='4103'!$J$109 -> 8361407.9 | K54: ='4103'!$J$114 -> -108677.78 | L54: ='4103'!$J$116 -> 8649970.6 | M54: ='4103'!$J$124 -> 720830.88 | O54: {='4103'!E28:F28} -> 961.72 | P54: 0 | Q54: =IF(O54=0,0,I54/O54) -> 9107.2748 | R54: =IF(O54=0,0,K54/O54) -> -113.00356 | S54: =IF(O54=0,0,L54/O54) -> 8994.2713 | U54: =IF(D54="H",S54,0) -> 0 | V54: =ROUND(IF(E54=1,S54,0),2) -> 0 | W54: =IF(AND(U54=0,V54=0),S54,) -> 8994.2713
A55: 50 | B55: 4111 | C55: SLAM HS Palm Beach | D55: 0 | F55: =IF(I55=0,0,-K55/I55) -> 0.036518623 | G55: =-K55/J55 -> 0.038128356 | I55: ='4111'!$J$107 -> 2940575.6 | J55: ='4111'!$J$109 -> 2816428 | K55: ='4111'!$J$114 -> -107385.77 | L55: ='4111'!$J$116 -> 2833189.8 | M55: ='4111'!$J$124 -> 236099.15 | O55: {='4111'!E28:F28} -> 327.84 | P55: 0 | Q55: =IF(O55=0,0,I55/O55) -> 8969.5448 | R55: =IF(O55=0,0,K55/O55) -> -327.55542 | S55: =IF(O55=0,0,L55/O55) -> 8641.9894 | U55: =IF(D55="H",S55,0) -> 0 | V55: =ROUND(IF(E55=1,S55,0),2) -> 0 | W55: =IF(AND(U55=0,V55=0),S55,) -> 8641.9894
A56: 51 | B56: 4131 | C56: Somerset Academy Wellington HS | D56: 0 | F56: =IF(I56=0,0,-K56/I56) -> 0.048092358 | G56: =-K56/J56 -> 0.050000001 | I56: ='4131'!$J$107 -> 1077855.9 | J56: ='4131'!$J$109 -> 1036732.6 | K56: ='4131'!$J$114 -> -51836.63 | L56: ='4131'!$J$116 -> 1026019.2 | M56: ='4131'!$J$124 -> 85501.6 | O56: {='4131'!E28:F28} -> 121.44 | P56: 0 | Q56: =IF(O56=0,0,I56/O56) -> 8875.6248 | R56: =IF(O56=0,0,K56/O56) -> -426.84972 | S56: =IF(O56=0,0,L56/O56) -> 8448.775 | U56: =IF(D56="H",S56,0) -> 0 | V56: =ROUND(IF(E56=1,S56,0),2) -> 0 | W56: =IF(AND(U56=0,V56=0),S56,) -> 8448.775
F57: =IF(I57=0,0,-K57/I57) -> 0 | G57: =IFERROR(-K57/J57,"") | I57: ='4141'!$J$107 -> 0 | J57: ='4141'!$J$109 -> 0 | K57: ='4141'!$J$114 -> 0 | L57: ='4141'!$J$116 -> 0 | M57: ='4141'!$J$124 -> 0 | O57: {='4141'!E29:F29} -> 0 | P57: 0 | Q57: =IF(O57=0,0,I57/O57) -> 0 | R57: =IF(O57=0,0,K57/O57) -> 0 | S57: =IF(O57=0,0,L57/O57) -> 0 | U57: =IF(D57="H",S57,0) -> 0 | V57: =ROUND(IF(E57=1,S57,0),2) -> 0 | W57: =IF(AND(U57=0,V57=0),S57,) -> 0
D59: =COUNTIF(D6:D58,"H") -> 12 | E59: =SUM(E6:E58) -> 9 | F59: =-K59/I59 -> 0.014767876 | G59: =-K59/J59 -> 0.015460951 | I59: =SUM(I6:I58) -> 2.192447e+08 | J59: =SUM(J6:J58) -> 2.0941651e+08 | K59: =SUM(K6:K58) -> -3237778.5 | L59: =SUM(L6:L58) -> 2.1600692e+08 | M59: =SUM(M6:M58) -> 18000577 | O59: =SUM(O6:O58) -> 21121.92 | Q59: =SUM(Q6:Q58) -> #DIV/0! | R59: =K59/O59 -> -153.28997 | S59: =L59/O59 -> 10226.671 | U59: =AVERAGEIF(U9:U55,"<>0") -> #DIV/0! | V59: =AVERAGEIF(V9:V55,"<>0") -> 27142.121 | W59: =AVERAGEIF(W6:W56,"<>0") -> #DIV/0!
C61: Consolidated tab totals | I61: =Consolidated!I142 -> 2.192447e+08 | J61: =Consolidated!I144 -> 2.0941651e+08 | K61: =Consolidated!I149 -> -3237778.5 | L61: =I61+K61 -> 2.1600692e+08 | M61: =Consolidated!I159 -> 18000577
C63: Difference | I63: =I61-I59 -> 0 | J63: =J61-J59 -> 0 | K63: =K61-K59 -> 0 | L63: =L61-L59 -> 0 | M63: =M61-M59 -> 0

Sheet Charter Schools
B1: Palm Beach County Charter Schools
B3: Sorted by School Number | E3: Sorted by School Name
B4: Dept # | C4: Charter School Name | E4: Dept # | F4: Charter School Name
A5: 1 | B5: 0040 | C5: PALM BEACH PREPARATORY ACADEMY MS | E5: 3400 | F5: Believers Academy
A6: 2 | B6: 0571 | C6: PALMETTO PARK | E6: 3941 | F6: Ben Gamla Charter School | I6: 3391 Seagull Academy for Independent Living and 2531 Potentials Charter School merged in FY 25 and changed their name to Bodwell Academy
A7: 3 | B7: 0100 | C7: THE LEARNING CENTER HS | E7: 4102 | F7: BridgePrep Academy of PB
A8: 4 | B8: 1461 | C8: Inlet Grove Community High School | E8: 3345 | F8: Career Academy of the Palm Beaches
A9: 5 | B9: 1571 | C9: South Tech Charter Academy | E9: 4100 | F9: Connections Education Center of the Palm Beaches | I9: 3961 Garden School of Technology is closing for FY 26.
A10: 6 | B10: 2521 | C10: Ed Venture | E10: 2521 | F10: Ed Venture | I10: 4080 University Prep is closed for FY 26
A11: 7 | B11: 2531 | C11: Bodwell Academy (formerly - Potentials Charter School) | E11: 3398 | F11: Everglades Preparatory Academy
A12: 8 | B12: 2791 | C12: The Learning Center at The Els Center of Excellence | E12: 4081 | F12: Florida Futures Academy - North Campus
A13: 9 | B13: 2801 | C13: Palm Beach Maritime Academy Elementary | E13: 4020 | F13: Franklin Academy - Boynton Beach | I13: New Schools
A14: 10 | B14: 2911 | C14: Western Academy Charter School | E14: 4061 | F14: Franklin Academy - Palm Beach Gardens | I14: 0040 | J14: PALM BEACH PREPARATORY ACADEMY MS
A15: 11 | B15: 2941 | C15: Palm Beach School for Autism | E15: 3961 | F15: Gardens School of Technology Arts | I15: 0100 | J15: THE LEARNING CENTER HS
A16: 12 | B16: 3083 | C16: The Learning Academy at The Els Center of Excellence | E16: 3382 | F16: Glades Academy | I16: 3362 | J16: Somserset Avenir
A17: 13 | B17: 3345 | C17: Career Academy of the Palm Beaches | E17: 3396 | F17: G-Star School of the Arts for Motion Pictures and Television | I17: 0571 | J17: Palmetto Park High School
A18: 14 | B18: 3362 | C18: Somerset Avenir | E18: 3381 | F18: Imagine Schools - Chancellor Campus
A19: 15 | B19: 3381 | C19: Imagine Schools - Chancellor Campus | E19: 1461 | F19: Inlet Grove Community High School
A20: 16 | B20: 3382 | C20: Glades Academy | E20: 3394 | F20: Montessori Academy of Early Enrichment
A21: 17 | B21: 3391 | C21: Seagull Academy for Independent Living | E21: 4030 | F21: Olympus International Academy
A22: 18 | B22: 3394 | C22: Montessori Academy of Early Enrichment | E22: 2801 | F22: Palm Beach Maritime Academy Elementary
A23: 19 | B23: 3395 | C23: Somerset Academy JFK Charter School | E23: 3924 | F23: Palm Beach Maritime Academy Secondary
A24: 20 | B24: 3396 | C24: G-Star School of the Arts for Motion Pictures and Television | E24: 0040 | F24: PALM BEACH PREPARATORY ACADEMY MS
A25: 21 | B25: 3398 | C25: Everglades Preparatory Academy | E25: 3971 | F25: Palm Beach Preparatory Charter Academy
A26: 22 | B26: 3400 | C26: Believers Academy | E26: 2941 | F26: Palm Beach School for Autism
A27: 23 | B27: 3401 | C27: Quantum High School | E27: 0571 | F27: PALMETTO PARK
A28: 24 | B28: 3413 | C28: Somerset Academy Boca | E28: 2531 | F28: Potentials Charter School
A29: 25 | B29: 3421 | C29: Worthington High School | E29: 3401 | F29: Quantum High School
A30: 26 | B30: 3431 | C30: Renaissance Charter School at WPB | E30: 4051 | F30: Renaissance Charter School at Central Palm
... A35: 31 | B35: 3971 | C35: Palm Beach Preparatory Charter Academy | E35: 3391 | F35: Seagull Academy for Independent Living
A36: 32 | B36: 4001 | C36: Renaissance Charter School at Wellington | E36: 4111 | F36: SLAM HS Palm Beach
A37: 33 | B37: 4002 | C37: Renaissance Charter School at Summit | E37: 3413 | F37: Somerset Academy Boca
A38: 34 | B38: 4012 | C38: Somerset Academy Canyons Middle School | E38: 4041 | F38: Somerset Academy Boca Middle School
A39: 35 | B39: 4013 | C39: Somerset Academy Canyons High School | E39: 4013 | F39: Somerset Academy Canyons High School
A40: 36 | B40: 4020 | C40: Franklin Academy - Boynton Beach | E40: 4012 | F40: Somerset Academy Canyons Middle School
A41: 37 | B41: 4030 | C41: Olympus International Academy | E41: 3395 | F41: Somerset Academy JFK Charter School
A42: 38 | B42: 4031 | C42: Somerset Academy Wellington | E42: 4091 | F42: Somerset Academy Lakes
A43: 39 | B43: 4041 | C43: Somerset Academy Boca Middle School | E43: 4031 | F43: Somerset Academy Wellington
A44: 40 | B44: 4050 | C44: Renaissance Charter School at Cypress | E44: 4131 | F44: Somerset Academy Wellington HS
A45: 41 | B45: 4051 | C45: Renaissance Charter School at Central Palm | E45: 3362 | F45: Somerset Avenir
A46: 42 | B46: 4061 | C46: Franklin Academy - Palm Beach Gardens | E46: 1571 | F46: South Tech Charter Academy
A47: 43 | B47: 4080 | C47: University Prep Palm Beach | E47: 3441 | F47: South Tech Preparatory Academy (Middle School)
A48: 44 | B48: 4081 | C48: Florida Futures Academy - North Campus | E48: 4090 | F48: Sports Leadership & Management (SLAM) MS
A49: 45 | B49: 4090 | C49: Sports Leadership & Management (SLAM) MS | E49: 4103 | F49: Sports Leadership Arts Management (SLAM) Acdemy MHS (Boca)
A50: 46 | B50: 4091 | C50: Somerset Academy Lakes | E50: 3083 | F50: The Learning Academy at The Els Center of Excellence
A51: 47 | B51: 4100 | C51: Connections Education Center of the Palm Beaches | E51: 2791 | F51: The Learning Center at The Els Center of Excellence
A52: 48 | B52: 4102 | C52: BridgePrep Academy of PB | E52: 0100 | F52: The Learning Center High School
A53: 49 | B53: 4103 | C53: Sports Leadership Arts Management (SLAM) Acdemy MHS (Boca) | E53: 4080 | F53: University Prep Palm Beach
A54: 50 | B54: 4111 | C54: SLAM HS Palm Beach | E54: 2911 | F54: Western Academy Charter School
A55: 51 | B55: 4131 | C55: Somerset Academy Wellington HS | E55: 3421 | F55: Worthington High School

Sheet Cumulative Payments
A1: Cumulative Payments
D4: Net Revenue | E4: July | F4: August | G4: Sept | H4: Oct | I4: Nov | J4: Dec | K4: Jan | L4: Feb | M4: March | N4: April | O4: May | P4: June | Q4: Total | R4: Payments including current month
A5: 1 | B5: 0040 | C5: Palm Beach Preparatory Middle School | D5: ='Annual Rev & Fees'!L6 -> 215256.02 | E5: 17938 | Q5: =SUM(E5:P5) -> 17938 | R5: 0
A6: 2 | B6: 0571 | C6: Palmetto Park | D6: ='Annual Rev & Fees'!L7 -> 1165374.9 | E6: 97114.58 | Q6: =SUM(E6:P6) -> 97114.58
A7: 3 | B7: 0100 | C7: The Learning Center Highschool | D7: ='Annual Rev & Fees'!L8 -> 892165.97 | E7: 74347.16 | Q7: =SUM(E7:P7) -> 74347.16 | R7: 0
A8: 4 | B8: 1461 | C8: Inlet Grove Community High School | D8: ='Annual Rev & Fees'!L9 -> 7909427.5 | E8: 659118.96 | Q8: =SUM(E8:P8) -> 659118.96 | R8: 0
A9: 5 | B9: 1571 | C9: South Tech Charter Academy | D9: ='Annual Rev & Fees'!L10 -> 11996437 | E9: 999703.09 | Q9: =SUM(E9:P9) -> 999703.09 | R9: 0
A10: 6 | B10: 2521 | C10: Ed Venture | D10: ='Annual Rev & Fees'!L11 -> 1334466.3 | E10: 111205.53 | Q10: =SUM(E10:P10) -> 111205.53 | R10: 0
A11: 7 | B11: 2531 | C11: Bodwell Academy | D11: ='Annual Rev & Fees'!L12 -> 1456769.2 | E11: 121397.44 | Q11: =SUM(E11:P11) -> 121397.44 | R11: 0
A12: 8 | B12: 2791 | C12: The Learning Center @ The Els Center of Excl | D12: ='Annual Rev & Fees'!L13 -> 5895629.3 | E12: 491302.44 | Q12: =SUM(E12:P12) -> 491302.44 | R12: 0
A13: 9 | B13: 2801 | C13: Palm Beach Maritime Academy Elementary | D13: ='Annual Rev & Fees'!L14 -> 5104495.1 | E13: 425374.59 | Q13: =SUM(E13:P13) -> 425374.59 | R13: 0
A14: 10 | B14: 2911 | C14: Western Academy Charter School | D14: ='Annual Rev & Fees'!L15 -> 7020252.4 | E14: 585021.03 | Q14: =SUM(E14:P14) -> 585021.03 | R14: 0
A15: 11 | B15: 2941 | C15: Palm Beach School for Autism | D15: ='Annual Rev & Fees'!L16 -> 11160540 | E15: 930045.01 | Q15: =SUM(E15:P15) -> 930045.01 | R15: 0
A16: 12 | B16: 3083 | C16: The Learning Academy @ The Els Center of Excl | D16: ='Annual Rev & Fees'!L17 -> 6682474.5 | E16: 556872.88 | Q16: =SUM(E16:P16) -> 556872.88 | R16: 0
A17: 13 | B17: 3345 | C17: Career Academy of the Palm Beaches | D17: ='Annual Rev & Fees'!L18 -> 1240427.6 | E17: 103368.96 | Q17: =SUM(E17:P17) -> 103368.96 | R17: 0
A18: 14 | B18: 3362 | C18: Somerset Avenir | D18: ='Annual Rev & Fees'!L19 -> 1395380.9 | E18: 116281.74 | Q18: =SUM(E18:P18) -> 116281.74
A19: 15 | B19: 3381 | C19: Imagine Schools - Chancellor Campus | D19: ='Annual Rev & Fees'!L20 -> 9483811.8 | E19: 790317.65 | Q19: =SUM(E19:P19) -> 790317.65 | R19: 0
A20: 16 | B20: 3382 | C20: Glades Academy | D20: ='Annual Rev & Fees'!L21 -> 2384946.9 | E20: 198745.57 | Q20: =SUM(E20:P20) -> 198745.57 | R20: 0
A21: 17 | B21: 3391 | C21: Seagull Academy for Independent Living | D21: ='Annual Rev & Fees'!L22 -> 0 | E21: 0 | Q21: =SUM(E21:P21) -> 0 | R21: 0
A22: 18 | B22: 3394 | C22: Montessori Academy of Early Enrichment | D22: ='Annual Rev & Fees'!L23 -> 1691865.6 | E22: 140988.8 | Q22: =SUM(E22:P22) -> 140988.8 | R22: 0
A23: 19 | B23: 3395 | C23: Somerset Academy Charter School | D23: ='Annual Rev & Fees'!L24 -> 4714570.8 | E23: 392880.9 | Q23: =SUM(E23:P23) -> 392880.9 | R23: 0
A24: 20 | B24: 3396 | C24: G-Star School of the Arts | D24: ='Annual Rev & Fees'!L25 -> 6613690.4 | E24: 551140.87 | Q24: =SUM(E24:P24) -> 551140.87 | R24: 0
A25: 21 | B25: 3398 | C25: Everglades Preparatory Academy | D25: ='Annual Rev & Fees'!L26 -> 988463.89 | E25: 82371.99 | Q25: =SUM(E25:P25) -> 82371.99 | R25: 0
A26: 22 | B26: 3400 | C26: Believers Academy | D26: ='Annual Rev & Fees'!L27 -> 1304023.4 | E26: 108668.62 | Q26: =SUM(E26:P26) -> 108668.62 | R26: 0
A27: 23 | B27: 3401 | C27: Quantum High School | D27: ='Annual Rev & Fees'!L28 -> 3694318.8 | E27: 307859.9 | Q27: =SUM(E27:P27) -> 307859.9 | R27: 0
A28: 24 | B28: 3413 | C28: Somerset Academy Boca | D28: ='Annual Rev & Fees'!L29 -> 3561468.1 | E28: 296789.01 | Q28: =SUM(E28:P28) -> 296789.01 | R28: 0
A29: 25 | B29: 3421 | C29: Worthington High School | D29: ='Annual Rev & Fees'!L30 -> 5451939.7 | E29: 454328.31 | Q29: =SUM(E29:P29) -> 454328.31 | R29: 0
A30: 26 | B30: 3431 | C30: Renaissance Charter School at WPB | D30: ='Annual Rev & Fees'!L31 -> 8910411.3 | E30: 742534.27 | Q30: =SUM(E30:P30) -> 742534.27 | R30: 0
A31: 27 | B31: 3441 | C31: South Tech Preparatory Academy (MS) | D31: ='Annual Rev & Fees'!L32 -> 4742328 | E31: 395194 | Q31: =SUM(E31:P31) -> 395194 | R31: 0
A32: 28 | B32: 3924 | C32: Palm Beach Maritime Academy Secondary | D32: ='Annual Rev & Fees'!L33 -> 3682119.7 | E32: 306843.31 | Q32: =SUM(E32:P32) -> 306843.31 | R32: 0
A33: 29 | B33: 3941 | C33: Ben Gamla Charter School | D33: ='Annual Rev & Fees'!L34 -> 1991308.6 | E33: 165942.38 | Q33: =SUM(E33:P33) -> 165942.38 | R33: 0
A34: 30 | B34: 3961 | C34: Gardens School of Technology Arts | D34: ='Annual Rev & Fees'!L35 -> 0 | E34: 0 | Q34: =SUM(E34:P34) -> 0 | R34: 0
A35: 31 | B35: 3971 | C35: Palm Beach Perparatory Charter Academy | D35: ='Annual Rev & Fees'!L36 -> 5866600.2 | E35: 488883.35 | Q35: =SUM(E35:P35) -> 488883.35 | R35: 0
A36: 32 | B36: 4001 | C36: Renaissance Charter School at Wellington | D36: ='Annual Rev & Fees'!L37 -> 5621701.7 | E36: 468475.14 | Q36: =SUM(E36:P36) -> 468475.14 | R36: 0
A37: 33 | B37: 4002 | C37: Renaissance Charter School at Summit | D37: ='Annual Rev & Fees'!L38 -> 7722107 | E37: 643508.92 | Q37: =SUM(E37:P37) -> 643508.92 | R37: 0
A38: 34 | B38: 4012 | C38: Somerset Academy Canyons Middle School | D38: ='Annual Rev & Fees'!L39 -> 0 | E38: 384598.14 | Q38: =SUM(E38:P38) -> 384598.14 | R38: 0
A39: 35 | B39: 4013 | C39: Somerset Academy Canyons High School | D39: ='Annual Rev & Fees'!L40 -> 14123437 | E39: 788760.73 | Q39: =SUM(E39:P39) -> 788760.73 | R39: 0
A40: 36 | B40: 4020 | C40: Franklin Academy - Boynton Beach | D40: ='Annual Rev & Fees'!L41 -> 11019943 | E40: 918328.6 | Q40: =SUM(E40:P40) -> 918328.6 | R40: 0
A41: 37 | B41: 4030 | C41: Olympus International Academy | D41: ='Annual Rev & Fees'!L42 -> 0 | E41: 0 | Q41: =SUM(E41:P41) -> 0 | R41: 0
A42: 38 | B42: 4031 | C42: Somerset Academy Wellington | D42: ='Annual Rev & Fees'!L43 -> 3454942.5 | E42: 287911.87 | Q42: =SUM(E42:P42) -> 287911.87 | R42: 0
A43: 39 | B43: 4041 | C43: Somerset Academy Boca Middle School | D43: ='Annual Rev & Fees'!L44 -> 825974.84 | E43: 68831.24 | Q43: =SUM(E43:P43) -> 68831.24 | R43: 0
A44: 40 | B44: 4050 | C44: Renaissance Charter School at Cypress | D44: ='Annual Rev & Fees'!L45 -> 5527868.3 | E44: 460655.69 | Q44: =SUM(E44:P44) -> 460655.69 | R44: 0
A45: 41 | B45: 4051 | C45: Renaissance Charter School at Central Palm | D45: ='Annual Rev & Fees'!L46 -> 5448382.5 | E45: 454031.87 | Q45: =SUM(E45:P45) -> 454031.87 | R45: 0
A46: 42 | B46: 4061 | C46: Franklin Academy - Palm Beach Gardens | D46: ='Annual Rev & Fees'!L47 -> 8046218.9 | E46: 670518.24 | Q46: =SUM(E46:P46) -> 670518.24 | R46: 0
A47: 43 | B47: 4080 | C47: University Preparatory Academy | D47: ='Annual Rev & Fees'!L48 -> 0 | E47: 0 | Q47: =SUM(E47:P47) -> 0 | R47: 0
A48: 44 | B48: 4081 | C48: Florida Futures Academy - North Campus | D48: ='Annual Rev & Fees'!L49 -> 1095785.6 | E48: 91315.47 | Q48: =SUM(E48:P48) -> 91315.47 | R48: 0
... A55: 51 | B55: 4131 | C55: Somerset Academy Wellington HS | D55: ='Annual Rev & Fees'!L56 -> 1026019.2 | E55: 85501.6 | Q55: =SUM(E55:P55) -> 85501.6 | R55: 0
R57: =SUM(E57:E57) -> 0
D58: =SUM(D5:D57) -> 2.1600692e+08 | E58: =SUM(E5:E57) -> 17996982 | F58: =SUM(F5:F57) -> 0 | G58: =SUM(G5:G57) -> 0 | H58: =SUM(H5:H57) -> 0 | I58: =SUM(I5:I57) -> 0 | J58: =SUM(J5:J57) -> 0 | K58: =SUM(K5:K57) -> 0 | ... Q58: =SUM(Q5:Q57) -> 17996982 | R58: =SUM(E58:P58) -> 17996982
Q59: =SUM(E59:P59) -> 0
B60: 166059.87 | C60: Related to first payment (July 2025) to 4080 University Prep | I60: Net Revenue | J60: ='Annual Rev & Fees'!L59 -> 2.1600692e+08
I61: Net Revenue - Previous Pmts | J61: =D127-SUM(E127:P127) -> 2.1600692e+08
I62: Calculated Current Payment | J62: =J61/Consolidated!I157 -> 18000577
I63: Actual Current Payment | J63: =E58 -> 17996982
J64: =J62-J63 -> 3594.2267 | K64: rounding diff
N70: *Use this for each tab in worksheet, current month is excluded for calc.
D72: Net Revenue | E72: July | F72: August | G72: Sept | H72: Oct | I72: Nov | J72: Dec | K72: Jan | L72: Feb | M72: March | N72: April | O72: May | P72: June | Q72: Total | R72: Payments excluding current month
A73: 1 | B73: 0040 | C73: Palm Beach Preparatory Middle School | D73: =D5 -> 215256.02 | Q73: =SUM(E73:P73) -> 0 | R73: =SUM(E73:P73) -> 0
A74: 2 | B74: 0571 | C74: Palmetto Park | D74: =D6 -> 1165374.9 | Q74: =SUM(E74:P74) -> 0 | R74: =SUM(E74:P74) -> 0
A75: 3 | B75: 0100 | C75: The Learning Center Highschool | D75: =D7 -> 892165.97 | Q75: =SUM(E75:P75) -> 0 | R75: =SUM(E75:P75) -> 0
A76: 4 | B76: 1461 | C76: Inlet Grove Community High School | D76: =D8 -> 7909427.5 | Q76: =SUM(E76:P76) -> 0 | R76: =SUM(E76:P76) -> 0
A77: 5 | B77: 1571 | C77: South Tech Charter Academy | D77: =D9 -> 11996437 | Q77: =SUM(E77:P77) -> 0 | R77: =SUM(E77:P77) -> 0
A78: 6 | B78: 2521 | C78: Ed Venture | D78: =D10 -> 1334466.3 | Q78: =SUM(E78:P78) -> 0 | R78: =SUM(E78:P78) -> 0
A79: 7 | B79: 2531 | C79: Potentials Charter School | D79: =D11 -> 1456769.2 | Q79: =SUM(E79:P79) -> 0 | R79: =SUM(E79:P79) -> 0
A80: 8 | B80: 2791 | C80: The Learning Center @ The Els Center of Excl | D80: =D12 -> 5895629.3 | Q80: =SUM(E80:P80) -> 0 | R80: =SUM(E80:P80) -> 0
A81: 9 | B81: 2801 | C81: Palm Beach Maritime Academy Elementary | D81: =D13 -> 5104495.1 | Q81: =SUM(E81:P81) -> 0 | R81: =SUM(E81:P81) -> 0
A82: 10 | B82: 2911 | C82: Western Academy Charter School | D82: =D14 -> 7020252.4 | Q82: =SUM(E82:P82) -> 0 | R82: =SUM(E82:P82) -> 0
A83: 11 | B83: 2941 | C83: Palm Beach School for Autism | D83: =D15 -> 11160540 | Q83: =SUM(E83:P83) -> 0 | R83: =SUM(E83:P83) -> 0
A84: 12 | B84: 3083 | C84: The Learning Academy @ The Els Center of Excl | D84: =D16 -> 6682474.5 | Q84: =SUM(E84:P84) -> 0 | R84: =SUM(E84:P84) -> 0
A85: 13 | B85: 3345 | C85: Career Academy of the Palm Beaches | D85: =D17 -> 1240427.6 | Q85: =SUM(E85:P85) -> 0 | R85: =SUM(E85:P85) -> 0
A86: 14 | B86: 3362 | C86: Somerset Avenir | D86: =D18 -> 1395380.9 | Q86: =SUM(E86:P86) -> 0 | R86: =SUM(E86:P86) -> 0
A87: 15 | B87: 3381 | C87: Imagine Schools - Chancellor Campus | D87: =D19 -> 9483811.8 | Q87: =SUM(E87:P87) -> 0 | R87: =SUM(E87:P87) -> 0
A88: 16 | B88: 3382 | C88: Glades Academy | D88: =D20 -> 2384946.9 | Q88: =SUM(E88:P88) -> 0 | R88: =SUM(E88:P88) -> 0
A89: 17 | B89: 3391 | C89: Seagull Academy for Independent Living | D89: =D21 -> 0 | Q89: =SUM(E89:P89) -> 0 | R89: =SUM(E89:P89) -> 0
A90: 18 | B90: 3394 | C90: Montessori Academy of Early Enrichment | D90: =D22 -> 1691865.6 | Q90: =SUM(E90:P90) -> 0 | R90: =SUM(E90:P90) -> 0
A91: 19 | B91: 3395 | C91: Somerset Academy Charter School | D91: =D23 -> 4714570.8 | Q91: =SUM(E91:P91) -> 0 | R91: =SUM(E91:P91) -> 0
A92: 20 | B92: 3396 | C92: G-Star School of the Arts | D92: =D24 -> 6613690.4 | Q92: =SUM(E92:P92) -> 0 | R92: =SUM(E92:P92) -> 0
A93: 21 | B93: 3398 | C93: Everglades Preparatory Academy | D93: =D25 -> 988463.89 | Q93: =SUM(E93:P93) -> 0 | R93: =SUM(E93:P93) -> 0
A94: 22 | B94: 3400 | C94: Believers Academy | D94: =D26 -> 1304023.4 | Q94: =SUM(E94:P94) -> 0 | R94: =SUM(E94:P94) -> 0
A95: 23 | B95: 3401 | C95: Quantum High School | D95: =D27 -> 3694318.8 | Q95: =SUM(E95:P95) -> 0 | R95: =SUM(E95:P95) -> 0
A96: 24 | B96: 3413 | C96: Somerset Academy Boca | D96: =D28 -> 3561468.1 | Q96: =SUM(E96:P96) -> 0 | R96: =SUM(E96:P96) -> 0
A97: 25 | B97: 3421 | C97: Worthington High School | D97: =D29 -> 5451939.7 | Q97: =SUM(E97:P97) -> 0 | R97: =SUM(E97:P97) -> 0
A98: 26 | B98: 3431 | C98: Renaissance Charter School at WPB | D98: =D30 -> 8910411.3 | Q98: =SUM(E98:P98) -> 0 | R98: =SUM(E98:P98) -> 0
A99: 27 | B99: 3441 | C99: South Tech Preparatory Academy (MS) | D99: =D31 -> 4742328 | Q99: =SUM(E99:P99) -> 0 | R99: =SUM(E99:P99) -> 0
A100: 28 | B100: 3924 | C100: Palm Beach Maritime Academy Secondary | D100: =D32 -> 3682119.7 | Q100: =SUM(E100:P100) -> 0 | R100: =SUM(E100:P100) -> 0
A101: 29 | B101: 3941 | C101: Ben Gamla Charter School | D101: =D33 -> 1991308.6 | Q101: =SUM(E101:P101) -> 0 | R101: =SUM(E101:P101) -> 0
A102: 30 | B102: 3961 | C102: Gardens School of Technology Arts | D102: =D34 -> 0 | Q102: =SUM(E102:P102) -> 0 | R102: =SUM(E102:P102) -> 0
A103: 31 | B103: 3971 | C103: Palm Beach Perparatory Charter Academy | D103: =D35 -> 5866600.2 | Q103: =SUM(E103:P103) -> 0 | R103: =SUM(E103:P103) -> 0
A104: 32 | B104: 4001 | C104: Renaissance Charter School at Wellington | D104: =D36 -> 5621701.7 | Q104: =SUM(E104:P104) -> 0 | R104: =SUM(E104:P104) -> 0
A105: 33 | B105: 4002 | C105: Renaissance Charter School at Summit | D105: =D37 -> 7722107 | Q105: =SUM(E105:P105) -> 0 | R105: =SUM(E105:P105) -> 0
A106: 34 | B106: 4012 | C106: Somerset Academy Canyons Middle School | D106: =D38 -> 0 | Q106: =SUM(E106:P106) -> 0 | R106: =SUM(E106:P106) -> 0
A107: 35 | B107: 4013 | C107: Somerset Academy Canyons High School | D107: =D39 -> 14123437 | Q107: =SUM(E107:P107) -> 0 | R107: =SUM(E107:P107) -> 0
A108: 36 | B108: 4020 | C108: Franklin Academy - Boynton Beach | D108: =D40 -> 11019943 | Q108: =SUM(E108:P108) -> 0 | R108: =SUM(E108:P108) -> 0
A109: 37 | B109: 4030 | C109: Olympus International Academy | D109: =D41 -> 0 | Q109: =SUM(E109:P109) -> 0 | R109: =SUM(E109:P109) -> 0
A110: 38 | B110: 4031 | C110: Somerset Academy Wellington | D110: =D42 -> 3454942.5 | Q110: =SUM(E110:P110) -> 0 | R110: =SUM(E110:P110) -> 0
A111: 39 | B111: 4041 | C111: Somerset Academy Boca Middle School | D111: =D43 -> 825974.84 | Q111: =SUM(E111:P111) -> 0 | R111: =SUM(E111:P111) -> 0
A112: 40 | B112: 4050 | C112: Renaissance Charter School at Cypress | D112: =D44 -> 5527868.3 | Q112: =SUM(E112:P112) -> 0 | R112: =SUM(E112:P112) -> 0
A113: 41 | B113: 4051 | C113: Renaissance Charter School at Central Palm | D113: =D45 -> 5448382.5 | Q113: =SUM(E113:P113) -> 0 | R113: =SUM(E113:P113) -> 0
A114: 42 | B114: 4061 | C114: Franklin Academy - Palm Beach Gardens | D114: =D46 -> 8046218.9 | Q114: =SUM(E114:P114) -> 0 | R114: =SUM(E114:P114) -> 0
A115: 43 | B115: 4080 | C115: University Preparatory Academy | D115: =D47 -> 0 | Q115: =SUM(E115:P115) -> 0 | R115: =SUM(E115:P115) -> 0
...

Sheet Consolidated
B1: (Insert district number in cell A1, enter, then strike F9. Your district data then pulls from Calculation Detail Sheets)
A2: Revenue Estimate Worksheet: All Charter Schools (Consolidated Tab)
A3: Based on the 2025-26 Fourth Calculation Worksheet
A4: School District: | C4: Palm Beach | H4: 46204
A7: 1A. 2025-26 FEFP State and Local Funding
B8: Base Student Allocation: | C8: 5372.6 | G8: District Cost Differential: | H8: 1.0355
G9: Small District Factor: | H9: 1
I10: 2025-26
C11: Oct 2025 | D11: Feb 2026 | E11: Total | F11: Program | H11: Weighted FTE | I11: Base Funding
A12: Program | C12: FTE | D12: FTE | E12: FTE | F12: Cost Factor | H12: (2) x (3) | I12: (WFTE x BSA x CWF x SDF)
A13: (1) | E13: (2) | F13: (3) | H13: (4) | I13: (5)
A14: 101 Basic K-3 | C14: =SUM('0040:4141'!C12) -> 1934.19 | D14: =SUM('0040:4141'!D12) -> 1868.49 | E14: =SUM('0040:4141'!E12) -> 3802.68 | F14: 1.108 | H14: =SUM('0040:4141'!I12) -> 4213.3694 | I14: =SUM('0040:4141'!J12) -> 23440353
A15: 111 Basic K-3 with ESE Services | C15: =SUM('0040:4141'!C13) -> 305 | D15: =SUM('0040:4141'!D13) -> 331.87 | E15: =SUM('0040:4141'!E13) -> 636.87 | F15: 1.108 | H15: =SUM('0040:4141'!I13) -> 705.6519 | I15: =SUM('0040:4141'!J13) -> 3925772.5
A16: 102 Basic 4-8 | C16: =SUM('0040:4141'!C14) -> 3241.36 | D16: =SUM('0040:4141'!D14) -> 3189.12 | E16: =SUM('0040:4141'!E14) -> 6430.48 | F16: 1 | H16: =SUM('0040:4141'!I14) -> 6430.48 | I16: =SUM('0040:4141'!J14) -> 35774865
A17: 112 Basic 4-8 with ESE Services | C17: =SUM('0040:4141'!C15) -> 638.87 | D17: =SUM('0040:4141'!D15) -> 629.76 | E17: =SUM('0040:4141'!E15) -> 1268.63 | F17: 1 | H17: =SUM('0040:4141'!I15) -> 1268.63 | I17: =SUM('0040:4141'!J15) -> 7057803.9
A18: 103 Basic 9-12 | C18: =SUM('0040:4141'!C16) -> 2167.92 | D18: =SUM('0040:4141'!D16) -> 2195.32 | E18: =SUM('0040:4141'!E16) -> 4363.24 | F18: 0.972 | H18: =SUM('0040:4141'!I16) -> 4241.0692 | I18: =SUM('0040:4141'!J16) -> 23594456
A19: 113 Basic 9-12 with ESE Services | C19: =SUM('0040:4141'!C17) -> 657.85 | D19: =SUM('0040:4141'!D17) -> 669 | E19: =SUM('0040:4141'!E17) -> 1326.85 | F19: 0.972 | H19: =SUM('0040:4141'!I17) -> 1289.6981 | I19: =SUM('0040:4141'!J17) -> 7175012.6
A20: 254 ESE Level 4 (Grade Level PK-3) | C20: =SUM('0040:4141'!C18) -> 99 | D20: =SUM('0040:4141'!D18) -> 89.44 | E20: =SUM('0040:4141'!E18) -> 188.44 | F20: 3.609 | H20: =SUM('0040:4141'!I18) -> 680.08 | I20: =SUM('0040:4141'!J18) -> 3783507.6
A21: 254 ESE Level 4 (Grade Level 4-8) | C21: =SUM('0040:4141'!C19) -> 70 | D21: =SUM('0040:4141'!D19) -> 64.5 | E21: =SUM('0040:4141'!E19) -> 134.5 | F21: 3.609 | H21: =SUM('0040:4141'!I19) -> 485.4105 | I21: =SUM('0040:4141'!J19) -> 2700497.5
A22: 254 ESE Level 4 (Grade Level 9-12) | C22: =SUM('0040:4141'!C20) -> 74.85 | D22: =SUM('0040:4141'!D20) -> 72.41 | E22: =SUM('0040:4141'!E20) -> 147.26 | F22: 3.609 | H22: =SUM('0040:4141'!I20) -> 531.4614 | I22: =SUM('0040:4141'!J20) -> 2956693.7
A23: 255 ESE Level 5 (Grade Level PK-3) | C23: =SUM('0040:4141'!C21) -> 49.5 | D23: =SUM('0040:4141'!D21) -> 67.47 | E23: =SUM('0040:4141'!E21) -> 116.97 | F23: 6.064 | H23: =SUM('0040:4141'!I21) -> 709.3061 | I23: =SUM('0040:4141'!J21) -> 3946102
A24: 255 ESE Level 5 (Grade Level 4-8) | C24: =SUM('0040:4141'!C22) -> 64.5 | D24: =SUM('0040:4141'!D22) -> 71 | E24: =SUM('0040:4141'!E22) -> 135.5 | F24: 6.064 | H24: =SUM('0040:4141'!I22) -> 821.672 | I24: =SUM('0040:4141'!J22) -> 4571230.3
A25: 255 ESE Level 5 (Grade Level 9-12) | C25: =SUM('0040:4141'!C23) -> 45 | D25: =SUM('0040:4141'!D23) -> 45.55 | E25: =SUM('0040:4141'!E23) -> 90.55 | F25: 6.064 | H25: =SUM('0040:4141'!I23) -> 549.0952 | I25: =SUM('0040:4141'!J23) -> 3054796.3
... A29: 300 Career Education (Grades 9-12) | C29: =SUM('0040:4141'!C27) -> 307.3 | D29: =SUM('0040:4141'!D27) -> 298.26 | E29: =SUM('0040:4141'!E27) -> 605.56 | F29: 1.081 | H29: =SUM('0040:4141'!I27) -> 654.6104 | I29: =SUM('0040:4141'!J27) -> 3641811.9
A30: Totals non-virtual schools | C30: =SUM(C14:C29) -> 10590.24 | D30: =SUM(D14:D29) -> 10531.68 | E30: =SUM(E14:E29) -> 21121.92 | H30: =SUM('0040:4141'!I28) -> 24764.2 | I30: =SUM('0040:4141'!J28) -> 1.3777135e+08 | K30: 1.3894844e+08
A31: Virtual schools ($5,476.28/FTE) | C31: =SUM('0040:4141'!C29) -> 0 | D31: =SUM('0040:4141'!D29) -> 0 | E31: =IF(D$30=0,C31*2,C31+D31) -> 0 | F31: 0 | H31: =ROUND(E31*F31,4) -> 0
A32: Totals all schools | C32: =SUM(C30:C31) -> 10590.24 | D32: =SUM(D30:D31) -> 10531.68 | E32: =SUM(E30:E31) -> 21121.92 | I32: =SUM('0040:4141'!J30) -> 0
A34: Letters in Parentheses Refer to Notes at Bottom of Worksheet:
I36: 2018-19
C37: =C11 -> Oct 2025 | D37: =D11 -> Feb 2026 | E37: Total | I37: Base Funding
A38: Additional FTE (a) | C38: FTE | D38: FTE | E38: FTE | I38: (WFTE x BSA x DCD)
A39: Advanced Placement | C39: 0 | D39: 0 | E39: =+C39+D39 -> 0
A40: International Baccalaureate | C40: 0 | D40: 0 | E40: =+C40+D40 -> 0
A41: Advanced International Certificate | C41: 0 | D41: 0 | E41: =+C41+D41 -> 0
A42: Industry Certified Career Education | C42: 0 | D42: 0 | E42: =+C42+D42 -> 0
A43: Early High School Graduation | C43: 0 | D43: 0 | E43: =+C43+D43 -> 0
A44: Small District ESE Supplement | C44: 0 | D44: 0 | E44: =+C44+D44 -> 0
B45: Total Additional FTE | C45: =SUM(C39:C44) -> 0 | D45: =SUM(D39:D44) -> 0 | E45: =SUM(E39:E44) -> 0 | H45: Additional Base Funds | I45: =SUM(I39:I44) -> 0
B47: Total Funded Weighted FTE | E47: =H30+E45 -> 24764.2 | H47: Total Base Funding | I47: =SUM(I45,I32) -> 0
A50: 1B. Classroom Teacher & Other Instructional Personnel Salary Increase
A51: Maintenance and Growth Portions of the Salary Increase funds are part of the total Base Funding and are not treated as a separate allocation.
A52: Amounts are split out here for informative purposes and for the purposes of providing a total that may be used for calculating the adminstrative fee.
B53: Maintenance Portion (6.67% of Conference Funding) | E53: (g) (k) | F53: =SUM('0040:4141'!G36) -> 1.3631323e+08 | G53: x | H53: 0.0667 | I53: =SUM('0040:4141'!J36) -> 9092092.5 | K53: =F53*H53 -> 9092092.6
B54: Growth Portion (0.54% of Conference Funding) | E54: (g) (k) | F54: =SUM('0040:4141'!G37) -> 1.3631323e+08 | G54: x | H54: 0.0054 | I54: =SUM('0040:4141'!J37) -> 736091.43 | K54: =F54*0.0054 -> 736091.45
B55: Total Salary Increase | I55: =SUM(I53:I54) -> 9828184
C57: =C11 -> Oct 2025 | D57: =D11 -> Feb 2026 | E57: Total | F57: Grade | G57: Matrix | H57: Guarantee
A58: 2. ESE Guaranteed Allocation: | C58: =C12 -> FTE | D58: =D12 -> FTE | E58: FTE | F58: Level | G58: Level | H58: Per Student
A59: Additional Funding from the ESE Guaranteed Allocation. Enter the FTE from 111,112 and 113 by grade and matrix level. Students who do not have a matrix level should be considered 251. This total should equal all FTE from programs 111, 112 and 113 above. | C59: =SUM('0040:4141'!C41) -> 305 | D59: =SUM('0040:4141'!D41) -> 331.87 | E59: =SUM('0040:4141'!E41) -> 636.87 | F59: PK-3 | G59: 251 | H59: 1047 | I59: =SUM('0040:4141'!J41) -> 666802.89
C60: =SUM('0040:4141'!C42) -> 0 | D60: =SUM('0040:4141'!D42) -> 0 | E60: =SUM('0040:4141'!E42) -> 0 | F60: PK-3 | G60: 252 | H60: 3380 | I60: =SUM('0040:4141'!J42) -> 0
C61: =SUM('0040:4141'!C43) -> 0 | D61: =SUM('0040:4141'!D43) -> 0 | E61: =SUM('0040:4141'!E43) -> 0 | F61: PK-3 | G61: 253 | H61: 6896 | I61: =SUM('0040:4141'!J43) -> 0
C62: =SUM('0040:4141'!C44) -> 0 | D62: =SUM('0040:4141'!D44) -> 0 | E62: =SUM('0040:4141'!E44) -> 0 | F62: 4-8 | G62: 251 | H62: 1173 | I62: =SUM('0040:4141'!J44) -> 0
C63: =SUM('0040:4141'!C45) -> 638.87 | D63: =SUM('0040:4141'!D45) -> 629.76 | E63: =SUM('0040:4141'!E45) -> 1268.63 | F63: 4-8 | G63: 252 | H63: 3506 | I63: =SUM('0040:4141'!J45) -> 4447816.8
C64: =SUM('0040:4141'!C46) -> 0 | D64: =SUM('0040:4141'!D46) -> 0 | E64: =SUM('0040:4141'!E46) -> 0 | F64: 4-8 | G64: 253 | H64: 7023 | I64: =SUM('0040:4141'!J46) -> 0
C65: =SUM('0040:4141'!C47) -> 0 | D65: =SUM('0040:4141'!D47) -> 0 | E65: =SUM('0040:4141'!E47) -> 0 | F65: 9-12 | G65: 251 | H65: 835 | I65: =SUM('0040:4141'!J47) -> 0
C66: =SUM('0040:4141'!C48) -> 0 | D66: =SUM('0040:4141'!D48) -> 0 | E66: =SUM('0040:4141'!E48) -> 0 | F66: 9-12 | G66: 252 | H66: 3168 | I66: =SUM('0040:4141'!J48) -> 0
C67: =SUM('0040:4141'!C49) -> 657.85 | D67: =SUM('0040:4141'!D49) -> 669 | E67: =SUM('0040:4141'!E49) -> 1327.35 | F67: 9-12 | G67: 253 | H67: 6685 | I67: =SUM('0040:4141'!J49) -> 8873334.7
C68: =SUM(C59:C67) -> 1601.72 | D68: =SUM(D59:D67) -> 1630.63 | E68: =SUM(E59:E67) -> 3232.85 | F68: Total ESE Guarantee | I68: =SUM(I59:I67) -> 13987954
A70: 3A. Divide school's Unweighted FTE (UFTE) total computed in Section 1, cell E30 above by the district's total UFTE to obtain school's
A71: UFTE share. CS UFTE: | C71: =SUM('0040:4141'!E53) -> 19956.13 | D71: ÷ District's total UFTE | H71: 207716.69
G72: = | H72: =ROUND(C71/H71,6) -> 0.096074
A73: 3B. Divide school's Weighted FTE (WFTE) total computed in Section 1, cell H30 above by the district's total WFTE to obtain school's
A74: WFTE share. CS WFTE: | C74: =SUM('0040:4141'!E56) -> 23494.47 | D74: ÷ District's total WFTE | H74: 221131.37
G75: = | H75: =ROUND(C74/H74,6) -> 0.106247
A76: 3C. Divide school's Unweighted FTE (UFTE) total computed in Section 1, cell E30 above by the District's total non-scholarship UFTE to obtain school's
A77: UFTE share. CS UFTE: | C77: =SUM('0040:4141'!E59) -> 19956.13 | D77: ÷ District's total non-scholarship UFTE | H77: 178668.19
G78: = | H78: =ROUND(C77/H77,6) -> 0.111694
A79: 3D. Divide school's Unweighted FTE (UFTE) total computed in Section 1, cell E30 above by the District's total non-virtual UFTE to obtain school's
A80: UFTE share. CS UFTE: | C80: =SUM('0040:4141'!E62) -> 19956.13 | D80: ÷ District's total non-virtual UFTE | H80: 207376.94
G81: = | H81: =ROUND(C80/H80,6) -> 0.096231
A82: 3E. Divide school's Unweighted FTE (UFTE) total computed in Section 1, cell E30 above by the district's total non-scholarship/virtual UFTE to obtain
A83: school's UFTE share. CS UFTE: | C83: =SUM('0040:4141'!E65) -> 19956.13 | D83: ÷ Dististict's total non-scholarship/virtual UFTE | H83: 178328.44
G84: = | H84: =ROUND(C83/H83,6) -> 0.111907
A86: 4. Educational Enrichment Share (Non-virtual UFTE share) | E86: (e) | F86: 45610484 | G86: x | H86: =H81 -> 0.096231 | I86: =SUM('0040:4141'!J68) -> 4645519 | K86: =F86*H86 -> 4389142.5 | L86: =I86-K86 -> 256376.51
A88: 5. Discretionary Millage Compression Allocation
A89: .748 Mills (UFTE share) | E89: (b) | F89: 0 | G89: x | H89: =H72 -> 0.096074 | I89: =SUM('0040:4141'!J70) -> 0
A91: 6. Safe Schools Allocation (Non-scholarship/virtual UFTE share) | E91: (f) | F91: 18959906 | G91: x | H91: =H84 -> 0.111907 | I91: =SUM('0040:4141'!J71) -> 2245668.2 | K91: =F91*H91 -> 2121746.2 | L91: =I91-K91 -> 123921.96
K92: =F92*H92 -> 0 | L92: =I92-K92 -> 0
A93: 7. Mental Health Assistance Allocation (Non-scholarship UFTE share) | E93: (b) | F93: 11308391 | G93: x | H93: =H78 -> 0.111694 | I93: =SUM('0040:4141'!J72) -> 1336844.1 | K93: =F93*H93 -> 1263079.4 | L93: =I93-K93 -> 73764.646
A95: 8. Academic Acceleration Options Supplement (Value share) | F95: (g)
A96: Acceleration Value | E96: Acceleration Value Charter schools should contact their school district sponsor regarding eligible value. Please note that “Acceleration Value” is NOT equivalent to number of students enrolled in these courses or programs. Please refer to footnote (g) below.
A97: Advanced Placement | J97: =SUM('0040:4141'!J75) -> 92
A98: International Baccalaureate | J98: =SUM('0040:4141'!J76) -> 24.88
A99: Advanced International Certificate | J99: =SUM('0040:4141'!J77) -> 200.46
A100: Industry Certified Career Education | J100: =SUM('0040:4141'!J78) -> 280.7
A101: Early High School Graduation | J101: =SUM('0040:4141'!J79) -> 30.75
A102: Dual Enrollment | J102: =SUM('0040:4141'!J80) -> 40.96
I103: School total value | J103: =SUM(J97:J102) -> 669.75
I104: District total value | J104: 12903.05
A106: School Academic Acceleration Option Supplement | F106: 58502790 | H106: x | I106: =IFERROR(ROUND(J103/J104,6),0) -> 0.051906 | J106: =ROUND(F106*I106,2) -> 3036645.8
A108: 9. Discretionary Local Effort (WFTE share) | E108: (c) | F108: 268816278 | G108: x | H108: =H75 -> 0.106247 | I108: =SUM('0040:4141'!J85) -> 30105004 | K108: =F108*H108 -> 28560923 | L108: =I108-K108 -> 1544080.7
A110: 10. Proration to Funds Available (WFTE share) | E110: (c) | F110: 0 | G110: x | H110: =H75 -> 0.106247 | I110: =SUM('0040:4141'!J86) -> 0
A112: 11. Educational Enrollment Stabilization Program (UFTE Share) | E112: (b) | F112: 0 | G112: x | H112: =H72 -> 0.096074 | I112: =SUM('0040:4141'!J87) -> 0
A115: 12. Class Size Reduction Funds:
C116: Weighted FTE | F116: Allocation
C117: (not including Add-On) | E117: X CWF X | F117: Factors
B118: PK - 3 | C118: =SUM('0040:4141'!B90) -> 7498.3038 | E118: =H8 -> 1.0355 | F118: 958.42 | G118: = | H118: =SUM('0040:4141'!I90) -> 7441645.9
B119: 4-8 | C119: =SUM('0040:4141'!B91) -> 9642.2134 | E119: =H8 -> 1.0355 | F119: 915.09 | G119: = | H119: =SUM('0040:4141'!I91) -> 9136727.1
B120: 9-12 | C120: =SUM('0040:4141'!B92) -> 7623.6828 | E120: =H8 -> 1.0355 | F120: 917.3 | G120: = | H120: =SUM('0040:4141'!I92) -> 7241463
B121: Total * | C121: =SUM('0040:4141'!B93) -> 24764.2 | H121: Total Class Size Reduction Funds | I121: =SUM('0040:4141'!J93) -> 23819836
A122: (*Total FTE should equal total in Section 1, column (4) and should not include any additional FTE from Section 1.)
...

Sheet Surv2-3
A1: Count 2 | H1: Count 3
A2: School # | B2: Program | C2: Prog Total | D2: PK-3 | E2: 4-8 | F2: 9-12 | H2: School # | I2: Program | J2: Prog Total | K2: PK-3 | L2: 4-8 | M2: 9-12 | P2: Sch No | Q2: Sch (0000) | R2: Prog | S2: Count 2 Unwtd | U2: Sch No | V2: Sch (0000) | W2: Prog | X2: Count 3 Unwtd | Z2: Sch (0000) | AA2: FTE
A3: 0040 | B3: 102 | C3: 6.75 | D3: 0 | E3: 6.75 | F3: 0 | H3: 0040 | I3: 102 | J3: 7.5 | K3: 0 | L3: 7.5 | M3: 0 | P3: 11 | Q3: =TEXT(P3,"0000") -> 0011 | R3: 101 | S3: 126.5 | U3: 11 | V3: =TEXT(U3,"0000") -> 0011 | W3: 101 | X3: 123.96 | Z3: 0040 | AA3: =SUMIF(Q:Q,Z3,S:S)+SUMIF(V:V,Z3,X:X) -> 23.72
A4: 0040 | B4: 112 | C4: 3.5 | D4: 0 | E4: 3.5 | F4: 0 | H4: 0040 | I4: 112 | J4: 3.97 | K4: 0 | L4: 3.97 | M4: 0 | P4: 11 | Q4: =TEXT(P4,"0000") -> 0011 | R4: 102 | S4: 148.52 | U4: 11 | V4: =TEXT(U4,"0000") -> 0011 | W4: 102 | X4: 147.49 | Z4: 0571 | AA4: =SUMIF(Q:Q,Z4,S:S)+SUMIF(V:V,Z4,X:X) -> 126
A5: 0040 | B5: 130 | C5: 1.25 | D5: 0 | E5: 1.25 | F5: 0 | H5: 0040 | I5: 130 | J5: 0.84 | K5: 0 | L5: 0.84 | M5: 0 | P5: 11 | Q5: =TEXT(P5,"0000") -> 0011 | R5: 111 | S5: 60.45 | U5: 11 | V5: =TEXT(U5,"0000") -> 0011 | W5: 111 | X5: 63.55 | Z5: 0100 | AA5: =SUMIF(Q:Q,Z5,S:S)+SUMIF(V:V,Z5,X:X) -> 27
A6: 0100 | B6: 113 | C6: 0.5 | D6: 0 | E6: 0 | F6: 0.5 | H6: 0100 | I6: 254 | J6: 9 | K6: 0 | L6: 0 | M6: 9 | P6: 11 | Q6: =TEXT(P6,"0000") -> 0011 | R6: 112 | S6: 50.5 | U6: 11 | V6: =TEXT(U6,"0000") -> 0011 | W6: 112 | X6: 50.23 | Z6: 1461 | AA6: =SUMIF(Q:Q,Z6,S:S)+SUMIF(V:V,Z6,X:X) -> 830.39
A7: 0100 | B7: 254 | C7: 10 | D7: 0 | E7: 0 | F7: 10 | H7: 0100 | I7: 255 | J7: 4.5 | K7: 0 | L7: 0 | M7: 4.5 | P7: 11 | Q7: =TEXT(P7,"0000") -> 0011 | R7: 130 | S7: 37.63 | U7: 11 | V7: =TEXT(U7,"0000") -> 0011 | W7: 130 | X7: 34.42 | Z7: 1571 | AA7: =SUMIF(Q:Q,Z7,S:S)+SUMIF(V:V,Z7,X:X) -> 1103.25
A8: 0100 | B8: 255 | C8: 3 | D8: 0 | E8: 0 | F8: 3 | H8: 0571 | I8: 102 | J8: 2.56 | K8: 0 | L8: 2.56 | M8: 0 | P8: 11 | Q8: =TEXT(P8,"0000") -> 0011 | R8: 254 | S8: 1 | U8: 11 | V8: =TEXT(U8,"0000") -> 0011 | W8: 254 | X8: 1 | Z8: 2521 | AA8: =SUMIF(Q:Q,Z8,S:S)+SUMIF(V:V,Z8,X:X) -> 73.6
A9: 0571 | B9: 102 | C9: 2.9 | D9: 0 | E9: 2.9 | F9: 0 | H9: 0571 | I9: 103 | J9: 54.84 | K9: 0 | L9: 0 | M9: 54.84 | P9: 11 | Q9: =TEXT(P9,"0000") -> 0011 | R9: 255 | S9: 0.48 | U9: 12 | V9: =TEXT(U9,"0000") -> 0012 | W9: 101 | X9: 118.16 | Z9: 2531 | AA9: =SUMIF(Q:Q,Z9,S:S)+SUMIF(V:V,Z9,X:X) -> 48.5
A10: 0571 | B10: 103 | C10: 26.72 | D10: 0 | E10: 0 | F10: 26.72 | H10: 0571 | I10: 112 | J10: 0.48 | K10: 0 | L10: 0.48 | M10: 0 | P10: 12 | Q10: =TEXT(P10,"0000") -> 0012 | R10: 101 | S10: 118.76 | U10: 12 | V10: =TEXT(U10,"0000") -> 0012 | W10: 102 | X10: 49.82 | Z10: 2791 | AA10: =SUMIF(Q:Q,Z10,S:S)+SUMIF(V:V,Z10,X:X) -> 173.06
A11: 0571 | B11: 112 | C11: 0.5 | D11: 0 | E11: 0.5 | F11: 0 | H11: 0571 | I11: 113 | J11: 20.6 | K11: 0 | L11: 0 | M11: 20.6 | P11: 12 | Q11: =TEXT(P11,"0000") -> 0012 | R11: 102 | S11: 51.34 | U11: 12 | V11: =TEXT(U11,"0000") -> 0012 | W11: 111 | X11: 30.09 | Z11: 2801 | AA11: =SUMIF(Q:Q,Z11,S:S)+SUMIF(V:V,Z11,X:X) -> 555.49
A12: 0571 | B12: 113 | C12: 9.43 | D12: 0 | E12: 0 | F12: 9.43 | H12: 0571 | I12: 130 | J12: 5.25 | K12: 0 | L12: 0.4 | M12: 4.85 | P12: 12 | Q12: =TEXT(P12,"0000") -> 0012 | R12: 111 | S12: 31.52 | U12: 12 | V12: =TEXT(U12,"0000") -> 0012 | W12: 112 | X12: 10.5 | Z12: 2911 | AA12: =SUMIF(Q:Q,Z12,S:S)+SUMIF(V:V,Z12,X:X) -> 778.53
A13: 0571 | B13: 130 | C13: 1.5 | D13: 0 | E13: 0.6 | F13: 0.9 | H13: 0571 | I13: 300 | J13: 0.76 | K13: 0 | L13: 0 | M13: 0.76 | P13: 12 | Q13: =TEXT(P13,"0000") -> 0012 | R13: 112 | S13: 11.74 | U13: 12 | V13: =TEXT(U13,"0000") -> 0012 | W13: 130 | X13: 107.54 | Z13: 2941 | AA13: =SUMIF(Q:Q,Z13,S:S)+SUMIF(V:V,Z13,X:X) -> 380.17
A14: 1461 | B14: 102 | C14: 73.38 | D14: 0 | E14: 73.38 | F14: 0 | H14: 1461 | I14: 102 | J14: 70.1 | K14: 0 | L14: 70.1 | M14: 0 | P14: 12 | Q14: =TEXT(P14,"0000") -> 0012 | R14: 130 | S14: 109.08 | U14: 12 | V14: =TEXT(U14,"0000") -> 0012 | W14: 254 | X14: 0.54 | Z14: 3083 | AA14: =SUMIF(Q:Q,Z14,S:S)+SUMIF(V:V,Z14,X:X) -> 179.39
A15: 1461 | B15: 103 | C15: 206.34 | D15: 0 | E15: 0 | F15: 206.34 | H15: 1461 | I15: 103 | J15: 203.7 | K15: 0 | L15: 0 | M15: 203.7 | P15: 12 | Q15: =TEXT(P15,"0000") -> 0012 | R15: 254 | S15: 0.29 | U15: 21 | V15: =TEXT(U15,"0000") -> 0021 | W15: 102 | X15: 373.67 | Z15: 3345 | AA15: =SUMIF(Q:Q,Z15,S:S)+SUMIF(V:V,Z15,X:X) -> 83
A16: 1461 | B16: 112 | C16: 10 | D16: 0 | E16: 10 | F16: 0 | H16: 1461 | I16: 112 | J16: 10.01 | K16: 0 | L16: 10.01 | M16: 0 | P16: 21 | Q16: =TEXT(P16,"0000") -> 0021 | R16: 102 | S16: 377.79 | U16: 21 | V16: =TEXT(U16,"0000") -> 0021 | W16: 112 | X16: 121.95 | Z16: 3362 | AA16: =SUMIF(Q:Q,Z16,S:S)+SUMIF(V:V,Z16,X:X) -> 160.99
A17: 1461 | B17: 113 | C17: 34.84 | D17: 0 | E17: 0 | F17: 34.84 | H17: 1461 | I17: 113 | J17: 32.42 | K17: 0 | L17: 0 | M17: 32.42 | P17: 21 | Q17: =TEXT(P17,"0000") -> 0021 | R17: 112 | S17: 124.47 | U17: 21 | V17: =TEXT(U17,"0000") -> 0021 | W17: 130 | X17: 80.44 | Z17: 3381 | AA17: =SUMIF(Q:Q,Z17,S:S)+SUMIF(V:V,Z17,X:X) -> 1049.84
A18: 1461 | B18: 130 | C18: 10.14 | D18: 0 | E18: 2.63 | F18: 7.51 | H18: 1461 | I18: 130 | J18: 9.67 | K18: 0 | L18: 1.5 | M18: 8.17 | P18: 21 | Q18: =TEXT(P18,"0000") -> 0021 | R18: 130 | S18: 82.3 | U18: 21 | V18: =TEXT(U18,"0000") -> 0021 | W18: 254 | X18: 1 | Z18: 3382 | AA18: =SUMIF(Q:Q,Z18,S:S)+SUMIF(V:V,Z18,X:X) -> 261.71
A19: 1461 | B19: 300 | C19: 88.4 | D19: 0 | E19: 0 | F19: 88.4 | H19: 1461 | I19: 300 | J19: 79.33 | K19: 0 | L19: 0 | M19: 79.33 | P19: 21 | Q19: =TEXT(P19,"0000") -> 0021 | R19: 254 | S19: 1 | U19: 31 | V19: =TEXT(U19,"0000") -> 0031 | W19: 101 | X19: 105.44 | Z19: 3391 | AA19: =SUMIF(Q:Q,Z19,S:S)+SUMIF(V:V,Z19,X:X) -> 0
A20: 1571 | B20: 103 | C20: 286.32 | D20: 0 | E20: 0 | F20: 286.32 | H20: 1571 | I20: 102 | J20: 0.11 | K20: 0 | L20: 0.11 | M20: 0 | P20: 31 | Q20: =TEXT(P20,"0000") -> 0031 | R20: 101 | S20: 123.31 | U20: 31 | V20: =TEXT(U20,"0000") -> 0031 | W20: 102 | X20: 60.95 | Z20: 3394 | AA20: =SUMIF(Q:Q,Z20,S:S)+SUMIF(V:V,Z20,X:X) -> 192.97
A21: 1571 | B21: 113 | C21: 144.73 | D21: 0 | E21: 0 | F21: 144.73 | H21: 1571 | I21: 103 | J21: 273.25 | K21: 0 | L21: 0 | M21: 273.25 | P21: 31 | Q21: =TEXT(P21,"0000") -> 0031 | R21: 102 | S21: 62.45 | U21: 31 | V21: =TEXT(U21,"0000") -> 0031 | W21: 111 | X21: 108.3 | Z21: 3395 | AA21: =SUMIF(Q:Q,Z21,S:S)+SUMIF(V:V,Z21,X:X) -> 537
A22: 1571 | B22: 130 | C22: 1.51 | D22: 0 | E22: 0 | F22: 1.51 | H22: 1571 | I22: 113 | J22: 137.68 | K22: 0 | L22: 0 | M22: 137.68 | P22: 31 | Q22: =TEXT(P22,"0000") -> 0031 | R22: 111 | S22: 89.86 | U22: 31 | V22: =TEXT(U22,"0000") -> 0031 | W22: 112 | X22: 58.82 | Z22: 3396 | AA22: =SUMIF(Q:Q,Z22,S:S)+SUMIF(V:V,Z22,X:X) -> 702.78
A23: 1571 | B23: 300 | C23: 127.35 | D23: 0 | E23: 0 | F23: 127.35 | H23: 1571 | I23: 130 | J23: 1.33 | K23: 0 | L23: 0 | M23: 1.33 | P23: 31 | Q23: =TEXT(P23,"0000") -> 0031 | R23: 112 | S23: 56.82 | U23: 31 | V23: =TEXT(U23,"0000") -> 0031 | W23: 130 | X23: 18.84 | Z23: 3398 | AA23: =SUMIF(Q:Q,Z23,S:S)+SUMIF(V:V,Z23,X:X) -> 102.32
A24: 2521 | B24: 113 | C24: 27.79 | D24: 0 | E24: 0 | F24: 27.79 | H24: 1571 | I24: 300 | J24: 126 | K24: 0 | L24: 0 | M24: 126 | P24: 31 | Q24: =TEXT(P24,"0000") -> 0031 | R24: 130 | S24: 20.88 | U24: 31 | V24: =TEXT(U24,"0000") -> 0031 | W24: 254 | X24: 0.5 | Z24: 3400 | AA24: =SUMIF(Q:Q,Z24,S:S)+SUMIF(V:V,Z24,X:X) -> 91.18
A25: 2521 | B25: 254 | C25: 9.35 | D25: 0 | E25: 0 | F25: 9.35 | H25: 2521 | I25: 113 | J25: 27.19 | K25: 0 | L25: 0 | M25: 27.19 | P25: 31 | Q25: =TEXT(P25,"0000") -> 0031 | R25: 254 | S25: 0.5 | U25: 40 | V25: =TEXT(U25,"0000") -> 0040 | W25: 102 | X25: 7.5 | Z25: 3401 | AA25: =SUMIF(Q:Q,Z25,S:S)+SUMIF(V:V,Z25,X:X) -> 395.41
A26: 2531 | B26: 113 | C26: 11.5 | D26: 0 | E26: 0 | F26: 11.5 | H26: 2521 | I26: 254 | J26: 9.36 | K26: 0 | L26: 0 | M26: 9.36 | P26: 40 | Q26: =TEXT(P26,"0000") -> 0040 | R26: 102 | S26: 6.7 | U26: 40 | V26: =TEXT(U26,"0000") -> 0040 | W26: 112 | X26: 3.97 | Z26: 3413 | AA26: =SUMIF(Q:Q,Z26,S:S)+SUMIF(V:V,Z26,X:X) -> 391.82
A27: 2531 | B27: 254 | C27: 2 | D27: 0 | E27: 0.5 | F27: 1.5 | H27: 2531 | I27: 112 | J27: 0.5 | K27: 0 | L27: 0.5 | M27: 0 | P27: 40 | Q27: =TEXT(P27,"0000") -> 0040 | R27: 112 | S27: 3.48 | U27: 40 | V27: =TEXT(U27,"0000") -> 0040 | W27: 130 | X27: 0.84 | Z27: 3421 | AA27: =SUMIF(Q:Q,Z27,S:S)+SUMIF(V:V,Z27,X:X) -> 597.46
A28: 2531 | B28: 255 | C28: 10.5 | D28: 4 | E28: 2.5 | F28: 4 | H28: 2531 | I28: 113 | J28: 10.98 | K28: 0 | L28: 0 | M28: 10.98 | P28: 40 | Q28: =TEXT(P28,"0000") -> 0040 | R28: 130 | S28: 1.23 | U28: 51 | V28: =TEXT(U28,"0000") -> 0051 | W28: 101 | X28: 161.65 | Z28: 3431 | AA28: =SUMIF(Q:Q,Z28,S:S)+SUMIF(V:V,Z28,X:X) -> 997.39
A29: 2791 | B29: 111 | C29: 3 | D29: 3 | E29: 0 | F29: 0 | H29: 2531 | I29: 254 | J29: 2.52 | K29: 0 | L29: 0.5 | M29: 2.02 | P29: 51 | Q29: =TEXT(P29,"0000") -> 0051 | R29: 101 | S29: 159.46 | U29: 51 | V29: =TEXT(U29,"0000") -> 0051 | W29: 102 | X29: 99.93 | Z29: 3441 | AA29: =SUMIF(Q:Q,Z29,S:S)+SUMIF(V:V,Z29,X:X) -> 522.78
A30: 2791 | B30: 112 | C30: 1 | D30: 0 | E30: 1 | F30: 0 | H30: 2531 | I30: 255 | J30: 10.54 | K30: 4.02 | L30: 2.5 | M30: 4.02 | P30: 51 | Q30: =TEXT(P30,"0000") -> 0051 | R30: 102 | S30: 95.2 | U30: 51 | V30: =TEXT(U30,"0000") -> 0051 | W30: 111 | X30: 22.5 | Z30: 3924 | AA30: =SUMIF(Q:Q,Z30,S:S)+SUMIF(V:V,Z30,X:X) -> 407.17
A31: 2791 | B31: 254 | C31: 60.5 | D31: 36 | E31: 24.5 | F31: 0 | H31: 2791 | I31: 111 | J31: 1.04 | K31: 1.04 | L31: 0 | M31: 0 | P31: 51 | Q31: =TEXT(P31,"0000") -> 0051 | R31: 111 | S31: 20.5 | U31: 51 | V31: =TEXT(U31,"0000") -> 0051 | W31: 112 | X31: 14.5 | Z31: 3941 | AA31: =SUMIF(Q:Q,Z31,S:S)+SUMIF(V:V,Z31,X:X) -> 224.44
A32: 2791 | B32: 255 | C32: 22 | D32: 13.5 | E32: 8.5 | F32: 0 | H32: 2791 | I32: 254 | J32: 48.02 | K32: 28.52 | L32: 19.5 | M32: 0 | P32: 51 | Q32: =TEXT(P32,"0000") -> 0051 | R32: 112 | S32: 15 | U32: 51 | V32: =TEXT(U32,"0000") -> 0051 | W32: 130 | X32: 75.27 | Z32: 3961 | AA32: =SUMIF(Q:Q,Z32,S:S)+SUMIF(V:V,Z32,X:X) -> 0
A33: 2801 | B33: 101 | C33: 111.37 | D33: 111.37 | E33: 0 | F33: 0 | H33: 2791 | I33: 255 | J33: 37.5 | K33: 23.5 | L33: 14 | M33: 0 | P33: 51 | Q33: =TEXT(P33,"0000") -> 0051 | R33: 130 | S33: 77.35 | U33: 51 | V33: =TEXT(U33,"0000") -> 0051 | W33: 254 | X33: 1.5 | Z33: 3971 | AA33: =SUMIF(Q:Q,Z33,S:S)+SUMIF(V:V,Z33,X:X) -> 627.37
A34: 2801 | B34: 102 | C34: 59.9 | D34: 0 | E34: 59.9 | F34: 0 | H34: 2801 | I34: 101 | J34: 105.01 | K34: 105.01 | L34: 0 | M34: 0 | P34: 51 | Q34: =TEXT(P34,"0000") -> 0051 | R34: 254 | S34: 1.5 | U34: 61 | V34: =TEXT(U34,"0000") -> 0061 | W34: 101 | X34: 142.33 | Z34: 4001 | AA34: =SUMIF(Q:Q,Z34,S:S)+SUMIF(V:V,Z34,X:X) -> 639.52
A35: 2801 | B35: 111 | C35: 25 | D35: 25 | E35: 0 | F35: 0 | H35: 2801 | I35: 102 | J35: 57.85 | K35: 0 | L35: 57.85 | M35: 0 | P35: 61 | Q35: =TEXT(P35,"0000") -> 0061 | R35: 101 | S35: 152.86 | U35: 61 | V35: =TEXT(U35,"0000") -> 0061 | W35: 102 | X35: 89.69 | Z35: 4002 | AA35: =SUMIF(Q:Q,Z35,S:S)+SUMIF(V:V,Z35,X:X) -> 875.02
A36: 2801 | B36: 112 | C36: 14 | D36: 0 | E36: 14 | F36: 0 | H36: 2801 | I36: 111 | J36: 29.51 | K36: 29.51 | L36: 0 | M36: 0 | P36: 61 | Q36: =TEXT(P36,"0000") -> 0061 | R36: 102 | S36: 87.2 | U36: 61 | V36: =TEXT(U36,"0000") -> 0061 | W36: 111 | X36: 78 | Z36: 4012 | AA36: =SUMIF(Q:Q,Z36,S:S)+SUMIF(V:V,Z36,X:X) -> 531.06
A37: 2801 | B37: 130 | C37: 69.73 | D37: 57.63 | E37: 12.1 | F37: 0 | H37: 2801 | I37: 112 | J37: 14.98 | K37: 0 | L37: 14.98 | M37: 0 | P37: 61 | Q37: =TEXT(P37,"0000") -> 0061 | R37: 111 | S37: 69.99 | U37: 61 | V37: =TEXT(U37,"0000") -> 0061 | W37: 112 | X37: 50.8 | Z37: 4013 | AA37: =SUMIF(Q:Q,Z37,S:S)+SUMIF(V:V,Z37,X:X) -> 991.76
A38: 2911 | B38: 101 | C38: 129.24 | D38: 129.24 | E38: 0 | F38: 0 | H38: 2801 | I38: 130 | J38: 68.02 | K38: 55.93 | L38: 12.09 | M38: 0 | P38: 61 | Q38: =TEXT(P38,"0000") -> 0061 | R38: 112 | S38: 52.79 | U38: 61 | V38: =TEXT(U38,"0000") -> 0061 | W38: 130 | X38: 23.39 | Z38: 4020 | AA38: =SUMIF(Q:Q,Z38,S:S)+SUMIF(V:V,Z38,X:X) -> 1235.6
A39: 2911 | B39: 102 | C39: 171.85 | D39: 0 | E39: 171.85 | F39: 0 | H39: 2911 | I39: 101 | J39: 128.4 | K39: 128.4 | L39: 0 | M39: 0 | P39: 61 | Q39: =TEXT(P39,"0000") -> 0061 | R39: 130 | S39: 23.24 | U39: 61 | V39: =TEXT(U39,"0000") -> 0061 | W39: 254 | X39: 2 | Z39: 4030 | AA39: =SUMIF(Q:Q,Z39,S:S)+SUMIF(V:V,Z39,X:X) -> 0
A40: 2911 | B40: 111 | C40: 30.5 | D40: 30.5 | E40: 0 | F40: 0 | H40: 2911 | I40: 102 | J40: 167.87 | K40: 0 | L40: 167.87 | M40: 0 | P40: 61 | Q40: =TEXT(P40,"0000") -> 0061 | R40: 254 | S40: 2 | U40: 71 | V40: =TEXT(U40,"0000") -> 0071 | W40: 101 | X40: 85.16 | Z40: 4031 | AA40: =SUMIF(Q:Q,Z40,S:S)+SUMIF(V:V,Z40,X:X) -> 398.09
A41: 2911 | B41: 112 | C41: 53.83 | D41: 0 | E41: 53.83 | F41: 0 | H41: 2911 | I41: 111 | J41: 31.53 | K41: 31.53 | L41: 0 | M41: 0 | P41: 71 | Q41: =TEXT(P41,"0000") -> 0071 | R41: 101 | S41: 89.11 | U41: 71 | V41: =TEXT(U41,"0000") -> 0071 | W41: 102 | X41: 70.73 | Z41: 4041 | AA41: =SUMIF(Q:Q,Z41,S:S)+SUMIF(V:V,Z41,X:X) -> 95.06
A42: 2911 | B42: 130 | C42: 5.76 | D42: 5.76 | E42: 0 | F42: 0 | H42: 2911 | I42: 112 | J42: 53.45 | K42: 0 | L42: 53.45 | M42: 0 | P42: 71 | Q42: =TEXT(P42,"0000") -> 0071 | R42: 102 | S42: 70.05 | U42: 71 | V42: =TEXT(U42,"0000") -> 0071 | W42: 111 | X42: 40.56 | Z42: 4050 | AA42: =SUMIF(Q:Q,Z42,S:S)+SUMIF(V:V,Z42,X:X) -> 634
A43: 2941 | B43: 101 | C43: 0.5 | D43: 0.5 | E43: 0 | F43: 0 | H43: 2911 | I43: 130 | J43: 6.69 | K43: 5.78 | L43: 0.91 | M43: 0 | P43: 71 | Q43: =TEXT(P43,"0000") -> 0071 | R43: 111 | S43: 37.55 | U43: 71 | V43: =TEXT(U43,"0000") -> 0071 | W43: 112 | X43: 37.51 | Z43: 4051 | AA43: =SUMIF(Q:Q,Z43,S:S)+SUMIF(V:V,Z43,X:X) -> 622.18
A44: 2941 | B44: 111 | C44: 7.5 | D44: 7.5 | E44: 0 | F44: 0 | H44: 2941 | I44: 111 | J44: 5 | K44: 5 | L44: 0 | M44: 0 | P44: 71 | Q44: =TEXT(P44,"0000") -> 0071 | R44: 112 | S44: 38.49 | U44: 71 | V44: =TEXT(U44,"0000") -> 0071 | W44: 130 | X44: 153.51 | Z44: 4061 | AA44: =SUMIF(Q:Q,Z44,S:S)+SUMIF(V:V,Z44,X:X) -> 925.99
A45: 2941 | B45: 112 | C45: 11 | D45: 0 | E45: 11 | F45: 0 | H45: 2941 | I45: 112 | J45: 10.53 | K45: 0 | L45: 10.53 | M45: 0 | P45: 71 | Q45: =TEXT(P45,"0000") -> 0071 | R45: 130 | S45: 159.64 | U45: 81 | V45: =TEXT(U45,"0000") -> 0081 | W45: 103 | X45: 1048.19 | Z45: 4080 | AA45: =SUMIF(Q:Q,Z45,S:S)+SUMIF(V:V,Z45,X:X) -> 0
A46: 2941 | B46: 113 | C46: 23.15 | D46: 0 | E46: 0 | F46: 23.15 | H46: 2941 | I46: 113 | J46: 23.9 | K46: 0 | L46: 0 | M46: 23.9 | P46: 81 | Q46: =TEXT(P46,"0000") -> 0081 | R46: 103 | S46: 1077.74 | U46: 81 | V46: =TEXT(U46,"0000") -> 0081 | W46: 112 | X46: 0.06 | Z46: 4081 | AA46: =SUMIF(Q:Q,Z46,S:S)+SUMIF(V:V,Z46,X:X) -> 123.2
... A53: 3083 | B53: 255 | C53: 46 | D53: 7.5 | E53: 13 | F53: 25.5 | H53: 3083 | I53: 255 | J53: 50.48 | K53: 9.95 | L53: 14.5 | M53: 26.03 | P53: 100 | Q53: =TEXT(P53,"0000") -> 0100 | R53: 254 | S53: 10 | U53: 100 | V53: =TEXT(U53,"0000") -> 0100 | W53: 255 | X53: 4.5 | Z53: 4131 | AA53: =SUMIF(Q:Q,Z53,S:S)+SUMIF(V:V,Z53,X:X) -> 122.12
A54: 3345 | B54: 113 | C54: 40.5 | D54: 0 | E54: 0 | F54: 40.5 | H54: 3345 | I54: 113 | J54: 41 | K54: 0 | L54: 0 | M54: 41 | P54: 100 | Q54: =TEXT(P54,"0000") -> 0100 | R54: 255 | S54: 3 | U54: 101 | V54: =TEXT(U54,"0000") -> 0101 | W54: 101 | X54: 100.37 | Z54: Total | AA54: =SUM(AA3:AA53) -> 21067.48
A55: 3345 | B55: 254 | C55: 0.5 | D55: 0 | E55: 0 | F55: 0.5 | H55: 3345 | I55: 254 | J55: 1 | K55: 0 | L55: 0 | M55: 1 | P55: 101 | Q55: =TEXT(P55,"0000") -> 0101 | R55: 101 | S55: 102.3 | U55: 101 | V55: =TEXT(U55,"0000") -> 0101 | W55: 102 | X55: 55.87
A56: 3362 | B56: 101 | C56: 49.8 | D56: 49.8 | E56: 0 | F56: 0 | H56: 3362 | I56: 101 | J56: 49.42 | K56: 49.42 | L56: 0 | M56: 0 | P56: 101 | Q56: =TEXT(P56,"0000") -> 0101 | R56: 102 | S56: 55.7 | U56: 101 | V56: =TEXT(U56,"0000") -> 0101 | W56: 111 | X56: 86.62
A57: 3362 | B57: 102 | C57: 13.59 | D57: 0 | E57: 13.59 | F57: 0 | H57: 3362 | I57: 102 | J57: 12.56 | K57: 0 | L57: 12.56 | M57: 0 | P57: 101 | Q57: =TEXT(P57,"0000") -> 0101 | R57: 111 | S57: 77.05 | U57: 101 | V57: =TEXT(U57,"0000") -> 0101 | W57: 112 | X57: 42.5
A58: 3362 | B58: 111 | C58: 6.5 | D58: 6.5 | E58: 0 | F58: 0 | H58: 3362 | I58: 111 | J58: 8.51 | K58: 8.51 | L58: 0 | M58: 0 | P58: 101 | Q58: =TEXT(P58,"0000") -> 0101 | R58: 112 | S58: 41.5 | U58: 101 | V58: =TEXT(U58,"0000") -> 0101 | W58: 130 | X58: 23.73
A59: 3362 | B59: 112 | C59: 3.5 | D59: 0 | E59: 3.5 | F59: 0 | H59: 3362 | I59: 112 | J59: 4.02 | K59: 0 | L59: 4.02 | M59: 0 | P59: 101 | Q59: =TEXT(P59,"0000") -> 0101 | R59: 130 | S59: 22.49 | U59: 101 | V59: =TEXT(U59,"0000") -> 0101 | W59: 254 | X59: 9.5
A60: 3362 | B60: 130 | C60: 6.61 | D60: 6.2 | E60: 0.41 | F60: 0 | H60: 3362 | I60: 130 | J60: 6.6 | K60: 6.19 | L60: 0.41 | M60: 0 | P60: 101 | Q60: =TEXT(P60,"0000") -> 0101 | R60: 254 | S60: 11.5 | U60: 101 | V60: =TEXT(U60,"0000") -> 0101 | W60: 255 | X60: 1.5
A61: 3381 | B61: 101 | C61: 171.58 | D61: 171.58 | E61: 0 | F61: 0 | H61: 3381 | I61: 101 | J61: 171.7 | K61: 171.7 | L61: 0 | M61: 0 | P61: 101 | Q61: =TEXT(P61,"0000") -> 0101 | R61: 255 | S61: 1.5 | U61: 111 | V61: =TEXT(U61,"0000") -> 0111 | W61: 101 | X61: 126.82
A62: 3381 | B62: 102 | C62: 229.57 | D62: 0 | E62: 229.57 | F62: 0 | H62: 3381 | I62: 102 | J62: 225.17 | K62: 0 | L62: 225.17 | M62: 0 | P62: 111 | Q62: =TEXT(P62,"0000") -> 0111 | R62: 101 | S62: 133.23 | U62: 111 | V62: =TEXT(U62,"0000") -> 0111 | W62: 102 | X62: 56.91
A63: 3381 | B63: 111 | C63: 29 | D63: 29 | E63: 0 | F63: 0 | H63: 3381 | I63: 111 | J63: 30.14 | K63: 30.14 | L63: 0 | M63: 0 | P63: 111 | Q63: =TEXT(P63,"0000") -> 0111 | R63: 102 | S63: 59.84 | U63: 111 | V63: =TEXT(U63,"0000") -> 0111 | W63: 111 | X63: 66.64
A64: 3381 | B64: 112 | C64: 61.5 | D64: 0 | E64: 61.5 | F64: 0 | H64: 3381 | I64: 112 | J64: 64.45 | K64: 0 | L64: 64.45 | M64: 0 | P64: 111 | Q64: =TEXT(P64,"0000") -> 0111 | R64: 111 | S64: 58.57 | U64: 111 | V64: =TEXT(U64,"0000") -> 0111 | W64: 112 | X64: 43.41
A65: 3381 | B65: 130 | C65: 32.14 | D65: 27.42 | E65: 4.72 | F65: 0 | H65: 3381 | I65: 130 | J65: 34.06 | K65: 29.34 | L65: 4.72 | M65: 0 | P65: 111 | Q65: =TEXT(P65,"0000") -> 0111 | R65: 112 | S65: 40.91 | U65: 111 | V65: =TEXT(U65,"0000") -> 0111 | W65: 130 | X65: 38.53
A66: 3382 | B66: 101 | C66: 41.54 | D66: 41.54 | E66: 0 | F66: 0 | H66: 3382 | I66: 101 | J66: 37.42 | K66: 37.42 | L66: 0 | M66: 0 | P66: 111 | Q66: =TEXT(P66,"0000") -> 0111 | R66: 130 | S66: 39.74 | U66: 121 | V66: =TEXT(U66,"0000") -> 0121 | W66: 102 | X66: 205.05
... A143: 4002 | B143: 130 | C143: 130.86 | D143: 92.51 | E143: 38.35 | F143: 0 | H143: 4002 | I143: 130 | J143: 125.47 | K143: 87.22 | L143: 38.25 | M143: 0 | P143: 395 | Q143: =TEXT(P143,"0000") -> 0395 | R143: 300 | S143: 10.64 | U143: 421 | V143: =TEXT(U143,"0000") -> 0421 | W143: 101 | X143: 60.46
A144: 4013 | B144: 102 | C144: 222.88 | D144: 0 | E144: 222.88 | F144: 0 | H144: 4013 | I144: 102 | J144: 216.48 | K144: 0 | L144: 216.48 | M144: 0 | P144: 421 | Q144: =TEXT(P144,"0000") -> 0421 | R144: 101 | S144: 65.05 | U144: 421 | V144: =TEXT(U144,"0000") -> 0421 | W144: 102 | X144: 21.46
A145: 4013 | B145: 112 | C145: 41.94 | D145: 0 | E145: 41.94 | F145: 0 | H145: 4013 | I145: 112 | J145: 38.44 | K145: 0 | L145: 38.44 | M145: 0 | P145: 421 | Q145: =TEXT(P145,"0000") -> 0421 | R145: 102 | S145: 21.46 | U145: 421 | V145: =TEXT(U145,"0000") -> 0421 | W145: 111 | X145: 39.5
A146: 4013 | B146: 130 | C146: 5.87 | D146: 0 | E146: 5.87 | F146: 0 | H146: 4013 | I146: 130 | J146: 4.99 | K146: 0 | L146: 4.99 | M146: 0 | P146: 421 | Q146: =TEXT(P146,"0000") -> 0421 | R146: 111 | S146: 35.5 | U146: 421 | V146: =TEXT(U146,"0000") -> 0421 | W146: 112 | X146: 36
A147: 4013 | B147: 103 | C147: 429.38 | D147: 0 | E147: 0 | F147: 429.38 | H147: 4013 | I147: 103 | J147: 417.08 | K147: 0 | L147: 0 | M147: 417.08 | P147: 421 | Q147: =TEXT(P147,"0000") -> 0421 | R147: 112 | S147: 36.5 | U147: 421 | V147: =TEXT(U147,"0000") -> 0421 | W147: 130 | X147: 11.03
A148: 4013 | B148: 113 | C148: 47 | D148: 0 | E148: 0 | F148: 47 | H148: 4013 | I148: 113 | J148: 42.15 | K148: 0 | L148: 0 | M148: 42.15 | P148: 421 | Q148: =TEXT(P148,"0000") -> 0421 | R148: 130 | S148: 11.47 | U148: 481 | V148: =TEXT(U148,"0000") -> 0481 | W148: 101 | X148: 75.37
A149: 4013 | B149: 130 | C149: 6.09 | D149: 0 | E149: 0 | F149: 6.09 | H149: 4013 | I149: 130 | J149: 5.14 | K149: 0 | L149: 0 | M149: 5.14 | P149: 481 | Q149: =TEXT(P149,"0000") -> 0481 | R149: 101 | S149: 76.03 | U149: 481 | V149: =TEXT(U149,"0000") -> 0481 | W149: 102 | X149: 46.36
A150: 4013 | B150: 300 | C150: 22.41 | D150: 0 | E150: 0 | F150: 22.41 | H150: 4013 | I150: 300 | J150: 22.08 | K150: 0 | L150: 0 | M150: 22.08 | P150: 481 | Q150: =TEXT(P150,"0000") -> 0481 | R150: 102 | S150: 46.3 | U150: 481 | V150: =TEXT(U150,"0000") -> 0481 | W150: 111 | X150: 32.03
A151: 4020 | B151: 101 | C151: 234.29 | D151: 234.29 | E151: 0 | F151: 0 | H151: 4020 | I151: 101 | J151: 226.73 | K151: 226.73 | L151: 0 | M151: 0 | P151: 481 | Q151: =TEXT(P151,"0000") -> 0481 | R151: 111 | S151: 30.55 | U151: 481 | V151: =TEXT(U151,"0000") -> 0481 | W151: 112 | X151: 22.98
A152: 4020 | B152: 102 | C152: 272.62 | D152: 0 | E152: 272.62 | F152: 0 | H152: 4020 | I152: 102 | J152: 268.62 | K152: 0 | L152: 268.62 | M152: 0 | P152: 481 | Q152: =TEXT(P152,"0000") -> 0481 | R152: 112 | S152: 22.02 | U152: 481 | V152: =TEXT(U152,"0000") -> 0481 | W152: 130 | X152: 175.17
A153: 4020 | B153: 111 | C153: 30 | D153: 30 | E153: 0 | F153: 0 | H153: 4020 | I153: 111 | J153: 33 | K153: 33 | L153: 0 | M153: 0 | P153: 481 | Q153: =TEXT(P153,"0000") -> 0481 | R153: 130 | S153: 179.53 | U153: 481 | V153: =TEXT(U153,"0000") -> 0481 | W153: 254 | X153: 0
A154: 4020 | B154: 112 | C154: 47.41 | D154: 0 | E154: 47.41 | F154: 0 | H154: 4020 | I154: 112 | J154: 47.72 | K154: 0 | L154: 47.72 | M154: 0 | P154: 481 | Q154: =TEXT(P154,"0000") -> 0481 | R154: 254 | S154: 0.5 | U154: 531 | V154: =TEXT(U154,"0000") -> 0531 | W154: 101 | X154: 52.08
A155: 4020 | B155: 130 | C155: 37.9 | D155: 25.21 | E155: 12.69 | F155: 0 | H155: 4020 | I155: 130 | J155: 36.52 | K155: 23.38 | L155: 13.14 | M155: 0 | P155: 531 | Q155: =TEXT(P155,"0000") -> 0531 | R155: 101 | S155: 52 | U155: 531 | V155: =TEXT(U155,"0000") -> 0531 | W155: 102 | X155: 32.15
A156: 4030 CL | B156: 101 | C156: 26.48 | D156: 26.48 | E156: 0 | F156: 0 | H156: 4030 CL | I156: 101 | J156: 23.92 | K156: 23.92 | L156: 0 | M156: 0 | P156: 531 | Q156: =TEXT(P156,"0000") -> 0531 | R156: 102 | S156: 33.59 | U156: 531 | V156: =TEXT(U156,"0000") -> 0531 | W156: 111 | X156: 49.03
A157: 4030 CL | B157: 102 | C157: 34.29 | D157: 0 | E157: 34.29 | F157: 0 | H157: 4030 CL | I157: 102 | J157: 34.23 | K157: 0 | L157: 34.23 | M157: 0 | P157: 531 | Q157: =TEXT(P157,"0000") -> 0531 | R157: 111 | S157: 47.5 | U157: 531 | V157: =TEXT(U157,"0000") -> 0531 | W157: 112 | X157: 26.5
A158: 4030 CL | B158: 111 | C158: 1 | D158: 1 | E158: 0 | F158: 0 | H158: 4030 CL | I158: 111 | J158: 0.96 | K158: 0.96 | L158: 0 | M158: 0 | P158: 531 | Q158: =TEXT(P158,"0000") -> 0531 | R158: 112 | S158: 25.5 | U158: 531 | V158: =TEXT(U158,"0000") -> 0531 | W158: 130 | X158: 70.78
... A217: 4131 | B217: 300 | C217: 3.87 | D217: 0 | E217: 0 | F217: 3.87 | H217: 4131 | I217: 300 | J217: 3.77 | K217: 0 | L217: 0 | M217: 3.77 | P217: 631 | Q217: =TEXT(P217,"0000") -> 0631 | R217: 111 | S217: 46.82 | U217: 631 | V217: =TEXT(U217,"0000") -> 0631 | W217: 112 | X217: 27.94
A218: TOTAL | B218: TOTAL | C218: =SUM(C3:C217) -> 10713.24 | D218: =SUM(D3:D217) -> 2970.97 | E218: =SUM(E3:E217) -> 4340 | F218: =SUM(F3:F217) -> 3402.27 | H218: TOTAL | I218: TOTAL | J218: =SUM(J3:J217) -> 10651.36 | K218: =SUM(K3:K217) -> 2928.25 | L218: =SUM(L3:L217) -> 4284.84 | M218: =SUM(M3:M217) -> 3438.27 | P218: 631 | Q218: =TEXT(P218,"0000") -> 0631 | R218: 112 | S218: 27.57 | U218: 631 | V218: =TEXT(U218,"0000") -> 0631 | W218: 130 | X218: 128.12
C219: =SUM(C156:C160) -> 123 | D219: =SUM(D156:D160) -> 68.5 | E219: =SUM(E156:E160) -> 54.5 | F219: =SUM(F156:F160) -> 0 | J219: =SUM(J156:J160) -> 119.68 | K219: =SUM(K156:K160) -> 64.39 | L219: =SUM(L156:L160) -> 55.29 | M219: =SUM(M156:M160) -> 0 | P219: 631 | Q219: =TEXT(P219,"0000") -> 0631 | R219: 130 | S219: 128.81 | U219: 651 | V219: =TEXT(U219,"0000") -> 0651 | W219: 101 | X219: 129.24
C220: =+C218-C219 -> 10590.24 | D220: =+D218-D219 -> 2902.47 | E220: =+E218-E219 -> 4285.5 | F220: =+F218-F219 -> 3402.27 | J220: =+J218-J219 -> 10531.68 | K220: =+K218-K219 -> 2863.86 | L220: =+L218-L219 -> 4229.55 | M220: =+M218-M219 -> 3438.27 | P220: 651 | Q220: =TEXT(P220,"0000") -> 0651 | R220: 101 | S220: 131.85 | U220: 651 | V220: =TEXT(U220,"0000") -> 0651 | W220: 102 | X220: 79.93
B221: =C221=Consolidated!E32 -> TRUE | C221: =+C220+J220 -> 21121.92 | P221: 651 | Q221: =TEXT(P221,"0000") -> 0651 | R221: 102 | S221: 77.71 | U221: 651 | V221: =TEXT(U221,"0000") -> 0651 | W221: 111 | X221: 49.24
P222: 651 | Q222: =TEXT(P222,"0000") -> 0651 | R222: 111 | S222: 49.89 | U222: 651 | V222: =TEXT(U222,"0000") -> 0651 | W222: 112 | X222: 36.46
P223: 651 | Q223: =TEXT(P223,"0000") -> 0651 | R223: 112 | S223: 35.03 | U223: 651 | V223: =TEXT(U223,"0000") -> 0651 | W223: 130 | X223: 197.33
P224: 651 | Q224: =TEXT(P224,"0000") -> 0651 | R224: 130 | S224: 202.84 | U224: 651 | V224: =TEXT(U224,"0000") -> 0651 | W224: 254 | X224: 2
P225: 651 | Q225: =TEXT(P225,"0000") -> 0651 | R225: 254 | S225: 2.5 | U225: 661 | V225: =TEXT(U225,"0000") -> 0661 | W225: 101 | X225: 157.79
P226: 661 | Q226: =TEXT(P226,"0000") -> 0661 | R226: 101 | S226: 177.05 | U226: 661 | V226: =TEXT(U226,"0000") -> 0661 | W226: 102 | X226: 92.77
P227: 661 | Q227: =TEXT(P227,"0000") -> 0661 | R227: 102 | S227: 91.36 | U227: 661 | V227: =TEXT(U227,"0000") -> 0661 | W227: 111 | X227: 94.86
P228: 661 | Q228: =TEXT(P228,"0000") -> 0661 | R228: 111 | S228: 73.85 | U228: 661 | V228: =TEXT(U228,"0000") -> 0661 | W228: 112 | X228: 52.11
P229: 661 | Q229: =TEXT(P229,"0000") -> 0661 | R229: 112 | S229: 53.89 | U229: 661 | V229: =TEXT(U229,"0000") -> 0661 | W229: 130 | X229: 11.44
P230: 661 | Q230: =TEXT(P230,"0000") -> 0661 | R230: 130 | S230: 13.47 | U230: 661 | V230: =TEXT(U230,"0000") -> 0661 | W230: 254 | X230: 2.37
P231: 661 | Q231: =TEXT(P231,"0000") -> 0661 | R231: 254 | S231: 2.86 | U231: 661 | V231: =TEXT(U231,"0000") -> 0661 | W231: 255 | X231: 0.5
P232: 661 | Q232: =TEXT(P232,"0000") -> 0661 | R232: 255 | S232: 0.5 | U232: 671 | V232: =TEXT(U232,"0000") -> 0671 | W232: 101 | X232: 65.55
P233: 671 | Q233: =TEXT(P233,"0000") -> 0671 | R233: 101 | S233: 68.89 | U233: 671 | V233: =TEXT(U233,"0000") -> 0671 | W233: 102 | X233: 69.86
... P1127: 4020 | Q1127: =TEXT(P1127,"0000") -> 4020 | R1127: 130 | S1127: 37.94 | U1127: 4013 | V1127: =TEXT(U1127,"0000") -> 4013 | W1127: 113 | X1127: 42.15
P1128: 4030 | Q1128: =TEXT(P1128,"0000") -> 4030 | R1128: 101 | U1128: 4013 | V1128: =TEXT(U1128,"0000") -> 4013 | W1128: 130 | X1128: 5.14
P1129: 4030 | Q1129: =TEXT(P1129,"0000") -> 4030 | R1129: 102 | U1129: 4013 | V1129: =TEXT(U1129,"0000") -> 4013 | W1129: 300 | X1129: 22.08
P1130: 4030 | Q1130: =TEXT(P1130,"0000") -> 4030 | R1130: 111 | U1130: 4020 | V1130: =TEXT(U1130,"0000") -> 4020 | W1130: 101 | X1130: 226.73
P1131: 4030 | Q1131: =TEXT(P1131,"0000") -> 4030 | R1131: 112 | U1131: 4020 | V1131: =TEXT(U1131,"0000") -> 4020 | W1131: 102 | X1131: 268.62
P1132: 4030 | Q1132: =TEXT(P1132,"0000") -> 4030 | R1132: 130 | U1132: 4020 | V1132: =TEXT(U1132,"0000") -> 4020 | W1132: 111 | X1132: 33
P1133: 4031 | Q1133: =TEXT(P1133,"0000") -> 4031 | R1133: 101 | S1133: 51.96 | U1133: 4020 | V1133: =TEXT(U1133,"0000") -> 4020 | W1133: 112 | X1133: 47.72
...

Sheet 0040
A1: 50 | B1: (Insert district number in cell A1, enter, then strike F9. Your district data then pulls from Calculation Detail Sheets) | R1: 50 | S1: (Insert district number in cell A1, enter, then strike F9. Your district data then pulls from Calculation Detail Sheets)
A2: Revenue Estimate Worksheet: Palm Beach Preparatory Middle School 0040 | I2: =RIGHT(A2,4) -> 0040 | R2: =Revenue_Estimate_Worksheet_for___________Charter_School -> Revenue Estimate Worksheet: Palm Beach Preparatory Middle School 0040
A3: Based on the 2025-26 Third Calculation Worksheet | R3: Based on the 2025-26 FEFP Second Calculation
A4: School District: | D4: Palm Beach | H4: =Consolidated!H4 -> 46204 | R4: School District: | T4: Palm Beach
A5: 1A. 2025-26 FEFP State and Local Funding | R5: 1A. 2025-26 FEFP State and Local Funding
A6: Base Student Allocation | E6: =Consolidated!$C$8 -> 5372.6 | G6: Comparable Wage Factor: | I6: =Consolidated!$H$8 -> 1.0355 | R6: Base Student Allocation | T6: =E6 -> 5372.6 | V6: Comparable Wage Factor: | X6: 1.0355
G7: Small District Factor | I7: =Consolidated!$H$9 -> 1 | O7: =IF(AND(C13>=C15, C13>=C17), "E", "-") -> - | V7: Small District Factor | X7: 1
J8: 2025-26 | O8: =IF(AND(C15>C17, C15>C13), "M", "-") -> M | Y8: 2025-26
C9: =Consolidated!C$11 -> Oct 2025 | D9: =Consolidated!D$11 -> Feb 2026 | G9: Program | I9: Weighted FTE | J9: Base Funding | O9: =IF(AND(C17>C15, C17>C13), "H", "-") -> - | V9: Program | X9: Weighted FTE | Y9: Base Funding
A10: Program | C10: FTE | D10: FTE | E10: Total FTE | G10: Cost Factor | I10: (2) x (3) | J10: (WFTE x BSA x CWF x SDF) | R10: Program | T10: Number of FTE | V10: Cost Factor | X10: (2) x (3) | Y10: (WFTE x BSA x CWF x SDF)
A11: (1) | E11: (2) | G11: (3) | I11: (4) | J11: (5) | R11: (1) | T11: (2) | V11: (3) | X11: (4) | Y11: (5)
A12: 101 Basic K-3 | C12: =SUMIFS('Surv2-3'!D:D,'Surv2-3'!$A:$A,$I$2,'Surv2-3'!$B:$B,$O12) -> 0 | D12: =SUMIFS('Surv2-3'!K:K,'Surv2-3'!$H:$H,$I$2,'Surv2-3'!$I:$I,$O12) -> 0 | E12: =IF($D$28=0,C12*2,C12+D12) -> 0 | G12: =Consolidated!$F14 -> 1.108 | H12: =Consolidated!$H$9 -> 1 | I12: =ROUND(E12*G12,4) -> 0 | J12: =ROUND(ROUND(ROUND(I12*$E$6,4)*($I$6),2)*(MAX($I$7,1)),2) -> 0 | O12: =LEFT(R12,3) -> 101 | R12: 101 Basic K-3 | T12: =IF($I$111=1,E12,0) -> 0 | V12: 1 | X12: =ROUND(T12*V12,4) -> 0 | Y12: =ROUND(ROUND(ROUND(X12*$E$6,4)*($I$6),2)*(MAX($I$7,1)),2) -> 0
A13: 111 Basic K-3 with ESE Services | C13: =SUMIFS('Surv2-3'!D:D,'Surv2-3'!$A:$A,$I$2,'Surv2-3'!$B:$B,$O13) -> 0 | D13: =SUMIFS('Surv2-3'!K:K,'Surv2-3'!$H:$H,$I$2,'Surv2-3'!$I:$I,$O13) -> 0 | E13: =IF($D$28=0,C13*2,C13+D13) -> 0 | G13: =Consolidated!$F15 -> 1.108 | H13: =Consolidated!$H$9 -> 1 | I13: =ROUND(E13*G13,4) -> 0 | J13: =ROUND(ROUND(ROUND(I13*$E$6,4)*($I$6),2)*(MAX($I$7,1)),2) -> 0 | O13: =LEFT(R13,3) -> 111 | R13: 111 Basic K-3 with ESE Services | T13: =IF($I$111=1,E13,0) -> 0 | V13: 1 | X13: =ROUND(T13*V13,4) -> 0 | Y13: =ROUND(ROUND(ROUND(X13*$E$6,4)*($I$6),2)*(MAX($I$7,1)),2) -> 0
A14: 102 Basic 4-8 | C14: =SUMIFS('Surv2-3'!E:E,'Surv2-3'!$A:$A,$I$2,'Surv2-3'!$B:$B,$O14) -> 6.75 | D14: =SUMIFS('Surv2-3'!L:L,'Surv2-3'!$H:$H,$I$2,'Surv2-3'!$I:$I,$O14) -> 7.5 | E14: =IF($D$28=0,C14*2,C14+D14) -> 14.25 | G14: =Consolidated!$F16 -> 1 | H14: =Consolidated!$H$9 -> 1 | I14: =ROUND(E14*G14,4) -> 14.25 | J14: =ROUND(ROUND(ROUND(I14*$E$6,4)*($I$6),2)*(MAX($I$7,1)),2) -> 79277.41 | O14: =LEFT(R14,3) -> 102 | R14: 102 Basic 4-8 | T14: =IF($I$111=1,E14,0) -> 0 | V14: 1 | X14: =ROUND(T14*V14,4) -> 0 | Y14: =ROUND(ROUND(ROUND(X14*$E$6,4)*($I$6),2)*(MAX($I$7,1)),2) -> 0
A15: 112 Basic 4-8 with ESE Services | C15: =SUMIFS('Surv2-3'!E:E,'Surv2-3'!$A:$A,$I$2,'Surv2-3'!$B:$B,$O15) -> 3.5 | D15: =SUMIFS('Surv2-3'!L:L,'Surv2-3'!$H:$H,$I$2,'Surv2-3'!$I:$I,$O15) -> 3.97 | E15: =IF($D$28=0,C15*2,C15+D15) -> 7.47 | G15: =Consolidated!$F17 -> 1 | H15: =Consolidated!$H$9 -> 1 | I15: =ROUND(E15*G15,4) -> 7.47 | J15: =ROUND(ROUND(ROUND(I15*$E$6,4)*($I$6),2)*(MAX($I$7,1)),2) -> 41558.05 | O15: =LEFT(R15,3) -> 112 | R15: 112 Basic 4-8 with ESE Services | T15: =IF($I$111=1,E15,0) -> 0 | V15: 1 | X15: =ROUND(T15*V15,4) -> 0 | Y15: =ROUND(ROUND(ROUND(X15*$E$6,4)*($I$6),2)*(MAX($I$7,1)),2) -> 0
A16: 103 Basic 9-12 | C16: =SUMIFS('Surv2-3'!F:F,'Surv2-3'!$A:$A,$I$2,'Surv2-3'!$B:$B,$O16) -> 0 | D16: =SUMIFS('Surv2-3'!M:M,'Surv2-3'!$H:$H,$I$2,'Surv2-3'!$I:$I,$O16) -> 0 | E16: =IF($D$28=0,C16*2,C16+D16) -> 0 | G16: =Consolidated!$F18 -> 0.972 | H16: =Consolidated!$H$9 -> 1 | I16: =ROUND(E16*G16,4) -> 0 | J16: =ROUND(ROUND(ROUND(I16*$E$6,4)*($I$6),2)*(MAX($I$7,1)),2) -> 0 | O16: =LEFT(R16,3) -> 103 | R16: 103 Basic 9-12 | T16: =IF($I$111=1,E16,0) -> 0 | V16: 1 | X16: =ROUND(T16*V16,4) -> 0 | Y16: =ROUND(ROUND(ROUND(X16*$E$6,4)*($I$6),2)*(MAX($I$7,1)),2) -> 0
A17: 113 Basic 9-12 with ESE Services | C17: =SUMIFS('Surv2-3'!F:F,'Surv2-3'!$A:$A,$I$2,'Surv2-3'!$B:$B,$O17) -> 0 | D17: =SUMIFS('Surv2-3'!M:M,'Surv2-3'!$H:$H,$I$2,'Surv2-3'!$I:$I,$O17) -> 0 | E17: =IF($D$28=0,C17*2,C17+D17) -> 0 | G17: =Consolidated!$F19 -> 0.972 | H17: =Consolidated!$H$9 -> 1 | I17: =ROUND(E17*G17,4) -> 0 | J17: =ROUND(ROUND(ROUND(I17*$E$6,4)*($I$6),2)*(MAX($I$7,1)),2) -> 0 | O17: =LEFT(R17,3) -> 113 | R17: 113 Basic 9-12 with ESE Services | T17: =IF($I$111=1,E17,0) -> 0 | V17: 1 | X17: =ROUND(T17*V17,4) -> 0 | Y17: =ROUND(ROUND(ROUND(X17*$E$6,4)*($I$6),2)*(MAX($I$7,1)),2) -> 0
A18: 254 ESE Level 4 (Grade Level PK-3) | C18: =SUMIFS('Surv2-3'!D:D,'Surv2-3'!$A:$A,$I$2,'Surv2-3'!$B:$B,$O18) -> 0 | D18: =SUMIFS('Surv2-3'!K:K,'Surv2-3'!$H:$H,$I$2,'Surv2-3'!$I:$I,$O18) -> 0 | E18: =IF($D$28=0,C18*2,C18+D18) -> 0 | G18: =Consolidated!$F20 -> 3.609 | H18: =Consolidated!$H$9 -> 1 | I18: =ROUND(E18*G18,4) -> 0 | J18: =ROUND(ROUND(ROUND(I18*$E$6,4)*($I$6),2)*(MAX($I$7,1)),2) -> 0 | O18: =LEFT(R18,3) -> 254 | R18: 254 ESE Level 4 (Grade Level PK-3) | T18: =IF($I$111=1,E18,0) -> 0 | V18: 1 | X18: =ROUND(T18*V18,4) -> 0 | Y18: =ROUND(ROUND(ROUND(X18*$E$6,4)*($I$6),2)*(MAX($I$7,1)),2) -> 0
A19: 254 ESE Level 4 (Grade Level 4-8) | C19: =SUMIFS('Surv2-3'!E:E,'Surv2-3'!$A:$A,$I$2,'Surv2-3'!$B:$B,$O19) -> 0 | D19: =SUMIFS('Surv2-3'!L:L,'Surv2-3'!$H:$H,$I$2,'Surv2-3'!$I:$I,$O19) -> 0 | E19: =IF($D$28=0,C19*2,C19+D19) -> 0 | G19: =Consolidated!$F21 -> 3.609 | H19: =Consolidated!$H$9 -> 1 | I19: =ROUND(E19*G19,4) -> 0 | J19: =ROUND(ROUND(ROUND(I19*$E$6,4)*($I$6),2)*(MAX($I$7,1)),2) -> 0 | O19: =LEFT(R19,3) -> 254 | R19: 254 ESE Level 4 (Grade Level 4-8) | T19: =IF($I$111=1,E19,0) -> 0 | V19: 1 | X19: =ROUND(T19*V19,4) -> 0 | Y19: =ROUND(ROUND(ROUND(X19*$E$6,4)*($I$6),2)*(MAX($I$7,1)),2) -> 0
A20: 254 ESE Level 4 (Grade Level 9-12) | C20: =SUMIFS('Surv2-3'!F:F,'Surv2-3'!$A:$A,$I$2,'Surv2-3'!$B:$B,$O20) -> 0 | D20: =SUMIFS('Surv2-3'!M:M,'Surv2-3'!$H:$H,$I$2,'Surv2-3'!$I:$I,$O20) -> 0 | E20: =IF($D$28=0,C20*2,C20+D20) -> 0 | G20: =Consolidated!$F22 -> 3.609 | H20: =Consolidated!$H$9 -> 1 | I20: =ROUND(E20*G20,4) -> 0 | J20: =ROUND(ROUND(ROUND(I20*$E$6,4)*($I$6),2)*(MAX($I$7,1)),2) -> 0 | O20: =LEFT(R20,3) -> 254 | R20: 254 ESE Level 4 (Grade Level 9-12) | T20: =IF($I$111=1,E20,0) -> 0 | V20: 1 | X20: =ROUND(T20*V20,4) -> 0 | Y20: =ROUND(ROUND(ROUND(X20*$E$6,4)*($I$6),2)*(MAX($I$7,1)),2) -> 0
A21: 255 ESE Level 5 (Grade Level PK-3) | C21: =SUMIFS('Surv2-3'!D:D,'Surv2-3'!$A:$A,$I$2,'Surv2-3'!$B:$B,$O21) -> 0 | D21: =SUMIFS('Surv2-3'!K:K,'Surv2-3'!$H:$H,$I$2,'Surv2-3'!$I:$I,$O21) -> 0 | E21: =IF($D$28=0,C21*2,C21+D21) -> 0 | G21: =Consolidated!$F23 -> 6.064 | H21: =Consolidated!$H$9 -> 1 | I21: =ROUND(E21*G21,4) -> 0 | J21: =ROUND(ROUND(ROUND(I21*$E$6,4)*($I$6),2)*(MAX($I$7,1)),2) -> 0 | O21: =LEFT(R21,3) -> 255 | R21: 255 ESE Level 5 (Grade Level PK-3) | T21: =IF($I$111=1,E21,0) -> 0 | V21: 1 | X21: =ROUND(T21*V21,4) -> 0 | Y21: =ROUND(ROUND(ROUND(X21*$E$6,4)*($I$6),2)*(MAX($I$7,1)),2) -> 0
A22: 255 ESE Level 5 (Grade Level 4-8) | C22: =SUMIFS('Surv2-3'!E:E,'Surv2-3'!$A:$A,$I$2,'Surv2-3'!$B:$B,$O22) -> 0 | D22: =SUMIFS('Surv2-3'!L:L,'Surv2-3'!$H:$H,$I$2,'Surv2-3'!$I:$I,$O22) -> 0 | E22: =IF($D$28=0,C22*2,C22+D22) -> 0 | G22: =Consolidated!$F24 -> 6.064 | H22: =Consolidated!$H$9 -> 1 | I22: =ROUND(E22*G22,4) -> 0 | J22: =ROUND(ROUND(ROUND(I22*$E$6,4)*($I$6),2)*(MAX($I$7,1)),2) -> 0 | O22: =LEFT(R22,3) -> 255 | R22: 255 ESE Level 5 (Grade Level 4-8) | T22: =IF($I$111=1,E22,0) -> 0 | V22: 1 | X22: =ROUND(T22*V22,4) -> 0 | Y22: =ROUND(ROUND(ROUND(X22*$E$6,4)*($I$6),2)*(MAX($I$7,1)),2) -> 0
A23: 255 ESE Level 5 (Grade Level 9-12) | C23: =SUMIFS('Surv2-3'!F:F,'Surv2-3'!$A:$A,$I$2,'Surv2-3'!$B:$B,$O23) -> 0 | D23: =SUMIFS('Surv2-3'!M:M,'Surv2-3'!$H:$H,$I$2,'Surv2-3'!$I:$I,$O23) -> 0 | E23: =IF($D$28=0,C23*2,C23+D23) -> 0 | G23: =Consolidated!$F25 -> 6.064 | H23: =Consolidated!$H$9 -> 1 | I23: =ROUND(E23*G23,4) -> 0 | J23: =ROUND(ROUND(ROUND(I23*$E$6,4)*($I$6),2)*(MAX($I$7,1)),2) -> 0 | O23: =LEFT(R23,3) -> 255 | R23: 255 ESE Level 5 (Grade Level 9-12) | T23: =IF($I$111=1,E23,0) -> 0 | V23: 1 | X23: =ROUND(T23*V23,4) -> 0 | Y23: =ROUND(ROUND(ROUND(X23*$E$6,4)*($I$6),2)*(MAX($I$7,1)),2) -> 0
A24: 130 ESOL (Grade Level PK-3) | C24: =SUMIFS('Surv2-3'!D:D,'Surv2-3'!$A:$A,$I$2,'Surv2-3'!$B:$B,$O24) -> 0 | D24: =SUMIFS('Surv2-3'!K:K,'Surv2-3'!$H:$H,$I$2,'Surv2-3'!$I:$I,$O24) -> 0 | E24: =IF($D$28=0,C24*2,C24+D24) -> 0 | G24: =Consolidated!$F26 -> 1.165 | H24: =Consolidated!$H$9 -> 1 | I24: =ROUND(E24*G24,4) -> 0 | J24: =ROUND(ROUND(ROUND(I24*$E$6,4)*($I$6),2)*(MAX($I$7,1)),2) -> 0 | O24: =LEFT(R24,3) -> 130 | R24: 130 ESOL (Grade Level PK-3) | T24: =IF($I$111=1,E24,0) -> 0 | V24: 1 | X24: =ROUND(T24*V24,4) -> 0 | Y24: =ROUND(ROUND(ROUND(X24*$E$6,4)*($I$6),2)*(MAX($I$7,1)),2) -> 0
A25: 130 ESOL (Grade Level 4-8) | C25: =SUMIFS('Surv2-3'!E:E,'Surv2-3'!$A:$A,$I$2,'Surv2-3'!$B:$B,$O25) -> 1.25 | D25: =SUMIFS('Surv2-3'!L:L,'Surv2-3'!$H:$H,$I$2,'Surv2-3'!$I:$I,$O25) -> 0.84 | E25: =IF($D$28=0,C25*2,C25+D25) -> 2.09 | G25: =Consolidated!$F27 -> 1.165 | H25: =Consolidated!$H$9 -> 1 | I25: =ROUND(E25*G25,4) -> 2.4349 | J25: =ROUND(ROUND(ROUND(I25*$E$6,4)*($I$6),2)*(MAX($I$7,1)),2) -> 13546.15 | O25: =LEFT(R25,3) -> 130 | R25: 130 ESOL (Grade Level 4-8) | T25: =IF($I$111=1,E25,0) -> 0 | V25: 1 | X25: =ROUND(T25*V25,4) -> 0 | Y25: =ROUND(ROUND(ROUND(X25*$E$6,4)*($I$6),2)*(MAX($I$7,1)),2) -> 0
A26: 130 ESOL (Grade Level 9-12) | C26: =SUMIFS('Surv2-3'!F:F,'Surv2-3'!$A:$A,$I$2,'Surv2-3'!$B:$B,$O26) -> 0 | D26: =SUMIFS('Surv2-3'!M:M,'Surv2-3'!$H:$H,$I$2,'Surv2-3'!$I:$I,$O26) -> 0 | E26: =IF($D$28=0,C26*2,C26+D26) -> 0 | G26: =Consolidated!$F28 -> 1.165 | H26: =Consolidated!$H$9 -> 1 | I26: =ROUND(E26*G26,4) -> 0 | J26: =ROUND(ROUND(ROUND(I26*$E$6,4)*($I$6),2)*(MAX($I$7,1)),2) -> 0 | O26: =LEFT(R26,3) -> 130 | R26: 130 ESOL (Grade Level 9-12) | T26: =IF($I$111=1,E26,0) -> 0 | V26: 1 | X26: =ROUND(T26*V26,4) -> 0 | Y26: =ROUND(ROUND(ROUND(X26*$E$6,4)*($I$6),2)*(MAX($I$7,1)),2) -> 0
A27: 300 Career Education (Grades 9-12) | C27: =SUMIFS('Surv2-3'!C:C,'Surv2-3'!$A:$A,$I$2,'Surv2-3'!$B:$B,$O27) -> 0 | D27: =SUMIFS('Surv2-3'!J:J,'Surv2-3'!$H:$H,$I$2,'Surv2-3'!$I:$I,$O27) -> 0 | E27: =IF($D$28=0,C27*2,C27+D27) -> 0 | G27: =Consolidated!$F29 -> 1.081 | H27: =Consolidated!$H$9 -> 1 | I27: =ROUND(E27*G27,4) -> 0 | J27: =ROUND(ROUND(ROUND(I27*$E$6,4)*($I$6),2)*(MAX($I$7,1)),2) -> 0 | O27: =LEFT(R27,3) -> 300 | R27: 300 Career Education (Grades 9-12) | T27: =IF($I$111=1,E27,0) -> 0 | V27: 1 | X27: =ROUND(T27*V27,4) -> 0 | Y27: =ROUND(ROUND(ROUND(X27*$E$6,4)*($I$6),2)*(MAX($I$7,1)),2) -> 0
A28: Totals | C28: =SUM(C12:C27) -> 11.5 | D28: =SUM(D12:D27) -> 12.31 | E28: =SUM(E12:E27) -> 23.81 | I28: =SUM(I12:I27) -> 24.1549 | J28: =SUM(J12:J27) -> 134381.61 | R28: Totals | T28: =SUM(T12:T27) -> 0 | X28: =SUM(X12:X27) -> 0 | Y28: =SUM(Y12:Y27) -> 0
A29: Letters in Parentheses Refer to Notes at Bottom of Worksheet: | R29: Letters in Parentheses Refer to Notes at Bottom of Worksheet:
A30: Additional FTE | E30: Number of FTE Charter schools should contact their school district sponsor regarding eligible FTE. Please note that “Number of FTE” is NOT equivalent to number of students enrolled in these courses or programs. | J30: 2025-26 Base Funding (WFTE x BSA x CWF x SDF) | R30: Additional FTE | T30: Number of FTE Charter schools should contact their school district sponsor regarding eligible FTE. Please note that “Number of FTE” is NOT equivalent to number of students enrolled in these courses or programs. Please refer to footnote (a) below. | Y30: 2025-26 Base Funding (WFTE x BSA x CWF x SDF)
A31: Small District ESE Supplement | J31: =ROUND(ROUND(ROUND(I31*$E$6,4)*($I$6),0)*(MAX($I$7,1)),0) -> 0 | R31: Small District ESE Supplement | Y31: =J31 -> 0
A32: Total Additional FTE | G32: =SUM(I31:I31) -> 0 | H32: Additional Base Funds | J32: =SUM(J31:J31) -> 0 | R32: Total Additional FTE | V32: 0 | W32: Additional Base Funds | Y32: =SUM(Y31:Y31) -> 0
A33: Total Funded Weighted FTE | G33: =G32+I28 -> 24.1549 | H33: Total Base Funding | J33: =SUM(J32,J28) -> 134381.61 | R33: Total Funded Weighted FTE | V33: =V32+X28 -> 0 | W33: Total Base Funding | Y33: =SUM(Y32,Y28) -> 0
A35: 1B. Classroom Teacher and Other Instructional Personnel Salary Increase Maintenance and Growth Portions of the Salary Increase funds are part of the total Conference Base Funding and are not treated as a separate allocation. Amounts are split out here for informative purposes and for the purposes of providing a total that may be used for calculating the adminstrative fee. | R35: 1B. Classroom Teacher and Other Instructional Personnel Salary Increase Maintenance and Growth Portions of the Salary Increase funds are part of the total Conference Base Funding and are not treated as a separate allocation. Amounts are split out here for informative purposes and for the purposes of providing a total that may be used for calculating the adminstrative fee.
A36: Maintenance Portion (6.67% of Conference Base Funding) | F36: (a) | G36: 204869.52 | H36: X | I36: 0.0667 | J36: =ROUND(G36*I36,2) -> 13664.8 | R36: Maintenance Portion (6.67% of Conference Base Funding) | V36: =Y28 -> 0 | W36: X | X36: 0.0667 | Y36: =ROUND(V36*X36,2) -> 0
A37: Growth Portion (0.54% of Conference Base Funding) | F37: (a) | G37: 204869.52 | H37: X | I37: 0.0054 | J37: =ROUND(G37*I37,2) -> 1106.3 | R37: Growth Portion (0.54% of Conference Base Funding) | V37: =Y28 -> 0 | W37: X | X37: 0.0054 | Y37: =ROUND(V37*X37,2) -> 0
A38: Total Salary Increase Allocation | J38: =SUM(J36:J37) -> 14771.1 | R38: Total Salary Increase Allocation | Y38: =Y36+Y37 -> 0
A40: 2. ESE Guaranteed Allocation: | C40: Oct 2025 FTE | D40: Feb 2026 FTE | E40: Total FTE | G40: Grade Level | H40: Matrix Level | I40: Guarantee Per Student | R40: 2. ESE Guaranteed Allocation: | T40: FTE | V40: Grade Level | W40: Matrix Level | X40: Guarantee Per Student
A41: Additional Funding from the ESE Guaranteed Allocation. Enter the FTE from 111,112 and 113 by grade and matrix level. Students who do not have a matrix level should be considered 251. This total should equal all FTE from programs 111, 112 and 113 above, less any 113 gifted FTE. | C41: =SUMIFS('Surv2-3'!D:D,'Surv2-3'!$A:$A,$I$2,'Surv2-3'!$B:$B,$H41-140) -> 0 | D41: =SUMIFS('Surv2-3'!K:K,'Surv2-3'!$H:$H,$I$2,'Surv2-3'!$I:$I,$H41-140) -> 0 | E41: =IF($D$50=0,C41*2,C41+D41) -> 0 | G41: PK-3 | H41: 251 | I41: =Consolidated!$H59 -> 1047 | J41: =ROUND(E41*I41,2) -> 0 | R41: Additional Funding from the ESE Guaranteed Allocation. Enter the FTE from 111,112, & 113 by grade and matrix level. Students who do not have a matrix level should be considered 251. This total should equal all FTE from programs 111, 112 & 113 above. | V41: PK-3 | W41: 251 | X41: =I41 -> 1047 | Y41: =ROUND(T41*X41,2) -> 0
C42: =SUMIFS('Surv2-3'!D:D,'Surv2-3'!$A:$A,$I$2,'Surv2-3'!$B:$B,$H42-140) -> 0 | D42: =SUMIFS('Surv2-3'!K:K,'Surv2-3'!$H:$H,$I$2,'Surv2-3'!$I:$I,$H42-140) -> 0 | E42: =IF($D$50=0,C42*2,C42+D42) -> 0 | G42: PK-3 | H42: 252 | I42: =Consolidated!$H60 -> 3380 | J42: =ROUND(E42*I42,2) -> 0 | V42: PK-3 | W42: 252 | X42: =I42 -> 3380 | Y42: =ROUND(T42*X42,2) -> 0
C43: =SUMIFS('Surv2-3'!D:D,'Surv2-3'!$A:$A,$I$2,'Surv2-3'!$B:$B,$H43-140) -> 0 | D43: =SUMIFS('Surv2-3'!K:K,'Surv2-3'!$H:$H,$I$2,'Surv2-3'!$I:$I,$H43-140) -> 0 | E43: =IF($D$50=0,C43*2,C43+D43) -> 0 | G43: PK-3 | H43: 253 | I43: =Consolidated!$H61 -> 6896 | J43: =ROUND(E43*I43,2) -> 0 | V43: PK-3 | W43: 253 | X43: =I43 -> 6896 | Y43: =ROUND(T43*X43,2) -> 0
C44: =SUMIFS('Surv2-3'!E:E,'Surv2-3'!$A:$A,$I$2,'Surv2-3'!$B:$B,$H44-140) -> 0 | D44: =SUMIFS('Surv2-3'!L:L,'Surv2-3'!$H:$H,$I$2,'Surv2-3'!$I:$I,$H44-140) -> 0 | E44: =IF($D$50=0,C44*2,C44+D44) -> 0 | G44: 4-8 | H44: 251 | I44: =Consolidated!$H62 -> 1173 | J44: =ROUND(E44*I44,2) -> 0 | V44: 4-8 | W44: 251 | X44: =I44 -> 1173 | Y44: =ROUND(T44*X44,2) -> 0
C45: =SUMIFS('Surv2-3'!E:E,'Surv2-3'!$A:$A,$I$2,'Surv2-3'!$B:$B,$H45-140) -> 3.5 | D45: =SUMIFS('Surv2-3'!L:L,'Surv2-3'!$H:$H,$I$2,'Surv2-3'!$I:$I,$H45-140) -> 3.97 | E45: =IF($D$50=0,C45*2,C45+D45) -> 7.47 | G45: 4-8 | H45: 252 | I45: =Consolidated!$H63 -> 3506 | J45: =ROUND(E45*I45,2) -> 26189.82 | V45: 4-8 | W45: 252 | X45: =I45 -> 3506 | Y45: =ROUND(T45*X45,2) -> 0
C46: =SUMIFS('Surv2-3'!E:E,'Surv2-3'!$A:$A,$I$2,'Surv2-3'!$B:$B,$H46-140) -> 0 | D46: =SUMIFS('Surv2-3'!L:L,'Surv2-3'!$H:$H,$I$2,'Surv2-3'!$I:$I,$H46-140) -> 0 | E46: =IF($D$50=0,C46*2,C46+D46) -> 0 | G46: 4-8 | H46: 253 | I46: =Consolidated!$H64 -> 7023 | J46: =ROUND(E46*I46,2) -> 0 | V46: 4-8 | W46: 253 | X46: =I46 -> 7023 | Y46: =ROUND(T46*X46,2) -> 0
C47: =SUMIFS('Surv2-3'!F:F,'Surv2-3'!$A:$A,$I$2,'Surv2-3'!$B:$B,$H47-140) -> 0 | D47: =SUMIFS('Surv2-3'!M:M,'Surv2-3'!$H:$H,$I$2,'Surv2-3'!$I:$I,$H47-140) -> 0 | E47: =IF($D$50=0,C47*2,C47+D47) -> 0 | G47: 9-12 | H47: 251 | I47: =Consolidated!$H65 -> 835 | J47: =ROUND(E47*I47,2) -> 0 | V47: 9-12 | W47: 251 | X47: =I47 -> 835 | Y47: =ROUND(T47*X47,2) -> 0
C48: =SUMIFS('Surv2-3'!F:F,'Surv2-3'!$A:$A,$I$2,'Surv2-3'!$B:$B,$H48-140) -> 0 | D48: =SUMIFS('Surv2-3'!M:M,'Surv2-3'!$H:$H,$I$2,'Surv2-3'!$I:$I,$H48-140) -> 0 | E48: =IF($D$50=0,C48*2,C48+D48) -> 0 | G48: 9-12 | H48: 252 | I48: =Consolidated!$H66 -> 3168 | J48: =ROUND(E48*I48,2) -> 0 | V48: 9-12 | W48: 252 | X48: =I48 -> 3168 | Y48: =ROUND(T48*X48,2) -> 0
C49: =SUMIFS('Surv2-3'!F:F,'Surv2-3'!$A:$A,$I$2,'Surv2-3'!$B:$B,$H49-140) -> 0 | D49: =SUMIFS('Surv2-3'!M:M,'Surv2-3'!$H:$H,$I$2,'Surv2-3'!$I:$I,$H49-140) -> 0 | E49: =IF($D$50=0,C49*2,C49+D49) -> 0 | G49: 9-12 | H49: 253 | I49: =Consolidated!$H67 -> 6685 | J49: =ROUND(E49*I49,2) -> 0 | V49: 9-12 | W49: 253 | X49: =I49 -> 6685 | Y49: =ROUND(T49*X49,2) -> 0
A50: Total FTE with ESE Services | C50: =SUM(C41:C49) -> 3.5 | D50: =SUM(D41:D49) -> 3.97 | E50: =SUM(E41:E49) -> 7.47 | G50: Total ESE Guarantee | J50: =SUM(J41:J49) -> 26189.82 | R50: Total FTE with ESE Services | T50: =SUM(T42:T49) -> 0 | V50: Total ESE Guarantee | Y50: =SUM(Y41:Y49) -> 0
R51: 3A. Divide school's Unweighted FTE (UFTE) total computed in Section 1, cell C28 above by the district's total UFTE to obtain school's
A52: 3A. Divide school's Unweighted FTE (UFTE) total computed in Section 1, cell C28 above by the district's total UFTE to obtain school's | R52: UFTE share. Charter School UFTE: | T52: =T28 -> 0 | U52: ÷ | W52: District's Total UFTE: | X52: =I53 -> 207716.69
A53: UFTE share. Charter School UFTE: | C53: =E28 -> 23.81 | D53: ÷ | G53: District's Total UFTE: | I53: =Consolidated!H$71 -> 207716.69 | W53: = | X53: =ROUND(T52/X52,6) -> 0
H54: = | I54: =IFERROR(ROUND(C53/I53,6),0) -> 0.000115 | R54: 3B. Divide school's Weighted FTE (WFTE) total computed in Section 1, cell E39 above by the district's total WFTE to obtain school's
A55: 3B. Divide school's Weighted FTE (WFTE) total computed in Section 1, cell E33 above by the district's total WFTE to obtain school's | R55: WFTE share. Charter School WFTE: | T55: =Y33 -> 0 | U55: ÷ | W55: District's Total WFTE: | X55: =I56 -> 221131.37
A56: WFTE share. Charter School WFTE: | C56: =G33 -> 24.1549 | D56: ÷ | G56: District's Total WFTE: | I56: =Consolidated!H$74 -> 221131.37 | W56: = | X56: =ROUND(T55/X55,6) -> 0
H57: = | I57: =IFERROR(ROUND(C56/I56,6),0) -> 0.000109 | R57: 3C. Divide school's Unweighted FTE (UFTE) total computed in Section 1, cell C28 above by the district's total non-scholarship UFTE to obtain school's
A58: 3C. Divide school's Unweighted FTE (UFTE) total computed in Section 1, cell C28 above by the district's total non-scholarship UFTE to obtain school's | R58: UFTE share. Charter School UFTE: | T58: =T28 -> 0 | U58: ÷ | V58: District's Total Non-Scholarship UFTE: | X58: =I59 -> 178668.19
A59: UFTE share. Charter School UFTE: | C59: =E28 -> 23.81 | D59: ÷ | F59: District's Total Non-Scholarship UFTE: | I59: =Consolidated!H$77 -> 178668.19 | W59: = | X59: =ROUND(T58/X58,6) -> 0
H60: = | I60: =IFERROR(ROUND(C59/I59,6),0) -> 0.000133 | R60: 3D. Divide school's Unweighted FTE (UFTE) total computed in Section 1, cell C28 above by the district's total non-virtual UFTE to obtain school's
A61: 3D. Divide school's Unweighted FTE (UFTE) total computed in Section 1, cell C28 above by the district's total non-virtual UFTE to obtain school's | R61: UFTE share. Charter School UFTE: | T61: =T28 -> 0 | U61: ÷ | V61: District's Total Non-Virtual UFTE: | X61: =I62 -> 207376.94
A62: UFTE share. Charter School UFTE: | C62: =E28 -> 23.81 | D62: ÷ | F62: District's Total Non-Virtual UFTE: | I62: =Consolidated!H$80 -> 207376.94 | W62: = | X62: =ROUND(T61/X61,6) -> 0
H63: = | I63: =IFERROR(ROUND(C62/I62,6),0) -> 0.000115 | R63: 3E. Divide school's Unweighted FTE (UFTE) total computed in Section 1, cell C28 above by the district's total non-scholarship and non-virtual UFTE to obtain school's
A64: 3E. Divide school's Unweighted FTE (UFTE) total computed in Section 1, cell C28 above by the district's total non-scholarship and non-virtual UFTE to obtain school's | R64: UFTE share. Charter School UFTE: | T64: =T28 -> 0 | U64: ÷ | V64: District's Total Non-Virtual and Non-Scholarship UFTE: | X64: =I65 -> 178328.44
A65: UFTE share. Charter School UFTE: | C65: =E28 -> 23.81 | D65: ÷ District's Total Non-Scholarship Non-Virtual UFTE: | I65: =Consolidated!H$83 -> 178328.44 | W65: = | X65: =ROUND(T64/X64,6) -> 0
H66: = | I66: =IFERROR(ROUND(C65/I65,6),0) -> 0.000134
R67: 4. Educational Enrichment Share (Non-Virtual UFTE share) | V67: =G68 -> 45610484 | W67: x | X67: =X62 -> 0 | Y67: =ROUND(V67*X67,2) -> 0
A68: 4. Educational Enrichment Share (Non-Virtual UFTE share) | F68: (e) | G68: =Consolidated!F$86 -> 45610484 | H68: x | I68: =I63 -> 0.000115 | J68: =ROUND(G68*I68,2) -> 5245.21 | R68: 5. Discretionary Millage Compression Allocation
A69: 5. Discretionary Millage Compression Allocation | R69: .748 Mills | V69: =G70 -> 0 | W69: x | X69: =X53 -> 0 | Y69: =ROUND(V69*X69,2) -> 0
A70: .748 Mills (UFTE share) | F70: (b) | G70: =Consolidated!F$89 -> 0 | H70: x | I70: =I54 -> 0.000115 | J70: =ROUND(G70*I70,2) -> 0 | R70: 6. Safe Schools Allocation (Non-Virtual and Scholarship UFTE share) | V70: =G71 -> 18959906 | W70: x | X70: =X65 -> 0 | Y70: =ROUND(V70*X70,2) -> 0
A71: 6. Safe Schools Allocation (Non-Virtual and Non-Scholarship UFTE share) | F71: (f) | G71: =Consolidated!F$91 -> 18959906 | H71: x | I71: =I66 -> 0.000134 | J71: =ROUND(G71*I71,2) -> 2540.63 | R71: 7. Mental Health Assistance Allocation (Non-Scholarship UFTE share) | V71: =G72 -> 11308391 | W71: x | X71: =X59 -> 0 | Y71: =ROUND(V71*X71,2) -> 0
A72: 7. Mental Health Assistance Allocation (Non-Scholarship UFTE share) | F72: (d) | G72: =Consolidated!F$93 -> 11308391 | H72: x | I72: =I60 -> 0.000133 | J72: =ROUND(G72*I72,2) -> 1504.02 | R72: 8. Academic Acceleration Options Supplement (Value share)
A73: 8. Academic Acceleration Options Supplement (Value share) | F73: (g) | R73: Acceleration Value | T73: Acceleration Value Charter schools should contact their school district sponsor regarding eligible value. Please note that “Acceleration Value” is NOT equivalent to number of students enrolled in these courses or programs. Please refer to footnote (a) below.
A74: Acceleration Value | E74: Acceleration Value Charter schools should contact their school district sponsor regarding eligible value. Please note that “Acceleration Value” is NOT equivalent to number of students enrolled in these courses or programs. Please refer to footnote (g) below. | R74: Advanced Placement
A75: Advanced Placement | R75: International Baccalaureate
A76: International Baccalaureate | R76: Advanced International Certificate
A77: Advanced International Certificate | R77: Industry Certified Career Education
A78: Industry Certified Career Education | R78: Early High School Graduation
A79: Early High School Graduation | R79: Dual Enrollment
A80: Dual Enrollment | X80: School total value | Y80: =SUM(Y74:Y79) -> 0
I81: School total value | J81: =SUM(J75:J80) -> 0 | X81: District total value | Y81: =J82 -> 12903.05
I82: District total value | J82: =Consolidated!J$104 -> 12903.05
R83: School Academic Acceleration Option Supplement | V83: =G84 -> 58502790 | W83: x | X83: =IFERROR(ROUND(Y80/Y81,6),0) -> 0 | Y83: =ROUND(V83*X83,2) -> 0
A84: School Academic Acceleration Option Supplement | G84: =Consolidated!F$106 -> 58502790 | H84: x | I84: =IFERROR(ROUND(J81/J82,6),0) -> 0 | J84: =ROUND(G84*I84,2) -> 0 | R84: 9. ESE Guaranteed Allocation
A85: 9. Discretionary Local Effort (WFTE share) | F85: (c) | G85: =Consolidated!F$108 -> 268816278 | H85: x | I85: =I57 -> 0.000109 | J85: =ROUND(G85*I85,2) -> 29300.97 | R85: 10. Discretionary Local Effort (WFTE share) | V85: =G85 -> 268816278 | W85: x | X85: =X56 -> 0 | Y85: =ROUND(V85*X85,2) -> 0
A86: 10. Proration to Funds Available (WFTE share) | F86: (c) | G86: 0 | H86: x | I86: =I57 -> 0.000109 | J86: =ROUND(G86*I86,2) -> 0 | R86: 11. Proration to Funds Available (WFTE share) | V86: 0 | W86: x | X86: =X56 -> 0 | Y86: =ROUND(V86*X86,2) -> 0
A87: 11. Educational Enrollment Stabilization Program (UFTE share) | F87: (b) | G87: 0 | H87: x | I87: =I54 -> 0.000115 | J87: =ROUND(G87*I87,2) -> 0 | R87: 12. Educational Enrollment Stabilization Program (UFTE share) | V87: 0 | W87: x | X87: =X53 -> 0 | Y87: =ROUND(V87*X87,2) -> 0
A88: 12. Class Size Reduction Funds: | R88: 13. Class Size Reduction Funds:
B89: Weighted FTE (not including Add-On) | D89: X CWF X | G89: Allocation factors | R89: Weighted FTE (not including Add-On) | T89: X CWF X | V89: Allocation factors
A90: PK - 3 | B90: =I12+I13+I18+I21+I24 -> 0 | D90: =I6 -> 1.0355 | G90: =Consolidated!F$118 -> 958.42 | H90: = | I90: =ROUND(B90*D90*G90,2) -> 0 | R90: PK - 3 | S90: =X12+X13+X18+X21+X24 -> 0 | T90: =X6 -> 1.0355 | V90: =G90 -> 958.42 | W90: = | X90: =ROUND(S90*T90*V90,2) -> 0
A91: 4-8 | B91: =I14+I15+I19+I22+I25 -> 24.1549 | D91: =I6 -> 1.0355 | G91: =Consolidated!F$119 -> 915.09 | H91: = | I91: =ROUND(B91*D91*G91,2) -> 22888.6 | R91: 4-8 | S91: =X14+X15+X19+X22+X25 -> 0 | T91: =X6 -> 1.0355 | V91: =G91 -> 915.09 | W91: = | X91: =ROUND(S91*T91*V91,2) -> 0
A92: 9-12 | B92: =I16+I17+I20+I23+I26+I27 -> 0 | D92: =I6 -> 1.0355 | G92: =Consolidated!F$120 -> 917.3 | H92: = | I92: =ROUND(B92*D92*G92,2) -> 0 | R92: 9-12 | S92: =X16+X17+X20+X23+X26+X27 -> 0 | T92: =X6 -> 1.0355 | V92: =G92 -> 917.3 | W92: = | X92: =ROUND(S92*T92*V92,2) -> 0
A93: Total * | B93: =SUM(B90:B92) -> 24.1549 | E93: Total Class Size Reduction Funds | J93: =IF(A1=75,0,I92+I91+I90) -> 22888.6 | R93: Total * | S93: =SUM(S90:S92) -> 0 | T93: Total Class Size Reduction Funds | Y93: =IF(R1=75,0,X92+X91+X90) -> 0
A94: (*Total FTE should equal total in Section 1, column (4) and should not include any additional FTE from Section 1.) | R94: (*Total FTE should equal total in Section 1, column (4) and should not include any additional FTE from Section 1.)
A95: 13. Student Transportation | F95: (h) | R95: 14. Student Transportation
C96: Oct 2025 FTE | D96: Feb 2026 FTE | E96: Average FTE | R96: Enter All Adjusted Fundable Riders | T96: =IF(I111=1,E97,0) -> 0 | W96: x | X96: =I97 -> 578 | Y96: =ROUND(X96*T96,2) -> 0
A97: Enter All Adjusted Fundable Riders | C97: 4 | D97: 9 | E97: =IF(D97>0,(C97+D97)/2,C97) -> 6.5 | H97: x | I97: =Consolidated!G$127 -> 578 | J97: =ROUND(I97*E97,2) -> 3757 | R97: Enter All Adjusted ESE Riders | T97: =IF(I112=1,E98,0) -> 0 | W97: x | X97: =I98 -> 1794 | Y97: =ROUND(X97*T97,2) -> 0
A98: Enter All Adjusted ESE Riders | C98: 0 | E98: =(C98+D98)/2 -> 0 | H98: x | I98: =Consolidated!G$128 -> 1794 | J98: =ROUND(I98*E98,2) -> 0
A100: 14. Federally Connected Student Supplement | F100: (i) | R100: 15. Federally Connected Student Supplement
A101: Impact Aid Student Type | D101: Number of Students | G101: Exempt Property Allocation | I101: Impact Aid Student Allocation | J101: Total | R101: Impact Aid Student Type | T101: Number of Students | V101: Exempt Property Allocation | X101: Impact Aid Student Allocation | Y101: Total
A102: Military and Indian Lands | G102: 0 | I102: 0 | J102: =ROUND((I102+G102)*E102,0) -> 0 | R102: Military and Indian Lands | T102: 0 | V102: 0 | X102: 0 | Y102: =ROUND((X102+V102)*T102,0) -> 0
A103: Civilians on Federal Lands | G103: =ROUND(G102/2,2) -> 0 | I103: 0 | J103: =ROUND((I103+G103)*E103,0) -> 0 | R103: Civilians on Federal Lands | T103: 0 | V103: =ROUND(V102/2,2) -> 0 | X103: 0 | Y103: =ROUND((X103+V103)*T103,0) -> 0
...

Sheet 0571
A1: 50 | B1: (Insert district number in cell A1, enter, then strike F9. Your district data then pulls from Calculation Detail Sheets) | R1: 50 | S1: (Insert district number in cell A1, enter, then strike F9. Your district data then pulls from Calculation Detail Sheets)
A2: Revenue Estimate Worksheet: Palmetto Park - 0571 | I2: =RIGHT(A2,4) -> 0571 | R2: =Revenue_Estimate_Worksheet_for___________Charter_School -> Revenue Estimate Worksheet: Palmetto Park - 0571
A3: Based on the 2025-26 Third Calculation Worksheet | R3: Based on the 2025-26 FEFP Second Calculation
A4: School District: | D4: Palm Beach | H4: =Consolidated!H4 -> 46204 | R4: School District: | T4: Palm Beach
A5: 1A. 2025-26 FEFP State and Local Funding | R5: 1A. 2025-26 FEFP State and Local Funding
A6: Base Student Allocation | E6: =Consolidated!$C$8 -> 5372.6 | G6: Comparable Wage Factor: | I6: =Consolidated!$H$8 -> 1.0355 | R6: Base Student Allocation | T6: =E6 -> 5372.6 | V6: Comparable Wage Factor: | X6: 1.0355
G7: Small District Factor | I7: =Consolidated!$H$9 -> 1 | O7: =IF(AND(C13>=C15, C13>=C17), "E", "-") -> - | V7: Small District Factor | X7: 1
J8: 2025-26 | O8: =IF(AND(C15>C17, C15>C13), "M", "-") -> - | Y8: 2025-26
C9: =Consolidated!C$11 -> Oct 2025 | D9: =Consolidated!D$11 -> Feb 2026 | G9: Program | I9: Weighted FTE | J9: Base Funding | O9: =IF(AND(C17>C15, C17>C13), "H", "-") -> H | V9: Program | X9: Weighted FTE | Y9: Base Funding
A10: Program | C10: FTE | D10: FTE | E10: Total FTE | G10: Cost Factor | I10: (2) x (3) | J10: (WFTE x BSA x CWF x SDF) | R10: Program | T10: Number of FTE | V10: Cost Factor | X10: (2) x (3) | Y10: (WFTE x BSA x CWF x SDF)
A11: (1) | E11: (2) | G11: (3) | I11: (4) | J11: (5) | R11: (1) | T11: (2) | V11: (3) | X11: (4) | Y11: (5)
A12: 101 Basic K-3 | C12: =SUMIFS('Surv2-3'!D:D,'Surv2-3'!$A:$A,$I$2,'Surv2-3'!$B:$B,$O12) -> 0 | D12: =SUMIFS('Surv2-3'!K:K,'Surv2-3'!$H:$H,$I$2,'Surv2-3'!$I:$I,$O12) -> 0 | E12: =IF($D$28=0,C12*2,C12+D12) -> 0 | G12: =Consolidated!$F14 -> 1.108 | H12: =Consolidated!$H$9 -> 1 | I12: =ROUND(E12*G12,4) -> 0 | J12: =ROUND(ROUND(ROUND(I12*$E$6,4)*($I$6),2)*(MAX($I$7,1)),2) -> 0 | O12: =LEFT(R12,3) -> 101 | R12: 101 Basic K-3 | T12: =IF($I$111=1,E12,0) -> 0 | V12: 1 | X12: =ROUND(T12*V12,4) -> 0 | Y12: =ROUND(ROUND(ROUND(X12*$E$6,4)*($I$6),2)*(MAX($I$7,1)),2) -> 0
A13: 111 Basic K-3 with ESE Services | C13: =SUMIFS('Surv2-3'!D:D,'Surv2-3'!$A:$A,$I$2,'Surv2-3'!$B:$B,$O13) -> 0 | D13: =SUMIFS('Surv2-3'!K:K,'Surv2-3'!$H:$H,$I$2,'Surv2-3'!$I:$I,$O13) -> 0 | E13: =IF($D$28=0,C13*2,C13+D13) -> 0 | G13: =Consolidated!$F15 -> 1.108 | H13: =Consolidated!$H$9 -> 1 | I13: =ROUND(E13*G13,4) -> 0 | J13: =ROUND(ROUND(ROUND(I13*$E$6,4)*($I$6),2)*(MAX($I$7,1)),2) -> 0 | O13: =LEFT(R13,3) -> 111 | R13: 111 Basic K-3 with ESE Services | T13: =IF($I$111=1,E13,0) -> 0 | V13: 1 | X13: =ROUND(T13*V13,4) -> 0 | Y13: =ROUND(ROUND(ROUND(X13*$E$6,4)*($I$6),2)*(MAX($I$7,1)),2) -> 0
A14: 102 Basic 4-8 | C14: =SUMIFS('Surv2-3'!E:E,'Surv2-3'!$A:$A,$I$2,'Surv2-3'!$B:$B,$O14) -> 2.9 | D14: =SUMIFS('Surv2-3'!L:L,'Surv2-3'!$H:$H,$I$2,'Surv2-3'!$I:$I,$O14) -> 2.56 | E14: =IF($D$28=0,C14*2,C14+D14) -> 5.46 | G14: =Consolidated!$F16 -> 1 | H14: =Consolidated!$H$9 -> 1 | I14: =ROUND(E14*G14,4) -> 5.46 | J14: =ROUND(ROUND(ROUND(I14*$E$6,4)*($I$6),2)*(MAX($I$7,1)),2) -> 30375.77 | O14: =LEFT(R14,3) -> 102 | R14: 102 Basic 4-8 | T14: =IF($I$111=1,E14,0) -> 0 | V14: 1 | X14: =ROUND(T14*V14,4) -> 0 | Y14: =ROUND(ROUND(ROUND(X14*$E$6,4)*($I$6),2)*(MAX($I$7,1)),2) -> 0
A15: 112 Basic 4-8 with ESE Services | C15: =SUMIFS('Surv2-3'!E:E,'Surv2-3'!$A:$A,$I$2,'Surv2-3'!$B:$B,$O15) -> 0.5 | D15: =SUMIFS('Surv2-3'!L:L,'Surv2-3'!$H:$H,$I$2,'Surv2-3'!$I:$I,$O15) -> 0.48 | E15: =IF($D$28=0,C15*2,C15+D15) -> 0.98 | G15: =Consolidated!$F17 -> 1 | H15: =Consolidated!$H$9 -> 1 | I15: =ROUND(E15*G15,4) -> 0.98 | J15: =ROUND(ROUND(ROUND(I15*$E$6,4)*($I$6),2)*(MAX($I$7,1)),2) -> 5452.06 | O15: =LEFT(R15,3) -> 112 | R15: 112 Basic 4-8 with ESE Services | T15: =IF($I$111=1,E15,0) -> 0 | V15: 1 | X15: =ROUND(T15*V15,4) -> 0 | Y15: =ROUND(ROUND(ROUND(X15*$E$6,4)*($I$6),2)*(MAX($I$7,1)),2) -> 0
A16: 103 Basic 9-12 | C16: =SUMIFS('Surv2-3'!F:F,'Surv2-3'!$A:$A,$I$2,'Surv2-3'!$B:$B,$O16) -> 26.72 | D16: =SUMIFS('Surv2-3'!M:M,'Surv2-3'!$H:$H,$I$2,'Surv2-3'!$I:$I,$O16) -> 54.84 | E16: =IF($D$28=0,C16*2,C16+D16) -> 81.56 | G16: =Consolidated!$F18 -> 0.972 | H16: =Consolidated!$H$9 -> 1 | I16: =ROUND(E16*G16,4) -> 79.2763 | J16: =ROUND(ROUND(ROUND(I16*$E$6,4)*($I$6),2)*(MAX($I$7,1)),2) -> 441040 | O16: =LEFT(R16,3) -> 103 | R16: 103 Basic 9-12 | T16: =IF($I$111=1,E16,0) -> 0 | V16: 1 | X16: =ROUND(T16*V16,4) -> 0 | Y16: =ROUND(ROUND(ROUND(X16*$E$6,4)*($I$6),2)*(MAX($I$7,1)),2) -> 0
A17: 113 Basic 9-12 with ESE Services | C17: =SUMIFS('Surv2-3'!F:F,'Surv2-3'!$A:$A,$I$2,'Surv2-3'!$B:$B,$O17) -> 9.43 | D17: =SUMIFS('Surv2-3'!M:M,'Surv2-3'!$H:$H,$I$2,'Surv2-3'!$I:$I,$O17) -> 20.6 | E17: =IF($D$28=0,C17*2,C17+D17) -> 30.03 | G17: =Consolidated!$F19 -> 0.972 | H17: =Consolidated!$H$9 -> 1 | I17: =ROUND(E17*G17,4) -> 29.1892 | J17: =ROUND(ROUND(ROUND(I17*$E$6,4)*($I$6),2)*(MAX($I$7,1)),2) -> 162389.07 | O17: =LEFT(R17,3) -> 113 | R17: 113 Basic 9-12 with ESE Services | T17: =IF($I$111=1,E17,0) -> 0 | V17: 1 | X17: =ROUND(T17*V17,4) -> 0 | Y17: =ROUND(ROUND(ROUND(X17*$E$6,4)*($I$6),2)*(MAX($I$7,1)),2) -> 0
A18: 254 ESE Level 4 (Grade Level PK-3) | C18: =SUMIFS('Surv2-3'!D:D,'Surv2-3'!$A:$A,$I$2,'Surv2-3'!$B:$B,$O18) -> 0 | D18: =SUMIFS('Surv2-3'!K:K,'Surv2-3'!$H:$H,$I$2,'Surv2-3'!$I:$I,$O18) -> 0 | E18: =IF($D$28=0,C18*2,C18+D18) -> 0 | G18: =Consolidated!$F20 -> 3.609 | H18: =Consolidated!$H$9 -> 1 | I18: =ROUND(E18*G18,4) -> 0 | J18: =ROUND(ROUND(ROUND(I18*$E$6,4)*($I$6),2)*(MAX($I$7,1)),2) -> 0 | O18: =LEFT(R18,3) -> 254 | R18: 254 ESE Level 4 (Grade Level PK-3) | T18: =IF($I$111=1,E18,0) -> 0 | V18: 1 | X18: =ROUND(T18*V18,4) -> 0 | Y18: =ROUND(ROUND(ROUND(X18*$E$6,4)*($I$6),2)*(MAX($I$7,1)),2) -> 0
A19: 254 ESE Level 4 (Grade Level 4-8) | C19: =SUMIFS('Surv2-3'!E:E,'Surv2-3'!$A:$A,$I$2,'Surv2-3'!$B:$B,$O19) -> 0 | D19: =SUMIFS('Surv2-3'!L:L,'Surv2-3'!$H:$H,$I$2,'Surv2-3'!$I:$I,$O19) -> 0 | E19: =IF($D$28=0,C19*2,C19+D19) -> 0 | G19: =Consolidated!$F21 -> 3.609 | H19: =Consolidated!$H$9 -> 1 | I19: =ROUND(E19*G19,4) -> 0 | J19: =ROUND(ROUND(ROUND(I19*$E$6,4)*($I$6),2)*(MAX($I$7,1)),2) -> 0 | O19: =LEFT(R19,3) -> 254 | R19: 254 ESE Level 4 (Grade Level 4-8) | T19: =IF($I$111=1,E19,0) -> 0 | V19: 1 | X19: =ROUND(T19*V19,4) -> 0 | Y19: =ROUND(ROUND(ROUND(X19*$E$6,4)*($I$6),2)*(MAX($I$7,1)),2) -> 0
A20: 254 ESE Level 4 (Grade Level 9-12) | C20: =SUMIFS('Surv2-3'!F:F,'Surv2-3'!$A:$A,$I$2,'Surv2-3'!$B:$B,$O20) -> 0 | D20: =SUMIFS('Surv2-3'!M:M,'Surv2-3'!$H:$H,$I$2,'Surv2-3'!$I:$I,$O20) -> 0 | E20: =IF($D$28=0,C20*2,C20+D20) -> 0 | G20: =Consolidated!$F22 -> 3.609 | H20: =Consolidated!$H$9 -> 1 | I20: =ROUND(E20*G20,4) -> 0 | J20: =ROUND(ROUND(ROUND(I20*$E$6,4)*($I$6),2)*(MAX($I$7,1)),2) -> 0 | O20: =LEFT(R20,3) -> 254 | R20: 254 ESE Level 4 (Grade Level 9-12) | T20: =IF($I$111=1,E20,0) -> 0 | V20: 1 | X20: =ROUND(T20*V20,4) -> 0 | Y20: =ROUND(ROUND(ROUND(X20*$E$6,4)*($I$6),2)*(MAX($I$7,1)),2) -> 0
A21: 255 ESE Level 5 (Grade Level PK-3) | C21: =SUMIFS('Surv2-3'!D:D,'Surv2-3'!$A:$A,$I$2,'Surv2-3'!$B:$B,$O21) -> 0 | D21: =SUMIFS('Surv2-3'!K:K,'Surv2-3'!$H:$H,$I$2,'Surv2-3'!$I:$I,$O21) -> 0 | E21: =IF($D$28=0,C21*2,C21+D21) -> 0 | G21: =Consolidated!$F23 -> 6.064 | H21: =Consolidated!$H$9 -> 1 | I21: =ROUND(E21*G21,4) -> 0 | J21: =ROUND(ROUND(ROUND(I21*$E$6,4)*($I$6),2)*(MAX($I$7,1)),2) -> 0 | O21: =LEFT(R21,3) -> 255 | R21: 255 ESE Level 5 (Grade Level PK-3) | T21: =IF($I$111=1,E21,0) -> 0 | V21: 1 | X21: =ROUND(T21*V21,4) -> 0 | Y21: =ROUND(ROUND(ROUND(X21*$E$6,4)*($I$6),2)*(MAX($I$7,1)),2) -> 0
A22: 255 ESE Level 5 (Grade Level 4-8) | C22: =SUMIFS('Surv2-3'!E:E,'Surv2-3'!$A:$A,$I$2,'Surv2-3'!$B:$B,$O22) -> 0 | D22: =SUMIFS('Surv2-3'!L:L,'Surv2-3'!$H:$H,$I$2,'Surv2-3'!$I:$I,$O22) -> 0 | E22: =IF($D$28=0,C22*2,C22+D22) -> 0 | G22: =Consolidated!$F24 -> 6.064 | H22: =Consolidated!$H$9 -> 1 | I22: =ROUND(E22*G22,4) -> 0 | J22: =ROUND(ROUND(ROUND(I22*$E$6,4)*($I$6),2)*(MAX($I$7,1)),2) -> 0 | O22: =LEFT(R22,3) -> 255 | R22: 255 ESE Level 5 (Grade Level 4-8) | T22: =IF($I$111=1,E22,0) -> 0 | V22: 1 | X22: =ROUND(T22*V22,4) -> 0 | Y22: =ROUND(ROUND(ROUND(X22*$E$6,4)*($I$6),2)*(MAX($I$7,1)),2) -> 0
A23: 255 ESE Level 5 (Grade Level 9-12) | C23: =SUMIFS('Surv2-3'!F:F,'Surv2-3'!$A:$A,$I$2,'Surv2-3'!$B:$B,$O23) -> 0 | D23: =SUMIFS('Surv2-3'!M:M,'Surv2-3'!$H:$H,$I$2,'Surv2-3'!$I:$I,$O23) -> 0 | E23: =IF($D$28=0,C23*2,C23+D23) -> 0 | G23: =Consolidated!$F25 -> 6.064 | H23: =Consolidated!$H$9 -> 1 | I23: =ROUND(E23*G23,4) -> 0 | J23: =ROUND(ROUND(ROUND(I23*$E$6,4)*($I$6),2)*(MAX($I$7,1)),2) -> 0 | O23: =LEFT(R23,3) -> 255 | R23: 255 ESE Level 5 (Grade Level 9-12) | T23: =IF($I$111=1,E23,0) -> 0 | V23: 1 | X23: =ROUND(T23*V23,4) -> 0 | Y23: =ROUND(ROUND(ROUND(X23*$E$6,4)*($I$6),2)*(MAX($I$7,1)),2) -> 0
A24: 130 ESOL (Grade Level PK-3) | C24: =SUMIFS('Surv2-3'!D:D,'Surv2-3'!$A:$A,$I$2,'Surv2-3'!$B:$B,$O24) -> 0 | D24: =SUMIFS('Surv2-3'!K:K,'Surv2-3'!$H:$H,$I$2,'Surv2-3'!$I:$I,$O24) -> 0 | E24: =IF($D$28=0,C24*2,C24+D24) -> 0 | G24: =Consolidated!$F26 -> 1.165 | H24: =Consolidated!$H$9 -> 1 | I24: =ROUND(E24*G24,4) -> 0 | J24: =ROUND(ROUND(ROUND(I24*$E$6,4)*($I$6),2)*(MAX($I$7,1)),2) -> 0 | O24: =LEFT(R24,3) -> 130 | R24: 130 ESOL (Grade Level PK-3) | T24: =IF($I$111=1,E24,0) -> 0 | V24: 1 | X24: =ROUND(T24*V24,4) -> 0 | Y24: =ROUND(ROUND(ROUND(X24*$E$6,4)*($I$6),2)*(MAX($I$7,1)),2) -> 0
A25: 130 ESOL (Grade Level 4-8) | C25: =SUMIFS('Surv2-3'!E:E,'Surv2-3'!$A:$A,$I$2,'Surv2-3'!$B:$B,$O25) -> 0.6 | D25: =SUMIFS('Surv2-3'!L:L,'Surv2-3'!$H:$H,$I$2,'Surv2-3'!$I:$I,$O25) -> 0.4 | E25: =IF($D$28=0,C25*2,C25+D25) -> 1 | G25: =Consolidated!$F27 -> 1.165 | H25: =Consolidated!$H$9 -> 1 | I25: =ROUND(E25*G25,4) -> 1.165 | J25: =ROUND(ROUND(ROUND(I25*$E$6,4)*($I$6),2)*(MAX($I$7,1)),2) -> 6481.28 | O25: =LEFT(R25,3) -> 130 | R25: 130 ESOL (Grade Level 4-8) | T25: =IF($I$111=1,E25,0) -> 0 | V25: 1 | X25: =ROUND(T25*V25,4) -> 0 | Y25: =ROUND(ROUND(ROUND(X25*$E$6,4)*($I$6),2)*(MAX($I$7,1)),2) -> 0
A26: 130 ESOL (Grade Level 9-12) | C26: =SUMIFS('Surv2-3'!F:F,'Surv2-3'!$A:$A,$I$2,'Surv2-3'!$B:$B,$O26) -> 0.9 | D26: =SUMIFS('Surv2-3'!M:M,'Surv2-3'!$H:$H,$I$2,'Surv2-3'!$I:$I,$O26) -> 4.85 | E26: =IF($D$28=0,C26*2,C26+D26) -> 5.75 | G26: =Consolidated!$F28 -> 1.165 | H26: =Consolidated!$H$9 -> 1 | I26: =ROUND(E26*G26,4) -> 6.6988 | J26: =ROUND(ROUND(ROUND(I26*$E$6,4)*($I$6),2)*(MAX($I$7,1)),2) -> 37267.62 | O26: =LEFT(R26,3) -> 130 | R26: 130 ESOL (Grade Level 9-12) | T26: =IF($I$111=1,E26,0) -> 0 | V26: 1 | X26: =ROUND(T26*V26,4) -> 0 | Y26: =ROUND(ROUND(ROUND(X26*$E$6,4)*($I$6),2)*(MAX($I$7,1)),2) -> 0
A27: 300 Career Education (Grades 9-12) | C27: =SUMIFS('Surv2-3'!C:C,'Surv2-3'!$A:$A,$I$2,'Surv2-3'!$B:$B,$O27) -> 0 | D27: =SUMIFS('Surv2-3'!J:J,'Surv2-3'!$H:$H,$I$2,'Surv2-3'!$I:$I,$O27) -> 0.76 | E27: =IF($D$28=0,C27*2,C27+D27) -> 0.76 | G27: =Consolidated!$F29 -> 1.081 | H27: =Consolidated!$H$9 -> 1 | I27: =ROUND(E27*G27,4) -> 0.8216 | J27: =ROUND(ROUND(ROUND(I27*$E$6,4)*($I$6),2)*(MAX($I$7,1)),2) -> 4570.83 | O27: =LEFT(R27,3) -> 300 | R27: 300 Career Education (Grades 9-12) | T27: =IF($I$111=1,E27,0) -> 0 | V27: 1 | X27: =ROUND(T27*V27,4) -> 0 | Y27: =ROUND(ROUND(ROUND(X27*$E$6,4)*($I$6),2)*(MAX($I$7,1)),2) -> 0
A28: Totals | C28: =SUM(C12:C27) -> 41.05 | D28: =SUM(D12:D27) -> 84.49 | E28: =SUM(E12:E27) -> 125.54 | I28: =SUM(I12:I27) -> 123.5909 | J28: =SUM(J12:J27) -> 687576.63 | R28: Totals | T28: =SUM(T12:T27) -> 0 | X28: =SUM(X12:X27) -> 0 | Y28: =SUM(Y12:Y27) -> 0
A29: Letters in Parentheses Refer to Notes at Bottom of Worksheet: | R29: Letters in Parentheses Refer to Notes at Bottom of Worksheet:
A30: Additional FTE | E30: Number of FTE Charter schools should contact their school district sponsor regarding eligible FTE. Please note that “Number of FTE” is NOT equivalent to number of students enrolled in these courses or programs. | J30: 2025-26 Base Funding (WFTE x BSA x CWF x SDF) | R30: Additional FTE | T30: Number of FTE Charter schools should contact their school district sponsor regarding eligible FTE. Please note that “Number of FTE” is NOT equivalent to number of students enrolled in these courses or programs. Please refer to footnote (a) below. | Y30: 2025-26 Base Funding (WFTE x BSA x CWF x SDF)
A31: Small District ESE Supplement | J31: =ROUND(ROUND(ROUND(I31*$E$6,4)*($I$6),0)*(MAX($I$7,1)),0) -> 0 | R31: Small District ESE Supplement | Y31: =J31 -> 0
A32: Total Additional FTE | G32: =SUM(I31:I31) -> 0 | H32: Additional Base Funds | J32: =SUM(J31:J31) -> 0 | R32: Total Additional FTE | V32: =SUM(T31:V31) -> 0 | W32: Additional Base Funds | Y32: =SUM(Y31:Y31) -> 0
A33: Total Funded Weighted FTE | G33: =G32+I28 -> 123.5909 | H33: Total Base Funding | J33: =SUM(J32,J28) -> 687576.63 | R33: Total Funded Weighted FTE | V33: =V32+X28 -> 0 | W33: Total Base Funding | Y33: =SUM(Y32,Y28) -> 0
A35: 1B. Classroom Teacher and Other Instructional Personnel Salary Increase Maintenance and Growth Portions of the Salary Increase funds are part of the total Conference Base Funding and are not treated as a separate allocation. Amounts are split out here for informative purposes and for the purposes of providing a total that may be used for calculating the adminstrative fee. | R35: 1B. Classroom Teacher and Other Instructional Personnel Salary Increase Maintenance and Growth Portions of the Salary Increase funds are part of the total Conference Base Funding and are not treated as a separate allocation. Amounts are split out here for informative purposes and for the purposes of providing a total that may be used for calculating the adminstrative fee.
A36: Maintenance Portion (6.67% of Conference Base Funding) | F36: (a) | G36: 281971.68 | H36: X | I36: 0.0667 | J36: =ROUND(G36*I36,2) -> 18807.51 | R36: Maintenance Portion (6.67% of Conference Base Funding) | V36: 61196.59 | W36: X | X36: 0.0667 | Y36: =ROUND(V36*X36,2) -> 4081.81
A37: Growth Portion (0.54% of Conference Base Funding) | F37: (a) | G37: 281971.68 | H37: X | I37: 0.0054 | J37: =ROUND(G37*I37,2) -> 1522.65 | R37: Growth Portion (0.54% of Conference Base Funding) | V37: 61196.59 | W37: X | X37: 0.0054 | Y37: =ROUND(V37*X37,2) -> 330.46
A38: Total Salary Increase Allocation | J38: =SUM(J36:J37) -> 20330.16 | R38: Total Salary Increase Allocation | Y38: =Y36+Y37 -> 4412.27
A40: 2. ESE Guaranteed Allocation: | C40: Oct 2025 FTE | D40: Feb 2026 FTE | E40: Total FTE | G40: Grade Level | H40: Matrix Level | I40: Guarantee Per Student | R40: 2. ESE Guaranteed Allocation: | T40: FTE | V40: Grade Level | W40: Matrix Level | X40: Guarantee Per Student
A41: Additional Funding from the ESE Guaranteed Allocation. Enter the FTE from 111,112 and 113 by grade and matrix level. Students who do not have a matrix level should be considered 251. This total should equal all FTE from programs 111, 112 and 113 above, less any 113 gifted FTE. | C41: =SUMIFS('Surv2-3'!D:D,'Surv2-3'!$A:$A,$I$2,'Surv2-3'!$B:$B,$H41-140) -> 0 | D41: =SUMIFS('Surv2-3'!K:K,'Surv2-3'!$H:$H,$I$2,'Surv2-3'!$I:$I,$H41-140) -> 0 | E41: =IF($D$50=0,C41*2,C41+D41) -> 0 | G41: PK-3 | H41: 251 | I41: =Consolidated!$H59 -> 1047 | J41: =ROUND(E41*I41,2) -> 0 | R41: Additional Funding from the ESE Guaranteed Allocation. Enter the FTE from 111,112, & 113 by grade and matrix level. Students who do not have a matrix level should be considered 251. This total should equal all FTE from programs 111, 112 & 113 above. | V41: PK-3 | W41: 251 | X41: =Consolidated!$H59 -> 1047 | Y41: =ROUND(T41*X41,2) -> 0
C42: =SUMIFS('Surv2-3'!D:D,'Surv2-3'!$A:$A,$I$2,'Surv2-3'!$B:$B,$H42-140) -> 0 | D42: =SUMIFS('Surv2-3'!K:K,'Surv2-3'!$H:$H,$I$2,'Surv2-3'!$I:$I,$H42-140) -> 0 | E42: =IF($D$50=0,C42*2,C42+D42) -> 0 | G42: PK-3 | H42: 252 | I42: =Consolidated!$H60 -> 3380 | J42: =ROUND(E42*I42,2) -> 0 | V42: PK-3 | W42: 252 | X42: =Consolidated!$H60 -> 3380 | Y42: =ROUND(T42*X42,2) -> 0
C43: =SUMIFS('Surv2-3'!D:D,'Surv2-3'!$A:$A,$I$2,'Surv2-3'!$B:$B,$H43-140) -> 0 | D43: =SUMIFS('Surv2-3'!K:K,'Surv2-3'!$H:$H,$I$2,'Surv2-3'!$I:$I,$H43-140) -> 0 | E43: =IF($D$50=0,C43*2,C43+D43) -> 0 | G43: PK-3 | H43: 253 | I43: =Consolidated!$H61 -> 6896 | J43: =ROUND(E43*I43,2) -> 0 | V43: PK-3 | W43: 253 | X43: =Consolidated!$H61 -> 6896 | Y43: =ROUND(T43*X43,2) -> 0
C44: =SUMIFS('Surv2-3'!E:E,'Surv2-3'!$A:$A,$I$2,'Surv2-3'!$B:$B,$H44-140) -> 0 | D44: =SUMIFS('Surv2-3'!L:L,'Surv2-3'!$H:$H,$I$2,'Surv2-3'!$I:$I,$H44-140) -> 0 | E44: =IF($D$50=0,C44*2,C44+D44) -> 0 | G44: 4-8 | H44: 251 | I44: =Consolidated!$H62 -> 1173 | J44: =ROUND(E44*I44,2) -> 0 | V44: 4-8 | W44: 251 | X44: =Consolidated!$H62 -> 1173 | Y44: =ROUND(T44*X44,2) -> 0
C45: =SUMIFS('Surv2-3'!E:E,'Surv2-3'!$A:$A,$I$2,'Surv2-3'!$B:$B,$H45-140) -> 0.5 | D45: =SUMIFS('Surv2-3'!L:L,'Surv2-3'!$H:$H,$I$2,'Surv2-3'!$I:$I,$H45-140) -> 0.48 | E45: =IF($D$50=0,C45*2,C45+D45) -> 0.98 | G45: 4-8 | H45: 252 | I45: =Consolidated!$H63 -> 3506 | J45: =ROUND(E45*I45,2) -> 3435.88 | V45: 4-8 | W45: 252 | X45: =Consolidated!$H63 -> 3506 | Y45: =ROUND(T45*X45,2) -> 0
C46: =SUMIFS('Surv2-3'!E:E,'Surv2-3'!$A:$A,$I$2,'Surv2-3'!$B:$B,$H46-140) -> 0 | D46: =SUMIFS('Surv2-3'!L:L,'Surv2-3'!$H:$H,$I$2,'Surv2-3'!$I:$I,$H46-140) -> 0 | E46: =IF($D$50=0,C46*2,C46+D46) -> 0 | G46: 4-8 | H46: 253 | I46: =Consolidated!$H64 -> 7023 | J46: =ROUND(E46*I46,2) -> 0 | V46: 4-8 | W46: 253 | X46: =Consolidated!$H64 -> 7023 | Y46: =ROUND(T46*X46,2) -> 0
C47: =SUMIFS('Surv2-3'!F:F,'Surv2-3'!$A:$A,$I$2,'Surv2-3'!$B:$B,$H47-140) -> 0 | D47: =SUMIFS('Surv2-3'!M:M,'Surv2-3'!$H:$H,$I$2,'Surv2-3'!$I:$I,$H47-140) -> 0 | E47: =IF($D$50=0,C47*2,C47+D47) -> 0 | G47: 9-12 | H47: 251 | I47: =Consolidated!$H65 -> 835 | J47: =ROUND(E47*I47,2) -> 0 | V47: 9-12 | W47: 251 | X47: =Consolidated!$H65 -> 835 | Y47: =ROUND(T47*X47,2) -> 0
C48: =SUMIFS('Surv2-3'!F:F,'Surv2-3'!$A:$A,$I$2,'Surv2-3'!$B:$B,$H48-140) -> 0 | D48: =SUMIFS('Surv2-3'!M:M,'Surv2-3'!$H:$H,$I$2,'Surv2-3'!$I:$I,$H48-140) -> 0 | E48: =IF($D$50=0,C48*2,C48+D48) -> 0 | G48: 9-12 | H48: 252 | I48: =Consolidated!$H66 -> 3168 | J48: =ROUND(E48*I48,2) -> 0 | V48: 9-12 | W48: 252 | X48: =Consolidated!$H66 -> 3168 | Y48: =ROUND(T48*X48,2) -> 0
C49: =SUMIFS('Surv2-3'!F:F,'Surv2-3'!$A:$A,$I$2,'Surv2-3'!$B:$B,$H49-140) -> 9.43 | D49: =SUMIFS('Surv2-3'!M:M,'Surv2-3'!$H:$H,$I$2,'Surv2-3'!$I:$I,$H49-140) -> 20.6 | E49: =IF($D$50=0,C49*2,C49+D49) -> 30.03 | G49: 9-12 | H49: 253 | I49: =Consolidated!$H67 -> 6685 | J49: =ROUND(E49*I49,2) -> 200750.55 | V49: 9-12 | W49: 253 | X49: =Consolidated!$H67 -> 6685 | Y49: =ROUND(T49*X49,2) -> 0
A50: Total FTE with ESE Services | C50: =SUM(C41:C49) -> 9.93 | D50: =SUM(D41:D49) -> 21.08 | E50: =SUM(E41:E49) -> 31.01 | G50: Total ESE Guarantee | J50: =SUM(J41:J49) -> 204186.43 | R50: Total FTE with ESE Services | T50: =SUM(T42:T49) -> 0 | V50: Total ESE Guarantee | Y50: =SUM(Y41:Y49) -> 0
R51: 3A. Divide school's Unweighted FTE (UFTE) total computed in Section 1, cell C28 above by the district's total UFTE to obtain school's
A52: 3A. Divide school's Unweighted FTE (UFTE) total computed in Section 1, cell C28 above by the district's total UFTE to obtain school's | R52: UFTE share. Charter School UFTE: | T52: =T28 -> 0 | U52: ÷ | W52: District's Total UFTE: | X52: =I53 -> 207716.69
A53: UFTE share. Charter School UFTE: | C53: =E28 -> 125.54 | D53: ÷ | H53: District's Total UFTE: | I53: =Consolidated!H$71 -> 207716.69 | W53: = | X53: =ROUND(T52/X52,6) -> 0
H54: = | I54: =IFERROR(ROUND(C53/I53,6),0) -> 0.000604 | R54: 3B. Divide school's Weighted FTE (WFTE) total computed in Section 1, cell E39 above by the district's total WFTE to obtain school's
A55: 3B. Divide school's Weighted FTE (WFTE) total computed in Section 1, cell E33 above by the district's total WFTE to obtain school's | R55: WFTE share. Charter School WFTE: | T55: =C56 -> 123.5909 | U55: ÷ | W55: District's Total WFTE: | X55: =I56 -> 221131.37
A56: WFTE share. Charter School WFTE: | C56: =G33 -> 123.5909 | D56: ÷ | H56: District's Total WFTE: | I56: =Consolidated!H$74 -> 221131.37 | W56: = | X56: =ROUND(T55/X55,6) -> 0.000559
H57: = | I57: =IFERROR(ROUND(C56/I56,6),0) -> 0.000559 | R57: 3C. Divide school's Unweighted FTE (UFTE) total computed in Section 1, cell C28 above by the district's total non-scholarship UFTE to obtain school's
A58: 3C. Divide school's Unweighted FTE (UFTE) total computed in Section 1, cell C28 above by the district's total non-scholarship UFTE to obtain school's | R58: UFTE share. Charter School UFTE: | T58: =T28 -> 0 | U58: ÷ | V58: District's Total Non-Scholarship UFTE: | X58: =I59 -> 178668.19
A59: UFTE share. Charter School UFTE: | C59: =E28 -> 125.54 | D59: ÷ | F59: District's Total Non-Scholarship UFTE: | I59: =Consolidated!H$77 -> 178668.19 | W59: = | X59: =ROUND(T58/X58,6) -> 0
H60: = | I60: =IFERROR(ROUND(C59/I59,6),0) -> 0.000703 | R60: 3D. Divide school's Unweighted FTE (UFTE) total computed in Section 1, cell C28 above by the district's total non-virtual UFTE to obtain school's
A61: 3D. Divide school's Unweighted FTE (UFTE) total computed in Section 1, cell C28 above by the district's total non-virtual UFTE to obtain school's | R61: UFTE share. Charter School UFTE: | T61: =T28 -> 0 | U61: ÷ | V61: District's Total Non-Virtual UFTE: | X61: =I62 -> 207376.94
A62: UFTE share. Charter School UFTE: | C62: =E28 -> 125.54 | D62: ÷ | F62: District's Total Non-Virtual UFTE: | I62: =Consolidated!H$80 -> 207376.94 | W62: = | X62: =ROUND(T61/X61,6) -> 0
H63: = | I63: =IFERROR(ROUND(C62/I62,6),0) -> 0.000605 | R63: 3E. Divide school's Unweighted FTE (UFTE) total computed in Section 1, cell C28 above by the district's total non-scholarship and non-virtual UFTE to obtain school's
A64: 3E. Divide school's Unweighted FTE (UFTE) total computed in Section 1, cell C28 above by the district's total non-scholarship and non-virtual UFTE to obtain school's | R64: UFTE share. Charter School UFTE: | T64: =T28 -> 0 | U64: ÷ | V64: District's Total Non-Virtual and Non-Scholarship UFTE: | X64: =I65 -> 178328.44
A65: UFTE share. Charter School UFTE: | C65: =E28 -> 125.54 | D65: ÷ District's Total Non-Scholarship Non-Virtual UFTE: | I65: =Consolidated!H$83 -> 178328.44 | W65: = | X65: =ROUND(T64/X64,6) -> 0
H66: = | I66: =IFERROR(ROUND(C65/I65,6),0) -> 0.000704
R67: 4. Educational Enrichment Share (Non-Virtual UFTE share) | V67: =G68 -> 45610484 | W67: x | X67: =X62 -> 0 | Y67: =ROUND(V67*X67,2) -> 0
A68: 4. Educational Enrichment Share (Non-Virtual UFTE share) | F68: (e) | G68: =Consolidated!F$86 -> 45610484 | H68: x | I68: =I63 -> 0.000605 | J68: =ROUND(G68*I68,2) -> 27594.34 | R68: 5. Discretionary Millage Compression Allocation
A69: 5. Discretionary Millage Compression Allocation | R69: .748 Mills | V69: =G70 -> 0 | W69: x | X69: =X53 -> 0 | Y69: =ROUND(V69*X69,2) -> 0
A70: .748 Mills (UFTE share) | F70: (b) | G70: =Consolidated!F$89 -> 0 | H70: x | I70: =I54 -> 0.000604 | J70: =ROUND(G70*I70,2) -> 0 | R70: 6. Safe Schools Allocation (Non-Virtual and Scholarship UFTE share) | V70: =G71 -> 18959906 | W70: x | X70: =X65 -> 0 | Y70: =ROUND(V70*X70,2) -> 0
A71: 6. Safe Schools Allocation (Non-Virtual and Non-Scholarship UFTE share) | F71: (f) | G71: =Consolidated!F$91 -> 18959906 | H71: x | I71: =I66 -> 0.000704 | J71: =ROUND(G71*I71,2) -> 13347.77 | R71: 7. Mental Health Assistance Allocation (Non-Scholarship UFTE share) | V71: =G72 -> 11308391 | W71: x | X71: =X59 -> 0 | Y71: =ROUND(V71*X71,2) -> 0
A72: 7. Mental Health Assistance Allocation (Non-Scholarship UFTE share) | F72: (d) | G72: =Consolidated!F$93 -> 11308391 | H72: x | I72: =I60 -> 0.000703 | J72: =ROUND(G72*I72,2) -> 7949.8 | R72: 8. Academic Acceleration Options Supplement (Value share)
A73: 8. Academic Acceleration Options Supplement (Value share) | F73: (g) | R73: Acceleration Value | T73: Acceleration Value Charter schools should contact their school district sponsor regarding eligible value. Please note that “Acceleration Value” is NOT equivalent to number of students enrolled in these courses or programs. Please refer to footnote (a) below.
A74: Acceleration Value | E74: Acceleration Value Charter schools should contact their school district sponsor regarding eligible value. Please note that “Acceleration Value” is NOT equivalent to number of students enrolled in these courses or programs. Please refer to footnote (g) below. | R74: Advanced Placement
A75: Advanced Placement | R75: International Baccalaureate
A76: International Baccalaureate | R76: Advanced International Certificate
A77: Advanced International Certificate | R77: Industry Certified Career Education
A78: Industry Certified Career Education | R78: Early High School Graduation
A79: Early High School Graduation | R79: Dual Enrollment
A80: Dual Enrollment | X80: School total value | Y80: =SUM(Y74:Y79) -> 0
I81: School total value | J81: =SUM(J75:J80) -> 0 | X81: District total value | Y81: =J82 -> 12903.05
I82: District total value | J82: =Consolidated!J$104 -> 12903.05
R83: School Academic Acceleration Option Supplement | V83: =G84 -> 58502790 | W83: x | X83: =IFERROR(ROUND(Y80/Y81,6),0) -> 0 | Y83: =ROUND(V83*X83,2) -> 0
A84: School Academic Acceleration Option Supplement | G84: =Consolidated!F$106 -> 58502790 | H84: x | I84: =IFERROR(ROUND(J81/J82,6),0) -> 0 | J84: =ROUND(G84*I84,2) -> 0 | R84: 9. ESE Guaranteed Allocation
A85: 9. Discretionary Local Effort (WFTE share) | F85: (c) | G85: =Consolidated!F$108 -> 268816278 | H85: x | I85: =I57 -> 0.000559 | J85: =ROUND(G85*I85,2) -> 150268.3 | R85: 10. Discretionary Local Effort (WFTE share) | V85: =G85 -> 268816278 | W85: x | X85: =X56 -> 0.000559 | Y85: =ROUND(V85*X85,2) -> 150268.3
A86: 10. Proration to Funds Available (WFTE share) | F86: (c) | G86: 0 | H86: x | I86: =I57 -> 0.000559 | J86: =ROUND(G86*I86,2) -> 0 | R86: 11. Proration to Funds Available (WFTE share) | V86: =G86 -> 0 | W86: x | X86: =X56 -> 0.000559 | Y86: =ROUND(V86*X86,2) -> 0
A87: 11. Educational Enrollment Stabilization Program (UFTE share) | F87: (b) | G87: 0 | H87: x | I87: =I54 -> 0.000604 | J87: =ROUND(G87*I87,2) -> 0 | R87: 12. Educational Enrollment Stabilization Program (UFTE share) | V87: =G87 -> 0 | W87: x | X87: =X53 -> 0 | Y87: =ROUND(V87*X87,2) -> 0
A88: 12. Class Size Reduction Funds: | R88: 13. Class Size Reduction Funds:
B89: Weighted FTE (not including Add-On) | D89: X CWF X | G89: Allocation factors | R89: Weighted FTE (not including Add-On) | T89: X CWF X | V89: Allocation factors
A90: PK - 3 | B90: =I12+I13+I18+I21+I24 -> 0 | D90: =I6 -> 1.0355 | G90: =Consolidated!F$118 -> 958.42 | H90: = | I90: =ROUND(B90*D90*G90,2) -> 0 | R90: PK - 3 | S90: =X12+X13+X18+X21+X24 -> 0 | T90: =X6 -> 1.0355 | V90: =G90 -> 958.42 | W90: = | X90: =ROUND(S90*T90*V90,2) -> 0
A91: 4-8 | B91: =I14+I15+I19+I22+I25 -> 7.605 | D91: =I6 -> 1.0355 | G91: =Consolidated!F$119 -> 915.09 | H91: = | I91: =ROUND(B91*D91*G91,2) -> 7206.31 | R91: 4-8 | S91: =X14+X15+X19+X22+X25 -> 0 | T91: =X6 -> 1.0355 | V91: =G91 -> 915.09 | W91: = | X91: =ROUND(S91*T91*V91,2) -> 0
A92: 9-12 | B92: =I16+I17+I20+I23+I26+I27 -> 115.9859 | D92: =I6 -> 1.0355 | G92: =Consolidated!F$120 -> 917.3 | H92: = | I92: =ROUND(B92*D92*G92,2) -> 110170.85 | R92: 9-12 | S92: =X16+X17+X20+X23+X26+X27 -> 0 | T92: =X6 -> 1.0355 | V92: =G92 -> 917.3 | W92: = | X92: =ROUND(S92*T92*V92,2) -> 0
A93: Total * | B93: =SUM(B90:B92) -> 123.5909 | E93: Total Class Size Reduction Funds | J93: =IF(A1=75,0,I92+I91+I90) -> 117377.16 | R93: Total * | S93: =SUM(S90:S92) -> 0 | T93: Total Class Size Reduction Funds | Y93: =IF(R1=75,0,X92+X91+X90) -> 0
A94: (*Total FTE should equal total in Section 1, column (4) and should not include any additional FTE from Section 1.) | R94: (*Total FTE should equal total in Section 1, column (4) and should not include any additional FTE from Section 1.)
A95: 13. Student Transportation | F95: (h) | R95: 14. Student Transportation
C96: Oct 2025 FTE | D96: Feb 2026 FTE | E96: Average FTE | R96: Enter All Adjusted Fundable Riders | T96: =IF(I111=1,E97,0) -> 0 | W96: x | X96: =I97 -> 578 | Y96: =ROUND(X96*T96,2) -> 0
A97: Enter All Adjusted Fundable Riders | C97: 20 | D97: 40 | E97: =IF(D97>0,(C97+D97)/2,C97) -> 30 | H97: x | I97: =Consolidated!G$127 -> 578 | J97: =ROUND(I97*E97,2) -> 17340 | R97: Enter All Adjusted ESE Riders | T97: =IF(I112=1,E98,0) -> 0 | W97: x | X97: =I98 -> 1794 | Y97: =ROUND(X97*T97,2) -> 0
A98: Enter All Adjusted ESE Riders | C98: 0 | E98: =(C98+D98)/2 -> 0 | H98: x | I98: =Consolidated!G$128 -> 1794 | J98: =ROUND(I98*E98,2) -> 0
A100: 14. Federally Connected Student Supplement | F100: (i) | R100: 15. Federally Connected Student Supplement
A101: Impact Aid Student Type | D101: Number of Students | G101: Exempt Property Allocation | I101: Impact Aid Student Allocation | J101: Total | R101: Impact Aid Student Type | T101: Number of Students | V101: Exempt Property Allocation | X101: Impact Aid Student Allocation | Y101: Total
A102: Military and Indian Lands | G102: 0 | I102: 0 | J102: =ROUND((I102+G102)*E102,0) -> 0 | R102: Military and Indian Lands | T102: 0 | V102: 0 | X102: 0 | Y102: =ROUND((X102+V102)*T102,0) -> 0
A103: Civilians on Federal Lands | G103: =ROUND(G102/2,2) -> 0 | I103: 0 | J103: =ROUND((I103+G103)*E103,0) -> 0 | R103: Civilians on Federal Lands | T103: 0 | V103: =ROUND(V102/2,2) -> 0 | X103: 0 | Y103: =ROUND((X103+V103)*T103,0) -> 0
...

Sheet 0100
A1: 50 | B1: (Insert district number in cell A1, enter, then strike F9. Your district data then pulls from Calculation Detail Sheets) | R1: 50 | S1: (Insert district number in cell A1, enter, then strike F9. Your district data then pulls from Calculation Detail Sheets)
A2: Revenue Estimate Worksheet: The Learning Center Highschool 0100 | I2: =RIGHT(A2,4) -> 0100 | R2: =Revenue_Estimate_Worksheet_for___________Charter_School -> Revenue Estimate Worksheet: The Learning Center Highschool 0100
A3: Based on the 2025-26 Third Calculation Worksheet | R3: Based on the 2025-26 FEFP Second Calculation
A4: School District: | D4: Palm Beach | H4: =Consolidated!H4 -> 46204 | R4: School District: | T4: Palm Beach
A5: 1A. 2025-26 FEFP State and Local Funding | R5: 1A. 2025-26 FEFP State and Local Funding
A6: Base Student Allocation | E6: =Consolidated!$C$8 -> 5372.6 | G6: Comparable Wage Factor: | I6: =Consolidated!$H$8 -> 1.0355 | R6: Base Student Allocation | T6: =E6 -> 5372.6 | V6: Comparable Wage Factor: | X6: 1.0355
G7: Small District Factor | I7: =Consolidated!$H$9 -> 1 | O7: =IF(AND(C13>=C15, C13>=C17), "E", "-") -> - | V7: Small District Factor | X7: 1
J8: 2025-26 | O8: =IF(AND(C15>C17, C15>C13), "M", "-") -> - | Y8: 2025-26
C9: =Consolidated!C$11 -> Oct 2025 | D9: =Consolidated!D$11 -> Feb 2026 | G9: Program | I9: Weighted FTE | J9: Base Funding | O9: =IF(AND(C17>C15, C17>C13), "H", "-") -> H | V9: Program | X9: Weighted FTE | Y9: Base Funding
A10: Program | C10: FTE | D10: FTE | E10: Total FTE | G10: Cost Factor | I10: (2) x (3) | J10: (WFTE x BSA x CWF x SDF) | R10: Program | T10: Number of FTE | V10: Cost Factor | X10: (2) x (3) | Y10: (WFTE x BSA x CWF x SDF)
A11: (1) | E11: (2) | G11: (3) | I11: (4) | J11: (5) | R11: (1) | T11: (2) | V11: (3) | X11: (4) | Y11: (5)
A12: 101 Basic K-3 | C12: =SUMIFS('Surv2-3'!D:D,'Surv2-3'!$A:$A,$I$2,'Surv2-3'!$B:$B,$O12) -> 0 | D12: =SUMIFS('Surv2-3'!K:K,'Surv2-3'!$H:$H,$I$2,'Surv2-3'!$I:$I,$O12) -> 0 | E12: =IF($D$28=0,C12*2,C12+D12) -> 0 | G12: =Consolidated!$F14 -> 1.108 | H12: =Consolidated!$H$9 -> 1 | I12: =ROUND(E12*G12,4) -> 0 | J12: =ROUND(ROUND(ROUND(I12*$E$6,4)*($I$6),2)*(MAX($I$7,1)),2) -> 0 | O12: =LEFT(R12,3) -> 101 | R12: 101 Basic K-3 | T12: =IF($I$111=1,E12,0) -> 0 | V12: 1 | X12: =ROUND(T12*V12,4) -> 0 | Y12: =ROUND(ROUND(ROUND(X12*$E$6,4)*($I$6),2)*(MAX($I$7,1)),2) -> 0
A13: 111 Basic K-3 with ESE Services | C13: =SUMIFS('Surv2-3'!D:D,'Surv2-3'!$A:$A,$I$2,'Surv2-3'!$B:$B,$O13) -> 0 | D13: =SUMIFS('Surv2-3'!K:K,'Surv2-3'!$H:$H,$I$2,'Surv2-3'!$I:$I,$O13) -> 0 | E13: =IF($D$28=0,C13*2,C13+D13) -> 0 | G13: =Consolidated!$F15 -> 1.108 | H13: =Consolidated!$H$9 -> 1 | I13: =ROUND(E13*G13,4) -> 0 | J13: =ROUND(ROUND(ROUND(I13*$E$6,4)*($I$6),2)*(MAX($I$7,1)),2) -> 0 | O13: =LEFT(R13,3) -> 111 | R13: 111 Basic K-3 with ESE Services | T13: =IF($I$111=1,E13,0) -> 0 | V13: 1 | X13: =ROUND(T13*V13,4) -> 0 | Y13: =ROUND(ROUND(ROUND(X13*$E$6,4)*($I$6),2)*(MAX($I$7,1)),2) -> 0
A14: 102 Basic 4-8 | C14: =SUMIFS('Surv2-3'!E:E,'Surv2-3'!$A:$A,$I$2,'Surv2-3'!$B:$B,$O14) -> 0 | D14: =SUMIFS('Surv2-3'!L:L,'Surv2-3'!$H:$H,$I$2,'Surv2-3'!$I:$I,$O14) -> 0 | E14: =IF($D$28=0,C14*2,C14+D14) -> 0 | G14: =Consolidated!$F16 -> 1 | H14: =Consolidated!$H$9 -> 1 | I14: =ROUND(E14*G14,4) -> 0 | J14: =ROUND(ROUND(ROUND(I14*$E$6,4)*($I$6),2)*(MAX($I$7,1)),2) -> 0 | O14: =LEFT(R14,3) -> 102 | R14: 102 Basic 4-8 | T14: =IF($I$111=1,E14,0) -> 0 | V14: 1 | X14: =ROUND(T14*V14,4) -> 0 | Y14: =ROUND(ROUND(ROUND(X14*$E$6,4)*($I$6),2)*(MAX($I$7,1)),2) -> 0
A15: 112 Basic 4-8 with ESE Services | C15: =SUMIFS('Surv2-3'!E:E,'Surv2-3'!$A:$A,$I$2,'Surv2-3'!$B:$B,$O15) -> 0 | D15: =SUMIFS('Surv2-3'!L:L,'Surv2-3'!$H:$H,$I$2,'Surv2-3'!$I:$I,$O15) -> 0 | E15: =IF($D$28=0,C15*2,C15+D15) -> 0 | G15: =Consolidated!$F17 -> 1 | H15: =Consolidated!$H$9 -> 1 | I15: =ROUND(E15*G15,4) -> 0 | J15: =ROUND(ROUND(ROUND(I15*$E$6,4)*($I$6),2)*(MAX($I$7,1)),2) -> 0 | O15: =LEFT(R15,3) -> 112 | R15: 112 Basic 4-8 with ESE Services | T15: =IF($I$111=1,E15,0) -> 0 | V15: 1 | X15: =ROUND(T15*V15,4) -> 0 | Y15: =ROUND(ROUND(ROUND(X15*$E$6,4)*($I$6),2)*(MAX($I$7,1)),2) -> 0
A16: 103 Basic 9-12 | C16: =SUMIFS('Surv2-3'!F:F,'Surv2-3'!$A:$A,$I$2,'Surv2-3'!$B:$B,$O16) -> 0 | D16: =SUMIFS('Surv2-3'!M:M,'Surv2-3'!$H:$H,$I$2,'Surv2-3'!$I:$I,$O16) -> 0 | E16: =IF($D$28=0,C16*2,C16+D16) -> 0 | G16: =Consolidated!$F18 -> 0.972 | H16: =Consolidated!$H$9 -> 1 | I16: =ROUND(E16*G16,4) -> 0 | J16: =ROUND(ROUND(ROUND(I16*$E$6,4)*($I$6),2)*(MAX($I$7,1)),2) -> 0 | O16: =LEFT(R16,3) -> 103 | R16: 103 Basic 9-12 | T16: =IF($I$111=1,E16,0) -> 0 | V16: 1 | X16: =ROUND(T16*V16,4) -> 0 | Y16: =ROUND(ROUND(ROUND(X16*$E$6,4)*($I$6),2)*(MAX($I$7,1)),2) -> 0
A17: 113 Basic 9-12 with ESE Services | C17: =SUMIFS('Surv2-3'!F:F,'Surv2-3'!$A:$A,$I$2,'Surv2-3'!$B:$B,$O17) -> 0.5 | D17: =SUMIFS('Surv2-3'!M:M,'Surv2-3'!$H:$H,$I$2,'Surv2-3'!$I:$I,$O17) -> 0 | E17: =IF($D$28=0,C17*2,C17+D17) -> 0.5 | G17: =Consolidated!$F19 -> 0.972 | H17: =Consolidated!$H$9 -> 1 | I17: =ROUND(E17*G17,4) -> 0.486 | J17: =ROUND(ROUND(ROUND(I17*$E$6,4)*($I$6),2)*(MAX($I$7,1)),2) -> 2703.78 | O17: =LEFT(R17,3) -> 113 | R17: 113 Basic 9-12 with ESE Services | T17: =IF($I$111=1,E17,0) -> 0.5 | V17: 1 | X17: =ROUND(T17*V17,4) -> 0.5 | Y17: =ROUND(ROUND(ROUND(X17*$E$6,4)*($I$6),2)*(MAX($I$7,1)),2) -> 2781.66
A18: 254 ESE Level 4 (Grade Level PK-3) | C18: =SUMIFS('Surv2-3'!D:D,'Surv2-3'!$A:$A,$I$2,'Surv2-3'!$B:$B,$O18) -> 0 | D18: =SUMIFS('Surv2-3'!K:K,'Surv2-3'!$H:$H,$I$2,'Surv2-3'!$I:$I,$O18) -> 0 | E18: =IF($D$28=0,C18*2,C18+D18) -> 0 | G18: =Consolidated!$F20 -> 3.609 | H18: =Consolidated!$H$9 -> 1 | I18: =ROUND(E18*G18,4) -> 0 | J18: =ROUND(ROUND(ROUND(I18*$E$6,4)*($I$6),2)*(MAX($I$7,1)),2) -> 0 | O18: =LEFT(R18,3) -> 254 | R18: 254 ESE Level 4 (Grade Level PK-3) | T18: =IF($I$111=1,E18,0) -> 0 | V18: 1 | X18: =ROUND(T18*V18,4) -> 0 | Y18: =ROUND(ROUND(ROUND(X18*$E$6,4)*($I$6),2)*(MAX($I$7,1)),2) -> 0
A19: 254 ESE Level 4 (Grade Level 4-8) | C19: =SUMIFS('Surv2-3'!E:E,'Surv2-3'!$A:$A,$I$2,'Surv2-3'!$B:$B,$O19) -> 0 | D19: =SUMIFS('Surv2-3'!L:L,'Surv2-3'!$H:$H,$I$2,'Surv2-3'!$I:$I,$O19) -> 0 | E19: =IF($D$28=0,C19*2,C19+D19) -> 0 | G19: =Consolidated!$F21 -> 3.609 | H19: =Consolidated!$H$9 -> 1 | I19: =ROUND(E19*G19,4) -> 0 | J19: =ROUND(ROUND(ROUND(I19*$E$6,4)*($I$6),2)*(MAX($I$7,1)),2) -> 0 | O19: =LEFT(R19,3) -> 254 | R19: 254 ESE Level 4 (Grade Level 4-8) | T19: =IF($I$111=1,E19,0) -> 0 | V19: 1 | X19: =ROUND(T19*V19,4) -> 0 | Y19: =ROUND(ROUND(ROUND(X19*$E$6,4)*($I$6),2)*(MAX($I$7,1)),2) -> 0
A20: 254 ESE Level 4 (Grade Level 9-12) | C20: =SUMIFS('Surv2-3'!F:F,'Surv2-3'!$A:$A,$I$2,'Surv2-3'!$B:$B,$O20) -> 10 | D20: =SUMIFS('Surv2-3'!M:M,'Surv2-3'!$H:$H,$I$2,'Surv2-3'!$I:$I,$O20) -> 9 | E20: =IF($D$28=0,C20*2,C20+D20) -> 19 | G20: =Consolidated!$F22 -> 3.609 | H20: =Consolidated!$H$9 -> 1 | I20: =ROUND(E20*G20,4) -> 68.571 | J20: =ROUND(ROUND(ROUND(I20*$E$6,4)*($I$6),2)*(MAX($I$7,1)),2) -> 381482.92 | O20: =LEFT(R20,3) -> 254 | R20: 254 ESE Level 4 (Grade Level 9-12) | T20: =IF($I$111=1,E20,0) -> 19 | V20: 1 | X20: =ROUND(T20*V20,4) -> 19 | Y20: =ROUND(ROUND(ROUND(X20*$E$6,4)*($I$6),2)*(MAX($I$7,1)),2) -> 105703.22
A21: 255 ESE Level 5 (Grade Level PK-3) | C21: =SUMIFS('Surv2-3'!D:D,'Surv2-3'!$A:$A,$I$2,'Surv2-3'!$B:$B,$O21) -> 0 | D21: =SUMIFS('Surv2-3'!K:K,'Surv2-3'!$H:$H,$I$2,'Surv2-3'!$I:$I,$O21) -> 0 | E21: =IF($D$28=0,C21*2,C21+D21) -> 0 | G21: =Consolidated!$F23 -> 6.064 | H21: =Consolidated!$H$9 -> 1 | I21: =ROUND(E21*G21,4) -> 0 | J21: =ROUND(ROUND(ROUND(I21*$E$6,4)*($I$6),2)*(MAX($I$7,1)),2) -> 0 | O21: =LEFT(R21,3) -> 255 | R21: 255 ESE Level 5 (Grade Level PK-3) | T21: =IF($I$111=1,E21,0) -> 0 | V21: 1 | X21: =ROUND(T21*V21,4) -> 0 | Y21: =ROUND(ROUND(ROUND(X21*$E$6,4)*($I$6),2)*(MAX($I$7,1)),2) -> 0
A22: 255 ESE Level 5 (Grade Level 4-8) | C22: =SUMIFS('Surv2-3'!E:E,'Surv2-3'!$A:$A,$I$2,'Surv2-3'!$B:$B,$O22) -> 0 | D22: =SUMIFS('Surv2-3'!L:L,'Surv2-3'!$H:$H,$I$2,'Surv2-3'!$I:$I,$O22) -> 0 | E22: =IF($D$28=0,C22*2,C22+D22) -> 0 | G22: =Consolidated!$F24 -> 6.064 | H22: =Consolidated!$H$9 -> 1 | I22: =ROUND(E22*G22,4) -> 0 | J22: =ROUND(ROUND(ROUND(I22*$E$6,4)*($I$6),2)*(MAX($I$7,1)),2) -> 0 | O22: =LEFT(R22,3) -> 255 | R22: 255 ESE Level 5 (Grade Level 4-8) | T22: =IF($I$111=1,E22,0) -> 0 | V22: 1 | X22: =ROUND(T22*V22,4) -> 0 | Y22: =ROUND(ROUND(ROUND(X22*$E$6,4)*($I$6),2)*(MAX($I$7,1)),2) -> 0
A23: 255 ESE Level 5 (Grade Level 9-12) | C23: =SUMIFS('Surv2-3'!F:F,'Surv2-3'!$A:$A,$I$2,'Surv2-3'!$B:$B,$O23) -> 3 | D23: =SUMIFS('Surv2-3'!M:M,'Surv2-3'!$H:$H,$I$2,'Surv2-3'!$I:$I,$O23) -> 4.5 | E23: =IF($D$28=0,C23*2,C23+D23) -> 7.5 | G23: =Consolidated!$F25 -> 6.064 | H23: =Consolidated!$H$9 -> 1 | I23: =ROUND(E23*G23,4) -> 45.48 | J23: =ROUND(ROUND(ROUND(I23*$E$6,4)*($I$6),2)*(MAX($I$7,1)),2) -> 253020.13 | O23: =LEFT(R23,3) -> 255 | R23: 255 ESE Level 5 (Grade Level 9-12) | T23: =IF($I$111=1,E23,0) -> 7.5 | V23: 1 | X23: =ROUND(T23*V23,4) -> 7.5 | Y23: =ROUND(ROUND(ROUND(X23*$E$6,4)*($I$6),2)*(MAX($I$7,1)),2) -> 41724.95
A24: 130 ESOL (Grade Level PK-3) | C24: =SUMIFS('Surv2-3'!D:D,'Surv2-3'!$A:$A,$I$2,'Surv2-3'!$B:$B,$O24) -> 0 | D24: =SUMIFS('Surv2-3'!K:K,'Surv2-3'!$H:$H,$I$2,'Surv2-3'!$I:$I,$O24) -> 0 | E24: =IF($D$28=0,C24*2,C24+D24) -> 0 | G24: =Consolidated!$F26 -> 1.165 | H24: =Consolidated!$H$9 -> 1 | I24: =ROUND(E24*G24,4) -> 0 | J24: =ROUND(ROUND(ROUND(I24*$E$6,4)*($I$6),2)*(MAX($I$7,1)),2) -> 0 | O24: =LEFT(R24,3) -> 130 | R24: 130 ESOL (Grade Level PK-3) | T24: =IF($I$111=1,E24,0) -> 0 | V24: 1 | X24: =ROUND(T24*V24,4) -> 0 | Y24: =ROUND(ROUND(ROUND(X24*$E$6,4)*($I$6),2)*(MAX($I$7,1)),2) -> 0
A25: 130 ESOL (Grade Level 4-8) | C25: =SUMIFS('Surv2-3'!E:E,'Surv2-3'!$A:$A,$I$2,'Surv2-3'!$B:$B,$O25) -> 0 | D25: =SUMIFS('Surv2-3'!L:L,'Surv2-3'!$H:$H,$I$2,'Surv2-3'!$I:$I,$O25) -> 0 | E25: =IF($D$28=0,C25*2,C25+D25) -> 0 | G25: =Consolidated!$F27 -> 1.165 | H25: =Consolidated!$H$9 -> 1 | I25: =ROUND(E25*G25,4) -> 0 | J25: =ROUND(ROUND(ROUND(I25*$E$6,4)*($I$6),2)*(MAX($I$7,1)),2) -> 0 | O25: =LEFT(R25,3) -> 130 | R25: 130 ESOL (Grade Level 4-8) | T25: =IF($I$111=1,E25,0) -> 0 | V25: 1 | X25: =ROUND(T25*V25,4) -> 0 | Y25: =ROUND(ROUND(ROUND(X25*$E$6,4)*($I$6),2)*(MAX($I$7,1)),2) -> 0
A26: 130 ESOL (Grade Level 9-12) | C26: =SUMIFS('Surv2-3'!F:F,'Surv2-3'!$A:$A,$I$2,'Surv2-3'!$B:$B,$O26) -> 0 | D26: =SUMIFS('Surv2-3'!M:M,'Surv2-3'!$H:$H,$I$2,'Surv2-3'!$I:$I,$O26) -> 0 | E26: =IF($D$28=0,C26*2,C26+D26) -> 0 | G26: =Consolidated!$F28 -> 1.165 | H26: =Consolidated!$H$9 -> 1 | I26: =ROUND(E26*G26,4) -> 0 | J26: =ROUND(ROUND(ROUND(I26*$E$6,4)*($I$6),2)*(MAX($I$7,1)),2) -> 0 | O26: =LEFT(R26,3) -> 130 | R26: 130 ESOL (Grade Level 9-12) | T26: =IF($I$111=1,E26,0) -> 0 | V26: 1 | X26: =ROUND(T26*V26,4) -> 0 | Y26: =ROUND(ROUND(ROUND(X26*$E$6,4)*($I$6),2)*(MAX($I$7,1)),2) -> 0
A27: 300 Career Education (Grades 9-12) | C27: =SUMIFS('Surv2-3'!C:C,'Surv2-3'!$A:$A,$I$2,'Surv2-3'!$B:$B,$O27) -> 0 | D27: =SUMIFS('Surv2-3'!J:J,'Surv2-3'!$H:$H,$I$2,'Surv2-3'!$I:$I,$O27) -> 0 | E27: =IF($D$28=0,C27*2,C27+D27) -> 0 | G27: =Consolidated!$F29 -> 1.081 | H27: =Consolidated!$H$9 -> 1 | I27: =ROUND(E27*G27,4) -> 0 | J27: =ROUND(ROUND(ROUND(I27*$E$6,4)*($I$6),2)*(MAX($I$7,1)),2) -> 0 | O27: =LEFT(R27,3) -> 300 | R27: 300 Career Education (Grades 9-12) | T27: =IF($I$111=1,E27,0) -> 0 | V27: 1 | X27: =ROUND(T27*V27,4) -> 0 | Y27: =ROUND(ROUND(ROUND(X27*$E$6,4)*($I$6),2)*(MAX($I$7,1)),2) -> 0
A28: Totals | C28: =SUM(C12:C27) -> 13.5 | D28: =SUM(D12:D27) -> 13.5 | E28: =SUM(E12:E27) -> 27 | I28: =SUM(I12:I27) -> 114.537 | J28: =SUM(J12:J27) -> 637206.83 | R28: Totals | T28: =SUM(T12:T27) -> 27 | X28: =SUM(X12:X27) -> 27 | Y28: =SUM(Y12:Y27) -> 150209.83
A29: Letters in Parentheses Refer to Notes at Bottom of Worksheet: | R29: Letters in Parentheses Refer to Notes at Bottom of Worksheet:
A30: Additional FTE | E30: Number of FTE Charter schools should contact their school district sponsor regarding eligible FTE. Please note that “Number of FTE” is NOT equivalent to number of students enrolled in these courses or programs. | J30: 2025-26 Base Funding (WFTE x BSA x CWF x SDF) | R30: Additional FTE | T30: Number of FTE Charter schools should contact their school district sponsor regarding eligible FTE. Please note that “Number of FTE” is NOT equivalent to number of students enrolled in these courses or programs. Please refer to footnote (a) below. | Y30: 2025-26 Base Funding (WFTE x BSA x CWF x SDF)
A31: Small District ESE Supplement | J31: =ROUND(ROUND(ROUND(I31*$E$6,4)*($I$6),0)*(MAX($I$7,1)),0) -> 0 | R31: Small District ESE Supplement | Y31: =J31 -> 0
A32: Total Additional FTE | G32: =SUM(I31:I31) -> 0 | H32: Additional Base Funds | J32: =SUM(J31:J31) -> 0 | R32: Total Additional FTE | V32: =SUM(T31:V31) -> 0 | W32: Additional Base Funds | Y32: =SUM(Y31:Y31) -> 0
A33: Total Funded Weighted FTE | G33: =G32+I28 -> 114.537 | H33: Total Base Funding | J33: =SUM(J32,J28) -> 637206.83 | R33: Total Funded Weighted FTE | V33: =V32+X28 -> 27 | W33: Total Base Funding | Y33: =SUM(Y32,Y28) -> 150209.83
A35: 1B. Classroom Teacher and Other Instructional Personnel Salary Increase Maintenance and Growth Portions of the Salary Increase funds are part of the total Conference Base Funding and are not treated as a separate allocation. Amounts are split out here for informative purposes and for the purposes of providing a total that may be used for calculating the adminstrative fee. | R35: 1B. Classroom Teacher and Other Instructional Personnel Salary Increase Maintenance and Growth Portions of the Salary Increase funds are part of the total Conference Base Funding and are not treated as a separate allocation. Amounts are split out here for informative purposes and for the purposes of providing a total that may be used for calculating the adminstrative fee.
A36: Maintenance Portion (6.67% of Conference Base Funding) | F36: (a) | G36: 191517.55 | H36: X | I36: 0.0667 | J36: =ROUND(G36*I36,2) -> 12774.22 | R36: Maintenance Portion (6.67% of Conference Base Funding) | V36: 61196.59 | W36: X | X36: 0.0667 | Y36: =J36 -> 12774.22
A37: Growth Portion (0.54% of Conference Base Funding) | F37: (a) | G37: 191517.55 | H37: X | I37: 0.0054 | J37: =ROUND(G37*I37,2) -> 1034.19 | R37: Growth Portion (0.54% of Conference Base Funding) | V37: 61196.59 | W37: X | X37: 0.0054 | Y37: =J37 -> 1034.19
A38: Total Salary Increase Allocation | J38: =SUM(J36:J37) -> 13808.41 | R38: Total Salary Increase Allocation | Y38: =Y36+Y37 -> 13808.41
A40: 2. ESE Guaranteed Allocation: | C40: Oct 2025 FTE | D40: Feb 2026 FTE | E40: Total FTE | G40: Grade Level | H40: Matrix Level | I40: Guarantee Per Student | R40: 2. ESE Guaranteed Allocation: | T40: FTE | V40: Grade Level | W40: Matrix Level | X40: Guarantee Per Student
A41: Additional Funding from the ESE Guaranteed Allocation. Enter the FTE from 111,112 and 113 by grade and matrix level. Students who do not have a matrix level should be considered 251. This total should equal all FTE from programs 111, 112 and 113 above, less any 113 gifted FTE. | C41: =SUMIFS('Surv2-3'!D:D,'Surv2-3'!$A:$A,$I$2,'Surv2-3'!$B:$B,$H41-140) -> 0 | D41: =SUMIFS('Surv2-3'!K:K,'Surv2-3'!$H:$H,$I$2,'Surv2-3'!$I:$I,$H41-140) -> 0 | E41: =IF($D$50=0,C41*2,C41+D41) -> 0 | G41: PK-3 | H41: 251 | I41: =Consolidated!$H59 -> 1047 | J41: =ROUND(E41*I41,2) -> 0 | R41: Additional Funding from the ESE Guaranteed Allocation. Enter the FTE from 111,112, & 113 by grade and matrix level. Students who do not have a matrix level should be considered 251. This total should equal all FTE from programs 111, 112 & 113 above. | V41: PK-3 | W41: 251 | X41: =Consolidated!$H59 -> 1047 | Y41: =ROUND(T41*X41,2) -> 0
C42: =SUMIFS('Surv2-3'!D:D,'Surv2-3'!$A:$A,$I$2,'Surv2-3'!$B:$B,$H42-140) -> 0 | D42: =SUMIFS('Surv2-3'!K:K,'Surv2-3'!$H:$H,$I$2,'Surv2-3'!$I:$I,$H42-140) -> 0 | E42: =IF($D$50=0,C42*2,C42+D42) -> 0 | G42: PK-3 | H42: 252 | I42: =Consolidated!$H60 -> 3380 | J42: =ROUND(E42*I42,2) -> 0 | V42: PK-3 | W42: 252 | X42: =Consolidated!$H60 -> 3380 | Y42: =ROUND(T42*X42,2) -> 0
C43: =SUMIFS('Surv2-3'!D:D,'Surv2-3'!$A:$A,$I$2,'Surv2-3'!$B:$B,$H43-140) -> 0 | D43: =SUMIFS('Surv2-3'!K:K,'Surv2-3'!$H:$H,$I$2,'Surv2-3'!$I:$I,$H43-140) -> 0 | E43: =IF($D$50=0,C43*2,C43+D43) -> 0 | G43: PK-3 | H43: 253 | I43: =Consolidated!$H61 -> 6896 | J43: =ROUND(E43*I43,2) -> 0 | V43: PK-3 | W43: 253 | X43: =Consolidated!$H61 -> 6896 | Y43: =ROUND(T43*X43,2) -> 0
C44: =SUMIFS('Surv2-3'!E:E,'Surv2-3'!$A:$A,$I$2,'Surv2-3'!$B:$B,$H44-140) -> 0 | D44: =SUMIFS('Surv2-3'!L:L,'Surv2-3'!$H:$H,$I$2,'Surv2-3'!$I:$I,$H44-140) -> 0 | E44: =IF($D$50=0,C44*2,C44+D44) -> 0 | G44: 4-8 | H44: 251 | I44: =Consolidated!$H62 -> 1173 | J44: =ROUND(E44*I44,2) -> 0 | V44: 4-8 | W44: 251 | X44: =Consolidated!$H62 -> 1173 | Y44: =ROUND(T44*X44,2) -> 0
C45: =SUMIFS('Surv2-3'!E:E,'Surv2-3'!$A:$A,$I$2,'Surv2-3'!$B:$B,$H45-140) -> 0 | D45: =SUMIFS('Surv2-3'!L:L,'Surv2-3'!$H:$H,$I$2,'Surv2-3'!$I:$I,$H45-140) -> 0 | E45: =IF($D$50=0,C45*2,C45+D45) -> 0 | G45: 4-8 | H45: 252 | I45: =Consolidated!$H63 -> 3506 | J45: =ROUND(E45*I45,2) -> 0 | V45: 4-8 | W45: 252 | X45: =Consolidated!$H63 -> 3506 | Y45: =ROUND(T45*X45,2) -> 0
C46: =SUMIFS('Surv2-3'!E:E,'Surv2-3'!$A:$A,$I$2,'Surv2-3'!$B:$B,$H46-140) -> 0 | D46: =SUMIFS('Surv2-3'!L:L,'Surv2-3'!$H:$H,$I$2,'Surv2-3'!$I:$I,$H46-140) -> 0 | E46: =IF($D$50=0,C46*2,C46+D46) -> 0 | G46: 4-8 | H46: 253 | I46: =Consolidated!$H64 -> 7023 | J46: =ROUND(E46*I46,2) -> 0 | V46: 4-8 | W46: 253 | X46: =Consolidated!$H64 -> 7023 | Y46: =ROUND(T46*X46,2) -> 0
C47: =SUMIFS('Surv2-3'!F:F,'Surv2-3'!$A:$A,$I$2,'Surv2-3'!$B:$B,$H47-140) -> 0 | D47: =SUMIFS('Surv2-3'!M:M,'Surv2-3'!$H:$H,$I$2,'Surv2-3'!$I:$I,$H47-140) -> 0 | E47: =IF($D$50=0,C47*2,C47+D47) -> 0 | G47: 9-12 | H47: 251 | I47: =Consolidated!$H65 -> 835 | J47: =ROUND(E47*I47,2) -> 0 | V47: 9-12 | W47: 251 | X47: =Consolidated!$H65 -> 835 | Y47: =ROUND(T47*X47,2) -> 0
C48: =SUMIFS('Surv2-3'!F:F,'Surv2-3'!$A:$A,$I$2,'Surv2-3'!$B:$B,$H48-140) -> 0 | D48: =SUMIFS('Surv2-3'!M:M,'Surv2-3'!$H:$H,$I$2,'Surv2-3'!$I:$I,$H48-140) -> 0 | E48: =IF($D$50=0,C48*2,C48+D48) -> 0 | G48: 9-12 | H48: 252 | I48: =Consolidated!$H66 -> 3168 | J48: =ROUND(E48*I48,2) -> 0 | V48: 9-12 | W48: 252 | X48: =Consolidated!$H66 -> 3168 | Y48: =ROUND(T48*X48,2) -> 0
C49: =SUMIFS('Surv2-3'!F:F,'Surv2-3'!$A:$A,$I$2,'Surv2-3'!$B:$B,$H49-140) -> 0.5 | D49: =SUMIFS('Surv2-3'!M:M,'Surv2-3'!$H:$H,$I$2,'Surv2-3'!$I:$I,$H49-140) -> 0 | E49: =IF($D$50=0,C49*2,C49+D49) -> 1 | G49: 9-12 | H49: 253 | I49: =Consolidated!$H67 -> 6685 | J49: =ROUND(E49*I49,2) -> 6685 | V49: 9-12 | W49: 253 | X49: =Consolidated!$H67 -> 6685 | Y49: =ROUND(T49*X49,2) -> 0
A50: Total FTE with ESE Services | C50: =SUM(C41:C49) -> 0.5 | D50: =SUM(D41:D49) -> 0 | E50: =SUM(E41:E49) -> 1 | G50: Total ESE Guarantee | J50: =SUM(J41:J49) -> 6685 | R50: Total FTE with ESE Services | T50: =SUM(T42:T49) -> 0 | V50: Total ESE Guarantee | Y50: =SUM(Y41:Y49) -> 0
R51: 3A. Divide school's Unweighted FTE (UFTE) total computed in Section 1, cell C28 above by the district's total UFTE to obtain school's
A52: 3A. Divide school's Unweighted FTE (UFTE) total computed in Section 1, cell C28 above by the district's total UFTE to obtain school's | R52: UFTE share. Charter School UFTE: | T52: =T28 -> 27 | U52: ÷ | W52: District's Total UFTE: | X52: =I53 -> 207716.69
A53: UFTE share. Charter School UFTE: | C53: =E28 -> 27 | D53: ÷ | H53: District's Total UFTE: | I53: =Consolidated!H$71 -> 207716.69 | W53: = | X53: =ROUND(T52/X52,6) -> 0.00013
H54: = | I54: =IFERROR(ROUND(C53/I53,6),0) -> 0.00013 | R54: 3B. Divide school's Weighted FTE (WFTE) total computed in Section 1, cell E39 above by the district's total WFTE to obtain school's
A55: 3B. Divide school's Weighted FTE (WFTE) total computed in Section 1, cell E33 above by the district's total WFTE to obtain school's | R55: WFTE share. Charter School WFTE: | T55: =X28 -> 27 | U55: ÷ | W55: District's Total WFTE: | X55: =I56 -> 221131.37
A56: WFTE share. Charter School WFTE: | C56: =G33 -> 114.537 | D56: ÷ | H56: District's Total WFTE: | I56: =Consolidated!H$74 -> 221131.37 | W56: = | X56: =ROUND(T55/X55,6) -> 0.000122
H57: = | I57: =IFERROR(ROUND(C56/I56,6),0) -> 0.000518 | R57: 3C. Divide school's Unweighted FTE (UFTE) total computed in Section 1, cell C28 above by the district's total non-scholarship UFTE to obtain school's
A58: 3C. Divide school's Unweighted FTE (UFTE) total computed in Section 1, cell C28 above by the district's total non-scholarship UFTE to obtain school's | R58: UFTE share. Charter School UFTE: | T58: =T28 -> 27 | U58: ÷ | V58: District's Total Non-Scholarship UFTE: | X58: =I59 -> 178668.19
A59: UFTE share. Charter School UFTE: | C59: =E28 -> 27 | D59: ÷ | F59: District's Total Non-Scholarship UFTE: | I59: =Consolidated!H$77 -> 178668.19 | W59: = | X59: =ROUND(T58/X58,6) -> 0.000151
H60: = | I60: =IFERROR(ROUND(C59/I59,6),0) -> 0.000151 | R60: 3D. Divide school's Unweighted FTE (UFTE) total computed in Section 1, cell C28 above by the district's total non-virtual UFTE to obtain school's
A61: 3D. Divide school's Unweighted FTE (UFTE) total computed in Section 1, cell C28 above by the district's total non-virtual UFTE to obtain school's | R61: UFTE share. Charter School UFTE: | T61: =T28 -> 27 | U61: ÷ | V61: District's Total Non-Virtual UFTE: | X61: =I62 -> 207376.94
A62: UFTE share. Charter School UFTE: | C62: =E28 -> 27 | D62: ÷ | F62: District's Total Non-Virtual UFTE: | I62: =Consolidated!H$80 -> 207376.94 | W62: = | X62: =ROUND(T61/X61,6) -> 0.00013
H63: = | I63: =IFERROR(ROUND(C62/I62,6),0) -> 0.00013 | R63: 3E. Divide school's Unweighted FTE (UFTE) total computed in Section 1, cell C28 above by the district's total non-scholarship and non-virtual UFTE to obtain school's
A64: 3E. Divide school's Unweighted FTE (UFTE) total computed in Section 1, cell C28 above by the district's total non-scholarship and non-virtual UFTE to obtain school's | R64: UFTE share. Charter School UFTE: | T64: =T28 -> 27 | U64: ÷ | V64: District's Total Non-Virtual and Non-Scholarship UFTE: | X64: =I65 -> 178328.44
A65: UFTE share. Charter School UFTE: | C65: =E28 -> 27 | D65: ÷ District's Total Non-Scholarship Non-Virtual UFTE: | I65: =Consolidated!H$83 -> 178328.44 | W65: = | X65: =ROUND(T64/X64,6) -> 0.000151
H66: = | I66: =IFERROR(ROUND(C65/I65,6),0) -> 0.000151
R67: 4. Educational Enrichment Share (Non-Virtual UFTE share) | V67: =G68 -> 45610484 | W67: x | X67: =X62 -> 0.00013 | Y67: =ROUND(V67*X67,2) -> 5929.36
A68: 4. Educational Enrichment Share (Non-Virtual UFTE share) | F68: (e) | G68: =Consolidated!F$86 -> 45610484 | H68: x | I68: =I63 -> 0.00013 | J68: =ROUND(G68*I68,2) -> 5929.36 | R68: 5. Discretionary Millage Compression Allocation
A69: 5. Discretionary Millage Compression Allocation | R69: .748 Mills | V69: =G70 -> 0 | W69: x | X69: =X53 -> 0.00013 | Y69: =ROUND(V69*X69,2) -> 0
A70: .748 Mills (UFTE share) | F70: (b) | G70: =Consolidated!F$89 -> 0 | H70: x | I70: =I54 -> 0.00013 | J70: =ROUND(G70*I70,2) -> 0 | R70: 6. Safe Schools Allocation (Non-Virtual and Scholarship UFTE share) | V70: =G71 -> 18959906 | W70: x | X70: =X65 -> 0.000151 | Y70: =ROUND(V70*X70,2) -> 2862.95
A71: 6. Safe Schools Allocation (Non-Virtual and Non-Scholarship UFTE share) | F71: (f) | G71: =Consolidated!F$91 -> 18959906 | H71: x | I71: =I66 -> 0.000151 | J71: =ROUND(G71*I71,2) -> 2862.95 | R71: 7. Mental Health Assistance Allocation (Non-Scholarship UFTE share) | V71: =G72 -> 11308391 | W71: x | X71: =X59 -> 0.000151 | Y71: =ROUND(V71*X71,2) -> 1707.57
A72: 7. Mental Health Assistance Allocation (Non-Scholarship UFTE share) | F72: (d) | G72: =Consolidated!F$93 -> 11308391 | H72: x | I72: =I60 -> 0.000151 | J72: =ROUND(G72*I72,2) -> 1707.57 | R72: 8. Academic Acceleration Options Supplement (Value share)
A73: 8. Academic Acceleration Options Supplement (Value share) | F73: (g) | R73: Acceleration Value | T73: Acceleration Value Charter schools should contact their school district sponsor regarding eligible value. Please note that “Acceleration Value” is NOT equivalent to number of students enrolled in these courses or programs. Please refer to footnote (a) below.
A74: Acceleration Value | E74: Acceleration Value Charter schools should contact their school district sponsor regarding eligible value. Please note that “Acceleration Value” is NOT equivalent to number of students enrolled in these courses or programs. Please refer to footnote (g) below. | R74: Advanced Placement
A75: Advanced Placement | R75: International Baccalaureate
A76: International Baccalaureate | R76: Advanced International Certificate
A77: Advanced International Certificate | R77: Industry Certified Career Education
A78: Industry Certified Career Education | R78: Early High School Graduation
A79: Early High School Graduation | R79: Dual Enrollment
A80: Dual Enrollment | X80: School total value | Y80: =SUM(Y74:Y79) -> 0
I81: School total value | J81: =SUM(J75:J80) -> 0 | X81: District total value | Y81: =J82 -> 12903.05
I82: District total value | J82: =Consolidated!J$104 -> 12903.05
R83: School Academic Acceleration Option Supplement | V83: =G84 -> 58502790 | W83: x | X83: =IFERROR(ROUND(Y80/Y81,6),0) -> 0 | Y83: =ROUND(V83*X83,2) -> 0
A84: School Academic Acceleration Option Supplement | G84: =Consolidated!F$106 -> 58502790 | H84: x | I84: =IFERROR(ROUND(J81/J82,6),0) -> 0 | J84: =ROUND(G84*I84,2) -> 0 | R84: 9. ESE Guaranteed Allocation
A85: 9. Discretionary Local Effort (WFTE share) | F85: (c) | G85: =Consolidated!F$108 -> 268816278 | H85: x | I85: =I57 -> 0.000518 | J85: =ROUND(G85*I85,2) -> 139246.83 | R85: 10. Discretionary Local Effort (WFTE share) | V85: =G85 -> 268816278 | W85: x | X85: =X56 -> 0.000122 | Y85: =ROUND(V85*X85,2) -> 32795.59
A86: 10. Proration to Funds Available (WFTE share) | F86: (c) | G86: 0 | H86: x | I86: =I57 -> 0.000518 | J86: =ROUND(G86*I86,2) -> 0 | R86: 11. Proration to Funds Available (WFTE share) | V86: =G86 -> 0 | W86: x | X86: =X56 -> 0.000122 | Y86: =ROUND(V86*X86,2) -> 0
A87: 11. Educational Enrollment Stabilization Program (UFTE share) | F87: (b) | G87: 0 | H87: x | I87: =I54 -> 0.00013 | J87: =ROUND(G87*I87,2) -> 0 | R87: 12. Educational Enrollment Stabilization Program (UFTE share) | V87: =G87 -> 0 | W87: x | X87: =X53 -> 0.00013 | Y87: =ROUND(V87*X87,2) -> 0
A88: 12. Class Size Reduction Funds: | R88: 13. Class Size Reduction Funds:
B89: Weighted FTE (not including Add-On) | D89: X CWF X | G89: Allocation factors | R89: Weighted FTE (not including Add-On) | T89: X CWF X | V89: Allocation factors
A90: PK - 3 | B90: =I12+I13+I18+I21+I24 -> 0 | D90: =I6 -> 1.0355 | G90: =Consolidated!F$118 -> 958.42 | H90: = | I90: =ROUND(B90*D90*G90,2) -> 0 | R90: PK - 3 | S90: =X12+X13+X18+X21+X24 -> 0 | T90: =X6 -> 1.0355 | V90: =G90 -> 958.42 | W90: = | X90: =ROUND(S90*T90*V90,2) -> 0
A91: 4-8 | B91: =I14+I15+I19+I22+I25 -> 0 | D91: =I6 -> 1.0355 | G91: =Consolidated!F$119 -> 915.09 | H91: = | I91: =ROUND(B91*D91*G91,2) -> 0 | R91: 4-8 | S91: =X14+X15+X19+X22+X25 -> 0 | T91: =X6 -> 1.0355 | V91: =G91 -> 915.09 | W91: = | X91: =ROUND(S91*T91*V91,2) -> 0
A92: 9-12 | B92: =I16+I17+I20+I23+I26+I27 -> 114.537 | D92: =I6 -> 1.0355 | G92: =Consolidated!F$120 -> 917.3 | H92: = | I92: =ROUND(B92*D92*G92,2) -> 108794.59 | R92: 9-12 | S92: =X16+X17+X20+X23+X26+X27 -> 27 | T92: =X6 -> 1.0355 | V92: =G92 -> 917.3 | W92: = | X92: =ROUND(S92*T92*V92,2) -> 25646.33
A93: Total * | B93: =SUM(B90:B92) -> 114.537 | E93: Total Class Size Reduction Funds | J93: =IF(A1=75,0,I92+I91+I90) -> 108794.59 | R93: Total * | S93: =SUM(S90:S92) -> 27 | T93: Total Class Size Reduction Funds | Y93: =IF(R1=75,0,X92+X91+X90) -> 25646.33
A94: (*Total FTE should equal total in Section 1, column (4) and should not include any additional FTE from Section 1.) | R94: (*Total FTE should equal total in Section 1, column (4) and should not include any additional FTE from Section 1.)
A95: 13. Student Transportation | F95: (h) | R95: 14. Student Transportation
C96: Oct 2025 FTE | D96: Feb 2026 FTE | E96: Average FTE | R96: Enter All Adjusted Fundable Riders | T96: =IF(I111=1,E97,0) -> 0 | W96: x | X96: =I97 -> 578 | Y96: =ROUND(X96*T96,2) -> 0
A97: Enter All Adjusted Fundable Riders | C97: 0 | D97: 0 | E97: =IF(D97>0,(C97+D97)/2,C97) -> 0 | H97: x | I97: =Consolidated!G$127 -> 578 | J97: =ROUND(I97*E97,2) -> 0 | R97: Enter All Adjusted ESE Riders | T97: =IF(I112=1,E98,0) -> 0 | W97: x | X97: =I98 -> 1794 | Y97: =ROUND(X97*T97,2) -> 0
A98: Enter All Adjusted ESE Riders | C98: 0 | E98: =(C98+D98)/2 -> 0 | H98: x | I98: =Consolidated!G$128 -> 1794 | J98: =ROUND(I98*E98,2) -> 0
A100: 14. Federally Connected Student Supplement | F100: (i) | R100: 15. Federally Connected Student Supplement
A101: Impact Aid Student Type | D101: Number of Students | G101: Exempt Property Allocation | I101: Impact Aid Student Allocation | J101: Total | R101: Impact Aid Student Type | T101: Number of Students | V101: Exempt Property Allocation | X101: Impact Aid Student Allocation | Y101: Total
A102: Military and Indian Lands | G102: 0 | I102: 0 | J102: =ROUND((I102+G102)*E102,0) -> 0 | R102: Military and Indian Lands | T102: 0 | V102: 0 | X102: 0 | Y102: =ROUND((X102+V102)*T102,0) -> 0
A103: Civilians on Federal Lands | G103: =ROUND(G102/2,2) -> 0 | I103: 0 | J103: =ROUND((I103+G103)*E103,0) -> 0 | R103: Civilians on Federal Lands | T103: 0 | V103: =ROUND(V102/2,2) -> 0 | X103: 0 | Y103: =ROUND((X103+V103)*T103,0) -> 0
...

Sheet 1461
A1: 50 | B1: (Insert district number in cell A1, enter, then strike F9. Your district data then pulls from Calculation Detail Sheets) | R1: 50 | S1: (Insert district number in cell A1, enter, then strike F9. Your district data then pulls from Calculation Detail Sheets)
A2: Revenue Estimate Worksheet: Inlet Grove Community High School - 1461 | I2: =RIGHT(A2,4) -> 1461 | R2: =Revenue_Estimate_Worksheet_for___________Charter_School -> Revenue Estimate Worksheet: Inlet Grove Community High School - 1461
A3: Based on the 2025-26 Third Calculation Worksheet | R3: Based on the 2025-26 FEFP Second Calculation
A4: School District: | D4: Palm Beach | H4: =Consolidated!H4 -> 46204 | R4: School District: | T4: Palm Beach
A5: 1A. 2025-26 FEFP State and Local Funding | R5: 1A. 2025-26 FEFP State and Local Funding
A6: Base Student Allocation | E6: =Consolidated!$C$8 -> 5372.6 | G6: Comparable Wage Factor: | I6: =Consolidated!$H$8 -> 1.0355 | R6: Base Student Allocation | T6: =E6 -> 5372.6 | V6: Comparable Wage Factor: | X6: 1.0355
G7: Small District Factor | I7: =Consolidated!$H$9 -> 1 | O7: =IF(AND(C13>=C15, C13>=C17), "E", "-") -> - | V7: Small District Factor | X7: 1
J8: 2025-26 | O8: =IF(AND(C15>C17, C15>C13), "M", "-") -> - | Y8: 2025-26
C9: =Consolidated!C$11 -> Oct 2025 | D9: =Consolidated!D$11 -> Feb 2026 | G9: Program | I9: Weighted FTE | J9: Base Funding | O9: =IF(AND(C17>C15, C17>C13), "H", "-") -> H | V9: Program | X9: Weighted FTE | Y9: Base Funding
A10: Program | C10: FTE | D10: FTE | E10: Total FTE | G10: Cost Factor | I10: (2) x (3) | J10: (WFTE x BSA x CWF x SDF) | R10: Program | T10: Number of FTE | V10: Cost Factor | X10: (2) x (3) | Y10: (WFTE x BSA x CWF x SDF)
A11: (1) | E11: (2) | G11: (3) | I11: (4) | J11: (5) | R11: (1) | T11: (2) | V11: (3) | X11: (4) | Y11: (5)
A12: 101 Basic K-3 | C12: =SUMIFS('Surv2-3'!D:D,'Surv2-3'!$A:$A,$I$2,'Surv2-3'!$B:$B,$O12) -> 0 | D12: =SUMIFS('Surv2-3'!K:K,'Surv2-3'!$H:$H,$I$2,'Surv2-3'!$I:$I,$O12) -> 0 | E12: =IF($D$28=0,C12*2,C12+D12) -> 0 | G12: =Consolidated!$F14 -> 1.108 | H12: =Consolidated!$H$9 -> 1 | I12: =ROUND(E12*G12,4) -> 0 | J12: =ROUND(ROUND(ROUND(I12*$E$6,4)*($I$6),2)*(MAX($I$7,1)),2) -> 0 | O12: =LEFT(R12,3) -> 101 | R12: 101 Basic K-3 | T12: =IF($I$111=1,E12,0) -> 0 | V12: 1 | X12: =ROUND(T12*V12,4) -> 0 | Y12: =ROUND(ROUND(ROUND(X12*$E$6,4)*($I$6),2)*(MAX($I$7,1)),2) -> 0
A13: 111 Basic K-3 with ESE Services | C13: =SUMIFS('Surv2-3'!D:D,'Surv2-3'!$A:$A,$I$2,'Surv2-3'!$B:$B,$O13) -> 0 | D13: =SUMIFS('Surv2-3'!K:K,'Surv2-3'!$H:$H,$I$2,'Surv2-3'!$I:$I,$O13) -> 0 | E13: =IF($D$28=0,C13*2,C13+D13) -> 0 | G13: =Consolidated!$F15 -> 1.108 | H13: =Consolidated!$H$9 -> 1 | I13: =ROUND(E13*G13,4) -> 0 | J13: =ROUND(ROUND(ROUND(I13*$E$6,4)*($I$6),2)*(MAX($I$7,1)),2) -> 0 | O13: =LEFT(R13,3) -> 111 | R13: 111 Basic K-3 with ESE Services | T13: =IF($I$111=1,E13,0) -> 0 | V13: 1 | X13: =ROUND(T13*V13,4) -> 0 | Y13: =ROUND(ROUND(ROUND(X13*$E$6,4)*($I$6),2)*(MAX($I$7,1)),2) -> 0
A14: 102 Basic 4-8 | C14: =SUMIFS('Surv2-3'!E:E,'Surv2-3'!$A:$A,$I$2,'Surv2-3'!$B:$B,$O14) -> 73.38 | D14: =SUMIFS('Surv2-3'!L:L,'Surv2-3'!$H:$H,$I$2,'Surv2-3'!$I:$I,$O14) -> 70.1 | E14: =IF($D$28=0,C14*2,C14+D14) -> 143.48 | G14: =Consolidated!$F16 -> 1 | H14: =Consolidated!$H$9 -> 1 | I14: =ROUND(E14*G14,4) -> 143.48 | J14: =ROUND(ROUND(ROUND(I14*$E$6,4)*($I$6),2)*(MAX($I$7,1)),2) -> 798226.2 | O14: =LEFT(R14,3) -> 102 | R14: 102 Basic 4-8 | T14: =IF($I$111=1,E14,0) -> 0 | V14: 1 | X14: =ROUND(T14*V14,4) -> 0 | Y14: =ROUND(ROUND(ROUND(X14*$E$6,4)*($I$6),2)*(MAX($I$7,1)),2) -> 0
A15: 112 Basic 4-8 with ESE Services | C15: =SUMIFS('Surv2-3'!E:E,'Surv2-3'!$A:$A,$I$2,'Surv2-3'!$B:$B,$O15) -> 10 | D15: =SUMIFS('Surv2-3'!L:L,'Surv2-3'!$H:$H,$I$2,'Surv2-3'!$I:$I,$O15) -> 10.01 | E15: =IF($D$28=0,C15*2,C15+D15) -> 20.01 | G15: =Consolidated!$F17 -> 1 | H15: =Consolidated!$H$9 -> 1 | I15: =ROUND(E15*G15,4) -> 20.01 | J15: =ROUND(ROUND(ROUND(I15*$E$6,4)*($I$6),2)*(MAX($I$7,1)),2) -> 111322.18 | O15: =LEFT(R15,3) -> 112 | R15: 112 Basic 4-8 with ESE Services | T15: =IF($I$111=1,E15,0) -> 0 | V15: 1 | X15: =ROUND(T15*V15,4) -> 0 | Y15: =ROUND(ROUND(ROUND(X15*$E$6,4)*($I$6),2)*(MAX($I$7,1)),2) -> 0
A16: 103 Basic 9-12 | C16: =SUMIFS('Surv2-3'!F:F,'Surv2-3'!$A:$A,$I$2,'Surv2-3'!$B:$B,$O16) -> 206.34 | D16: =SUMIFS('Surv2-3'!M:M,'Surv2-3'!$H:$H,$I$2,'Surv2-3'!$I:$I,$O16) -> 203.7 | E16: =IF($D$28=0,C16*2,C16+D16) -> 410.04 | G16: =Consolidated!$F18 -> 0.972 | H16: =Consolidated!$H$9 -> 1 | I16: =ROUND(E16*G16,4) -> 398.5589 | J16: =ROUND(ROUND(ROUND(I16*$E$6,4)*($I$6),2)*(MAX($I$7,1)),2) -> 2217313.6 | O16: =LEFT(R16,3) -> 103 | R16: 103 Basic 9-12 | T16: =IF($I$111=1,E16,0) -> 0 | V16: 1 | X16: =ROUND(T16*V16,4) -> 0 | Y16: =ROUND(ROUND(ROUND(X16*$E$6,4)*($I$6),2)*(MAX($I$7,1)),2) -> 0
A17: 113 Basic 9-12 with ESE Services | C17: =SUMIFS('Surv2-3'!F:F,'Surv2-3'!$A:$A,$I$2,'Surv2-3'!$B:$B,$O17) -> 34.84 | D17: =SUMIFS('Surv2-3'!M:M,'Surv2-3'!$H:$H,$I$2,'Surv2-3'!$I:$I,$O17) -> 32.42 | E17: =IF($D$28=0,C17*2,C17+D17) -> 67.26 | G17: =Consolidated!$F19 -> 0.972 | H17: =Consolidated!$H$9 -> 1 | I17: =ROUND(E17*G17,4) -> 65.3767 | J17: =ROUND(ROUND(ROUND(I17*$E$6,4)*($I$6),2)*(MAX($I$7,1)),2) -> 363711.98 | O17: =LEFT(R17,3) -> 113 | R17: 113 Basic 9-12 with ESE Services | T17: =IF($I$111=1,E17,0) -> 0 | V17: 1 | X17: =ROUND(T17*V17,4) -> 0 | Y17: =ROUND(ROUND(ROUND(X17*$E$6,4)*($I$6),2)*(MAX($I$7,1)),2) -> 0
A18: 254 ESE Level 4 (Grade Level PK-3) | C18: =SUMIFS('Surv2-3'!D:D,'Surv2-3'!$A:$A,$I$2,'Surv2-3'!$B:$B,$O18) -> 0 | D18: =SUMIFS('Surv2-3'!K:K,'Surv2-3'!$H:$H,$I$2,'Surv2-3'!$I:$I,$O18) -> 0 | E18: =IF($D$28=0,C18*2,C18+D18) -> 0 | G18: =Consolidated!$F20 -> 3.609 | H18: =Consolidated!$H$9 -> 1 | I18: =ROUND(E18*G18,4) -> 0 | J18: =ROUND(ROUND(ROUND(I18*$E$6,4)*($I$6),2)*(MAX($I$7,1)),2) -> 0 | O18: =LEFT(R18,3) -> 254 | R18: 254 ESE Level 4 (Grade Level PK-3) | T18: =IF($I$111=1,E18,0) -> 0 | V18: 1 | X18: =ROUND(T18*V18,4) -> 0 | Y18: =ROUND(ROUND(ROUND(X18*$E$6,4)*($I$6),2)*(MAX($I$7,1)),2) -> 0
A19: 254 ESE Level 4 (Grade Level 4-8) | C19: =SUMIFS('Surv2-3'!E:E,'Surv2-3'!$A:$A,$I$2,'Surv2-3'!$B:$B,$O19) -> 0 | D19: =SUMIFS('Surv2-3'!L:L,'Surv2-3'!$H:$H,$I$2,'Surv2-3'!$I:$I,$O19) -> 0 | E19: =IF($D$28=0,C19*2,C19+D19) -> 0 | G19: =Consolidated!$F21 -> 3.609 | H19: =Consolidated!$H$9 -> 1 | I19: =ROUND(E19*G19,4) -> 0 | J19: =ROUND(ROUND(ROUND(I19*$E$6,4)*($I$6),2)*(MAX($I$7,1)),2) -> 0 | O19: =LEFT(R19,3) -> 254 | R19: 254 ESE Level 4 (Grade Level 4-8) | T19: =IF($I$111=1,E19,0) -> 0 | V19: 1 | X19: =ROUND(T19*V19,4) -> 0 | Y19: =ROUND(ROUND(ROUND(X19*$E$6,4)*($I$6),2)*(MAX($I$7,1)),2) -> 0
A20: 254 ESE Level 4 (Grade Level 9-12) | C20: =SUMIFS('Surv2-3'!F:F,'Surv2-3'!$A:$A,$I$2,'Surv2-3'!$B:$B,$O20) -> 0 | D20: =SUMIFS('Surv2-3'!M:M,'Surv2-3'!$H:$H,$I$2,'Surv2-3'!$I:$I,$O20) -> 0 | E20: =IF($D$28=0,C20*2,C20+D20) -> 0 | G20: =Consolidated!$F22 -> 3.609 | H20: =Consolidated!$H$9 -> 1 | I20: =ROUND(E20*G20,4) -> 0 | J20: =ROUND(ROUND(ROUND(I20*$E$6,4)*($I$6),2)*(MAX($I$7,1)),2) -> 0 | O20: =LEFT(R20,3) -> 254 | R20: 254 ESE Level 4 (Grade Level 9-12) | T20: =IF($I$111=1,E20,0) -> 0 | V20: 1 | X20: =ROUND(T20*V20,4) -> 0 | Y20: =ROUND(ROUND(ROUND(X20*$E$6,4)*($I$6),2)*(MAX($I$7,1)),2) -> 0
A21: 255 ESE Level 5 (Grade Level PK-3) | C21: =SUMIFS('Surv2-3'!D:D,'Surv2-3'!$A:$A,$I$2,'Surv2-3'!$B:$B,$O21) -> 0 | D21: =SUMIFS('Surv2-3'!K:K,'Surv2-3'!$H:$H,$I$2,'Surv2-3'!$I:$I,$O21) -> 0 | E21: =IF($D$28=0,C21*2,C21+D21) -> 0 | G21: =Consolidated!$F23 -> 6.064 | H21: =Consolidated!$H$9 -> 1 | I21: =ROUND(E21*G21,4) -> 0 | J21: =ROUND(ROUND(ROUND(I21*$E$6,4)*($I$6),2)*(MAX($I$7,1)),2) -> 0 | O21: =LEFT(R21,3) -> 255 | R21: 255 ESE Level 5 (Grade Level PK-3) | T21: =IF($I$111=1,E21,0) -> 0 | V21: 1 | X21: =ROUND(T21*V21,4) -> 0 | Y21: =ROUND(ROUND(ROUND(X21*$E$6,4)*($I$6),2)*(MAX($I$7,1)),2) -> 0
A22: 255 ESE Level 5 (Grade Level 4-8) | C22: =SUMIFS('Surv2-3'!E:E,'Surv2-3'!$A:$A,$I$2,'Surv2-3'!$B:$B,$O22) -> 0 | D22: =SUMIFS('Surv2-3'!L:L,'Surv2-3'!$H:$H,$I$2,'Surv2-3'!$I:$I,$O22) -> 0 | E22: =IF($D$28=0,C22*2,C22+D22) -> 0 | G22: =Consolidated!$F24 -> 6.064 | H22: =Consolidated!$H$9 -> 1 | I22: =ROUND(E22*G22,4) -> 0 | J22: =ROUND(ROUND(ROUND(I22*$E$6,4)*($I$6),2)*(MAX($I$7,1)),2) -> 0 | O22: =LEFT(R22,3) -> 255 | R22: 255 ESE Level 5 (Grade Level 4-8) | T22: =IF($I$111=1,E22,0) -> 0 | V22: 1 | X22: =ROUND(T22*V22,4) -> 0 | Y22: =ROUND(ROUND(ROUND(X22*$E$6,4)*($I$6),2)*(MAX($I$7,1)),2) -> 0
A23: 255 ESE Level 5 (Grade Level 9-12) | C23: =SUMIFS('Surv2-3'!F:F,'Surv2-3'!$A:$A,$I$2,'Surv2-3'!$B:$B,$O23) -> 0 | D23: =SUMIFS('Surv2-3'!M:M,'Surv2-3'!$H:$H,$I$2,'Surv2-3'!$I:$I,$O23) -> 0 | E23: =IF($D$28=0,C23*2,C23+D23) -> 0 | G23: =Consolidated!$F25 -> 6.064 | H23: =Consolidated!$H$9 -> 1 | I23: =ROUND(E23*G23,4) -> 0 | J23: =ROUND(ROUND(ROUND(I23*$E$6,4)*($I$6),2)*(MAX($I$7,1)),2) -> 0 | O23: =LEFT(R23,3) -> 255 | R23: 255 ESE Level 5 (Grade Level 9-12) | T23: =IF($I$111=1,E23,0) -> 0 | V23: 1 | X23: =ROUND(T23*V23,4) -> 0 | Y23: =ROUND(ROUND(ROUND(X23*$E$6,4)*($I$6),2)*(MAX($I$7,1)),2) -> 0
A24: 130 ESOL (Grade Level PK-3) | C24: =SUMIFS('Surv2-3'!D:D,'Surv2-3'!$A:$A,$I$2,'Surv2-3'!$B:$B,$O24) -> 0 | D24: =SUMIFS('Surv2-3'!K:K,'Surv2-3'!$H:$H,$I$2,'Surv2-3'!$I:$I,$O24) -> 0 | E24: =IF($D$28=0,C24*2,C24+D24) -> 0 | G24: =Consolidated!$F26 -> 1.165 | H24: =Consolidated!$H$9 -> 1 | I24: =ROUND(E24*G24,4) -> 0 | J24: =ROUND(ROUND(ROUND(I24*$E$6,4)*($I$6),2)*(MAX($I$7,1)),2) -> 0 | O24: =LEFT(R24,3) -> 130 | R24: 130 ESOL (Grade Level PK-3) | T24: =IF($I$111=1,E24,0) -> 0 | V24: 1 | X24: =ROUND(T24*V24,4) -> 0 | Y24: =ROUND(ROUND(ROUND(X24*$E$6,4)*($I$6),2)*(MAX($I$7,1)),2) -> 0
A25: 130 ESOL (Grade Level 4-8) | C25: =SUMIFS('Surv2-3'!E:E,'Surv2-3'!$A:$A,$I$2,'Surv2-3'!$B:$B,$O25) -> 2.63 | D25: =SUMIFS('Surv2-3'!L:L,'Surv2-3'!$H:$H,$I$2,'Surv2-3'!$I:$I,$O25) -> 1.5 | E25: =IF($D$28=0,C25*2,C25+D25) -> 4.13 | G25: =Consolidated!$F27 -> 1.165 | H25: =Consolidated!$H$9 -> 1 | I25: =ROUND(E25*G25,4) -> 4.8115 | J25: =ROUND(ROUND(ROUND(I25*$E$6,4)*($I$6),2)*(MAX($I$7,1)),2) -> 26767.95 | O25: =LEFT(R25,3) -> 130 | R25: 130 ESOL (Grade Level 4-8) | T25: =IF($I$111=1,E25,0) -> 0 | V25: 1 | X25: =ROUND(T25*V25,4) -> 0 | Y25: =ROUND(ROUND(ROUND(X25*$E$6,4)*($I$6),2)*(MAX($I$7,1)),2) -> 0
A26: 130 ESOL (Grade Level 9-12) | C26: =SUMIFS('Surv2-3'!F:F,'Surv2-3'!$A:$A,$I$2,'Surv2-3'!$B:$B,$O26) -> 7.51 | D26: =SUMIFS('Surv2-3'!M:M,'Surv2-3'!$H:$H,$I$2,'Surv2-3'!$I:$I,$O26) -> 8.17 | E26: =IF($D$28=0,C26*2,C26+D26) -> 15.68 | G26: =Consolidated!$F28 -> 1.165 | H26: =Consolidated!$H$9 -> 1 | I26: =ROUND(E26*G26,4) -> 18.2672 | J26: =ROUND(ROUND(ROUND(I26*$E$6,4)*($I$6),2)*(MAX($I$7,1)),2) -> 101626.41 | O26: =LEFT(R26,3) -> 130 | R26: 130 ESOL (Grade Level 9-12) | T26: =IF($I$111=1,E26,0) -> 0 | V26: 1 | X26: =ROUND(T26*V26,4) -> 0 | Y26: =ROUND(ROUND(ROUND(X26*$E$6,4)*($I$6),2)*(MAX($I$7,1)),2) -> 0
A27: 300 Career Education (Grades 9-12) | C27: =SUMIFS('Surv2-3'!C:C,'Surv2-3'!$A:$A,$I$2,'Surv2-3'!$B:$B,$O27) -> 88.4 | D27: =SUMIFS('Surv2-3'!J:J,'Surv2-3'!$H:$H,$I$2,'Surv2-3'!$I:$I,$O27) -> 79.33 | E27: =IF($D$28=0,C27*2,C27+D27) -> 167.73 | G27: =Consolidated!$F29 -> 1.081 | H27: =Consolidated!$H$9 -> 1 | I27: =ROUND(E27*G27,4) -> 181.3161 | J27: =ROUND(ROUND(ROUND(I27*$E$6,4)*($I$6),2)*(MAX($I$7,1)),2) -> 1008720.8 | O27: =LEFT(R27,3) -> 300 | R27: 300 Career Education (Grades 9-12) | T27: =IF($I$111=1,E27,0) -> 0 | V27: 1 | X27: =ROUND(T27*V27,4) -> 0 | Y27: =ROUND(ROUND(ROUND(X27*$E$6,4)*($I$6),2)*(MAX($I$7,1)),2) -> 0
A28: Totals | C28: =SUM(C12:C27) -> 423.1 | D28: =SUM(D12:D27) -> 405.23 | E28: =SUM(E12:E27) -> 828.33 | I28: =SUM(I12:I27) -> 831.8204 | J28: =SUM(J12:J27) -> 4627689.1 | R28: Totals | T28: =SUM(T12:T27) -> 0 | X28: =SUM(X12:X27) -> 0 | Y28: =SUM(Y12:Y27) -> 0
A29: Letters in Parentheses Refer to Notes at Bottom of Worksheet: | R29: Letters in Parentheses Refer to Notes at Bottom of Worksheet:
